Workbook

Sheet COEF
E4: ENERGIA COMPRADA | J4: ENERGIA FACTURADA | M4: PERDIDAS EST. | R4: COEFICIENTES
E5: TOTAL | F5: PICO | G5: RESTO | H5: VALLE | J5: PICO | K5: RESTO | L5: VALLE | M5: PICO | N5: RESTO | O5: VALLE | R5: PICO | S5: RESTO | T5: VALLE
D6: COMPRA TOTAL DE LA COOPERATIVA | E6: =SUM(F6:H6) -> 0 | F6: ='Compra -HOJA1'!G10 -> 0 | G6: ='Compra -HOJA1'!H10 -> 0 | H6: ='Compra -HOJA1'!I10 -> 0 | R6: =IF(E6=0,0,F6/$E6) -> 0 | S6: =IF(F6=0,0,G6/$E6) -> 0 | T6: =IF(G6=0,0,H6/$E6) -> 0
C8: LECTURAS POR BANDAS | D8: VENTA A OTRA COOPERATIVA | E8: =SUM(F8:H8) -> 0 | F8: ='Compra -HOJA1'!G14 -> 0 | G8: ='Compra -HOJA1'!H14 -> 0 | H8: ='Compra -HOJA1'!I14 -> 0 | R8: =IF(E8=0,0,F8/$E8) -> 0 | S8: =IF(F8=0,0,G8/$E8) -> 0 | T8: =IF(G8=0,0,H8/$E8) -> 0
D11: S9 CON LECTURAS POR BANDAS | E11: =SUM(F11:H11) -> 0 | F11: =+'Compra -HOJA1'!O29 -> 0 | G11: =+'Compra -HOJA1'!P29 -> 0 | H11: =+'Compra -HOJA1'!Q29 -> 0 | R11: =IF(E11=0,0,F11/$E11) -> 0 | S11: =IF(F11=0,0,G11/$E11) -> 0 | T11: =IF(G11=0,0,H11/$E11) -> 0
D13: S8 CON LECTURAS POR BANDAS | E13: =SUM(F13:H13) -> 0 | F13: =+'Compra -HOJA1'!O38 -> 0 | G13: =+'Compra -HOJA1'!P38 -> 0 | H13: =+'Compra -HOJA1'!Q38 -> 0 | R13: =IF(E13=0,0,F13/$E13) -> 0 | S13: =IF(F13=0,0,G13/$E13) -> 0 | T13: =IF(G13=0,0,H13/$E13) -> 0
D15: S5 ESTIMADO ALUMBRADO PUBLICO | E15: =SUM(F15:H15) -> 0 | F15: =+'Compra -HOJA1'!N67 -> 0 | G15: =+'Compra -HOJA1'!O67 -> 0 | H15: =+'Compra -HOJA1'!P67 -> 0 | J15: 0.33 | K15: 0.12 | L15: 0.55 | R15: =IF(E15=0,0,F15/$E15) -> 0 | S15: =IF(F15=0,0,G15/$E15) -> 0 | T15: =IF(G15=0,0,H15/$E15) -> 0
D16: TOTAL LECTURAS POR BANDAS | E16: =SUM(E8:E15) -> 0 | F16: =SUM(F8:F15) -> 0 | G16: =SUM(G8:G15) -> 0 | H16: =SUM(H8:H15) -> 0
D17: SALDO ENERGIA A PRORRATEAR COEF | E17: =+E6-E16 -> 0 | F17: =+F6-F16 -> 0 | G17: =+G6-G16 -> 0 | H17: =+H6-H16 -> 0 | R17: =IF(E17=0,0,F17/$E17) -> 0 | S17: =IF(F17=0,0,G17/$E17) -> 0 | T17: =IF(G17=0,0,H17/$E17) -> 0
F18: =+F17/$E17 -> #DIV/0! | G18: =+G17/$E17 -> #DIV/0! | H18: =+H17/$E17 -> #DIV/0!
J23: 0.24282127 | K23: 0.52270024 | L23: 0.23447849
F24: PICO | G24: RESTO | H24: VALLE
D25: CONTROL HOJA 1
D26: VENTA A COOPERATIVAS | E26: =SUM(F26:H26) -> 0 | F26: =+'Compra -HOJA1'!G14 -> 0 | G26: =+'Compra -HOJA1'!H14 -> 0 | H26: =+'Compra -HOJA1'!I14 -> 0 | J26: PICO | K26: RESTO | L26: VALLE
D27: S9 | E27: =SUM(F27:H27) -> 0 | F27: =+'Compra -HOJA1'!O29 -> 0 | G27: =+'Compra -HOJA1'!P29 -> 0 | H27: =+'Compra -HOJA1'!Q29 -> 0 | J27: =R17 -> 0 | K27: =S17 -> 0 | L27: =T17 -> 0 | M27: PERDIDAS EST.
D28: Gud MT | E28: =SUM(F28:H28) -> 0 | F28: =+'Compra -HOJA1'!O38 -> 0 | G28: =+'Compra -HOJA1'!P38 -> 0 | H28: =+'Compra -HOJA1'!Q38 -> 0 | J28: PICO | K28: RESTO | L28: VALLE | M28: PICO | N28: RESTO | O28: VALLE
J29: =J$27*E29 -> 0 | K29: =E29*K$27 -> 0 | L29: =E29*L$27 -> 0 | M29: =J29*#REF! -> #REF! | N29: =K29*G$26 -> 0 | O29: =L29*H$26 -> 0
J30: =J$27*E30 -> 0 | K30: =E30*K$27 -> 0 | L30: =E30*L$27 -> 0 | M30: =J30*#REF! -> #REF! | N30: =K30*G$26 -> 0 | O30: =L30*H$26 -> 0
D31: A.P. | E31: =SUM(F31:H31) -> 0 | F31: =+'Compra -HOJA1'!N67 -> 0 | G31: =+'Compra -HOJA1'!O67 -> 0 | H31: =+'Compra -HOJA1'!P67 -> 0 | J31: =J$27*E31 -> 0 | K31: =E31*K$27 -> 0 | L31: =E31*L$27 -> 0 | M31: =J31*#REF! -> #REF! | N31: =K31*G$26 -> 0 | O31: =L31*H$26 -> 0
D32: TOTAL | E32: =SUM(E26:E31) -> 0 | F32: =SUM(F26:F31) -> 0 | G32: =SUM(G26:G31) -> 0 | H32: =SUM(H26:H31) -> 0 | J32: =J$27*E32 -> 0 | K32: =E32*K$27 -> 0 | L32: =E32*L$27 -> 0 | M32: =J32*#REF! -> #REF! | N32: =K32*G$26 -> 0 | O32: =L32*H$26 -> 0
J33: =J$27*E33 -> 0 | K33: =E33*K$27 -> 0 | L33: =E33*L$27 -> 0 | M33: =J33*#REF! -> #REF! | N33: =K33*G$26 -> 0 | O33: =L33*H$26 -> 0
J34: =J$27*E34 -> 0 | K34: =E34*K$27 -> 0 | L34: =E34*L$27 -> 0 | M34: =J34*#REF! -> #REF! | N34: =K34*G$26 -> 0 | O34: =L34*H$26 -> 0
J35: =J$27*E35 -> 0 | K35: =E35*K$27 -> 0 | L35: =E35*L$27 -> 0 | M35: =J35*#REF! -> #REF! | N35: =K35*G$26 -> 0 | O35: =L35*H$26 -> 0
J38: =J$27*E38 -> 0 | K38: =E38*K$27 -> 0 | L38: =E38*L$27 -> 0 | M38: =J38*$E$50 -> 0 | N38: =K38*$E$50 -> 0 | O38: =L38*$E$50 -> 0
J39: =J$27*E39 -> 0 | K39: =E39*K$27 -> 0 | L39: =E39*L$27 -> 0 | M39: =J39*$E$50 -> 0 | N39: =K39*$E$50 -> 0 | O39: =L39*$E$50 -> 0
J41: =SUM(J29:J40) -> 0 | K41: =SUM(K29:K40) -> 0 | L41: =SUM(L29:L40) -> 0 | P41: =SUM(J41:O41) -> 0

Sheet HOJA DE ENTRADA DE DATOS
E2: 43556 | F2: NR1 | G2: -148500 | H2: =+'Compra -HOJA1'!I397 -> O.K.
D3: PICO | E3: 1040299 | F3: AP | I3: MT | J3: 0.0148
D4: RESTO | E4: 1829345 | I4: BT | J4: 0.0678
D5: VALLE | E5: 920117 | G5: =SUM(G2:G4) -> -148500
D6: TOTAL | E6: =SUM(E3:E5) -> 3789761 | F6: =+E58 -> 3662489 | G6: =+E6/D6-1 -> #VALUE!
E7: =+F7/E6 -> 0.03358312 | F7: =+E6-F6 -> 127272
E8: =+E2 -> 43556
E9: KWH | F9: USUARIOS | G9: %(KWH)
C12: USUARIOS CON MEDICION DE DEMANDA | D12: PICO | E12: =+E64 -> 0 | F12: =+F64 -> 0 | G12: =+E12/E$58 -> 0
D13: RESTO | E13: =+E65 -> 0 | F13: =+F65 -> 0 | G13: =+E13/E$58 -> 0
B14: TENSION | D14: VALLE | E14: =+E66 -> 0 | F14: =+F66 -> 0 | G14: =+E14/E$58 -> 0
B15: MT | D15: KW | E15: =+E67 -> 0 | F15: =+F67 -> 0 | G15: =+E15/E$58 -> 0
D16: COMERCIALES CON CONSUMOS MAYORES 9000 KWH | E16: =+E68 -> 269408 | F16: =+F68 -> 12 | G16: =+E16/E$58 -> 0.073558719 | H16: =+IF(F16=0,"S.D.",IF((E16/F16)>9000,"O.K.","VERIEICAR")) -> O.K.
D17: INDUSTRIALES CON CONSUMOS MAYORES A 9000 KWH CON SUBISIDIO | E17: =+E69 -> 0 | F17: =+F69 -> 0 | G17: =+E17/E$58 -> 0 | H17: =+IF(F17=0,"S.D.",IF((E17/F17)>9000,"O.K.","VERIEICAR")) -> S.D.
D18: RURALES CON CONSUMOS MAYORES A 9000 KWH | E18: =+E70 -> 0 | F18: =+F70 -> 0 | G18: =+E18/E$58 -> 0 | H18: =+IF(F18=0,"S.D.",IF((E18/F18)>9000,"O.K.","VERIEICAR")) -> S.D.
D19: OTROS USUARIOS CON CONSUMOS MAYORES A 9000 KWH | E19: =+E71 -> 0 | F19: =+F71 -> 0 | G19: =+E19/E$58 -> 0 | H19: =+IF(F19=0,"S.D.",IF((E19/F19)>9000,"O.K.","VERIEICAR")) -> S.D.
D20: RESIDENCIALES CON CONSUMOS MAYORES A 5000 KWH Y MENORES O IGUALES A 15000 KWH | E20: =+E72 -> 0 | F20: =+F72 -> 0 | G20: =+E20/E$58 -> 0 | H20: =+IF(F20=0,"S.D.",IF((E20/F20)>9000,"O.K.","VERIEICAR")) -> S.D.
D21: COMERCIALES CON CONSUMOS MAYORES A 3000 Kwh Y MENORES O IGUALES QUE 9000 KWH | E21: =+E73 -> 316673 | F21: =+F73 -> 70 | G21: =+E21/E$58 -> 0.086463877 | H21: =+IF(F21=0,"S.D.",IF(AND((E21/F21)>2999,(E21/F21)<=9000),"O.K.","VERIEICAR")) -> O.K.
D22: INDUSTRIALES CON CONSUMOS MAYORES A 3000 KWH Y MENORES O IGUALES QUE 9000 KWH | E22: =+E74 -> 0 | F22: =+F74 -> 0 | G22: =+E22/E$58 -> 0 | H22: =+IF(F22=0,"S.D.",IF(AND((E22/F22)>2999,(E22/F22)<=9000),"O.K.","VERIEICAR")) -> S.D.
D23: RURALES CON CONSUMOS MAYORES A 3000 KWH Y MENORES O IGUALES QUE 9000 KWH | E23: =+E75 -> 0 | F23: =+F75 -> 0 | G23: =+E23/E$58 -> 0 | H23: =+IF(F23=0,"S.D.",IF(AND((E23/F23)>2999,(E23/F23)<=9000),"O.K.","VERIEICAR")) -> S.D.
D24: OTROS USUARIOS CON CONSUMOS MAYORES A 3000 KWH Y MENORES O IGUALES QUE 9000 KWH | E24: =+E76 -> 0 | F24: =+F76 -> 0 | G24: =+E24/E$58 -> 0 | H24: =+IF(F24=0,"S.D.",IF(AND((E24/F24)>2999,(E24/F24)<=9000),"O.K.","VERIEICAR")) -> S.D.
D25: RESIDENCIALES CON CONSUMOS MAYORES A 5000 KWH Y MENORES O IGUALES A 15000 KWH | E25: =+E77 -> 0 | F25: =+F77 -> 0 | G25: =+E25/E$58 -> 0 | H25: =+IF(F25=0,"S.D.",IF(AND((E25/F25)>2999,(E25/F25)<=9000),"O.K.","VERIEICAR")) -> S.D.
D26: kWh FACTURADOS ALUMBRADO PUBLICO | E26: =+E78+G3 -> 400240 | F26: =+F78 -> 123 | G26: =+E26/E$58 -> 0.10928087 | H26: =+IF(C26=0,0,E26/F26) -> 0
A27: UR1 <=150 kWh/mes | B27: Consumo demanda Residencial | E27: =+E79 -> 171621 | F27: =+F79 -> 3029 | G27: =+E27/E$58 -> 0.046859117 | H27: =+IF(F27=0,"S.D.",IF((E27/F27)<151,"O.K.","VERIFICAR")) -> O.K.
B28: Plan Estímulo | C28: Consumo c/ Ahorro > 20% | E28: =+E80 -> 0 | F28: =+F80 -> 0 | G28: =+E28/E$58 -> 0 | H28: =+IF(F28=0,"S.D.",IF((E28/F28)<151,"O.K.","VERIFICAR")) -> S.D.
B29: Tarifa Social | C29: HOGARES POBRES O CARENCIADOS- Consumo <= 120 kWh/mes | E29: 35200 | F29: 650 | G29: =+E29/E$58 -> 0.0096109504 | H29: =+IF(F29=0,"S.D.",IF((E29/F29)<120,"O.K.","VERIFICAR")) -> O.K.
C30: HOGARES POBRES O CARENCIADOS > 120 kWh/mes y <= 150 kWh/mes | E30: 12500 | F30: 100 | H30: =+IF(F30=0,"S.D.",IF(AND((E30/F30)>120,(E30/F30)<=150),"O.K.","VERIFICAR")) -> O.K.
C31: HOGARES INDIGENTES: <120 kWh/mes | E31: 94 | F31: 2 | H31: =+IF(F31=0,"S.D.",IF((E31/F31)<120,"O.K.","VERIFICAR")) -> O.K.
C32: HOGARES INDIGENTES:- Consumo > 120 kWh/mes y <= 150 kWh/mes | E32: 280 | F32: 2 | H32: =+IF(F32=0,"S.D.",IF(AND((E32/F32)>120,(E32/F32)<=150),"O.K.","VERIFICAR")) -> O.K.
B33: Tarifa Electrodependientes | C33: TARIFA ELECTRODEPENDIENTE | E33: =+E85 -> 0 | F33: =+F85 -> 0 | G33: =+E33/E$58 -> 0 | H33: =+IF(F33=0,"S.D.",IF((E33/F33)<151,"O.K.","VERIFICAR")) -> S.D. | L33: =+F34+F35 -> 2289
A34: UR2 >150 y <= 500 kWh/mes | B34: Consumo demanda Residencial | E34: =+E86 -> 634333 | F34: =+F86 -> 2289 | G34: =+E34/E$58 -> 0.17319724 | H34: =+IF(F34=0,"S.D.",IF(AND((E34/F34)>150,(E34/F34)<=500),"O.K.","VERIFICAR")) -> O.K.
B35: Plan Estímulo | C35: Consumo c/ Ahorro > 20% | E35: =+E87 -> 0 | F35: =+F87 -> 0 | G35: =+E35/E$58 -> 0 | H35: =+IF(F35=0,"S.D.",IF(AND((E35/F35)>150,(E35/F35)<=500),"O.K.","VERIFICAR")) -> S.D.
B36: Tarifa Social | C36: HOGARES POBRES O CARENCIADOS - Consumo > 150 y < =300 kWh/mes | E36: =+E88 -> 207854 | F36: =+F88 -> 941 | G36: =+E36/E$58 -> 0.056752116 | H36: =+IF(F36=0,"S.D.",IF(AND((E36/F36)>150,(E36/F36)<=300),"O.K.","VERIFICAR")) -> O.K.
C37: HOGARES POBRES O CARENCIADOS - Consumo >300 y < =500 kWh/mes | E37: =+E89 -> 233182 | F37: =+F89 -> 603 | G37: =+E37/E$58 -> 0.063667631 | H37: =+IF(F37=0,"S.D.",IF(AND((E37/F37)>300,(E37/F37)<=500),"O.K.","VERIFICAR")) -> O.K.
C38: HOGARES INDIGENTES: - Consumo >150 y <= 300 kWh/mes | E38: 1500 | F38: 9 | G38: =+E38/E$58 -> 0.00040955754 | H38: =+IF(F38=0,"S.D.",IF(AND((E38/F38)>150,(E38/F38)<=300),"O.K.","VERIFICAR")) -> O.K.
C39: HOGARES INDIGENTES:- Consumo >300 y <= 500 kWh/mes | E39: 1900 | F39: 6 | G39: =+E39/E$58 -> 0.00051877289 | H39: =+IF(F39=0,"S.D.",IF(AND((E39/F39)>300,(E39/F39)<=500),"O.K.","VERIFICAR")) -> O.K.
B40: Tarifa Electrodependientes | C40: TARIFA ELECTRODEPENDIENTE | E40: =+E92 -> 316 | F40: =+F92 -> 1 | G40: =+E40/E$58 -> 8.6280123e-05 | H40: =+IF(F40=0,"S.D.",IF(AND((E40/F40)>150,(E40/F40)<=500),"O.K.","VERIFICAR")) -> O.K.
A41: UR3 >500 y <= 700 kWh/mes | B41: Consumo demanda Residencial | E41: =+E93 -> 167121 | F41: =+F93 -> 284 | G41: =+E41/E$58 -> 0.045630444 | H41: =IF(F41=0,"S.D.",+IF(AND((E41/F41)>500,(E41/F41)<=700),"O.K.","VERIFICAR")) -> O.K.
B42: Plan Estímulo | C42: Consumo c/ Ahorro > 20% | E42: =+E94 -> 0 | F42: =+F94 -> 0 | G42: =+E42/E$58 -> 0 | H42: =IF(F42=0,"S.D.",+IF(AND((E42/F42)>500,(E42/F42)<=700),"O.K.","VERIFICAR")) -> S.D.
B43: Tarifa Social | C43: HOGARES POBRES O CARENCIADOS - Consumo > 500 y <=700 kWh/mes | E43: =+E95 -> 113237 | F43: =+F95 -> 192 | G43: =+E43/E$58 -> 0.030918045 | H43: =IF(F43=0,"S.D.",+IF(AND((E43/F43)>500,(E43/F43)<=700),"O.K.","VERIFICAR")) -> O.K.
C44: HOGARES INDIGENTES - Consumo > 500 y <= 700 kWh/mes | E44: 2100 | F44: 4 | G44: =+E44/E$58 -> 0.00057338056 | H44: =IF(F44=0,"S.D.",+IF(AND((E44/F44)>500,(E44/F44)<=700),"O.K.","VERIFICAR")) -> O.K.
B45: Tarifa Electrodependiente | C45: TARIFA ELECTRODEPENDIENTE | E45: =+E97 -> 534 | F45: =+F97 -> 1 | G45: =+E45/E$58 -> 0.00014580249 | H45: =IF(F45=0,"S.D.",+IF(AND((E45/F45)>500,(E45/F45)<=600),"O.K.","VERIFICAR")) -> O.K.
A46: UR4 >700y <= 1400 kWh/mes | B46: Consumo demanda Residencial | E46: =+E98 -> 96533 | F46: =+F98 -> 108 | G46: =+E46/E$58 -> 0.026357212 | H46: =IF(F46=0,"S.D.",+IF(AND((E46/F46)>700,(E46/F46)<=1400),"O.K.","VERIFICAR")) -> O.K.
B47: Plan Estímulo | C47: Consumo c/ Ahorro >= 20% | E47: =+E99 -> 0 | F47: =+F99 -> 0 | G47: =+E47/E$58 -> 0 | H47: =IF(F47=0,"S.D.",+IF(AND((E47/F47)>700,(E47/F47)<=1400),"O.K.","VERIFICAR")) -> S.D.
B48: Tarifa Social | C48: HOGARES POBRES O CARENCIADOS - Consumo > 700 y <= 1400 kWh/mes | E48: =+E100 -> 44763 | F48: =+F100 -> 50 | G48: =+E48/E$58 -> 0.012222016 | H48: =IF(F48=0,"S.D.",+IF(AND((E48/F48)>700,(E48/F48)<=1400),"O.K.","VERIFICAR")) -> O.K.
C49: HOGARES INDIGENTES- Consumo > 700 y <= 1400 kWh/mes | E49: 850 | F49: 1 | G49: =+E49/E$58 -> 0.00023208261 | H49: =IF(F49=0,"S.D.",+IF(AND((E49/F49)>700,(E49/F49)<=1400),"O.K.","VERIFICAR")) -> O.K.
B50: Tarifa Electrodependiente | C50: TARIFA ELECTRODEPENDIENTE | E50: 780 | F50: 1 | G50: =+E50/E$58 -> 0.00021296992 | H50: =IF(F50=0,"S.D.",+IF(AND((E50/F50)>700,(E50/F50)<=1400),"O.K.","VERIFICAR")) -> O.K.
A51: UR5 >1400 kWh/mes | B51: Consumo demanda Residencial | E51: 25000 | F51: 10 | G51: =+E51/E$58 -> 0.0068259591 | H51: =IF(F51=0,"S.D.",+IF(AND((E51/F51)>1400,(E51/F51)<=2999),"O.K.","VERIFICAR")) -> O.K.
B52: Plan Estímulo | C52: Consumo c/ Ahorro > 20% | E52: =+E104 -> 0 | F52: =+F104 -> 0 | G52: =+E52/E$58 -> 0 | H52: =IF(F52=0,"S.D.",+IF(AND((E52/F52)>1400,(E52/F52)<=2999),"O.K.","VERIFICAR")) -> S.D.
B53: Tarifa Social | C53: HOGARES POBRES O CARENCIADOS- Consumo > 1400 kWh/mes | E53: =+E105 -> 5194 | F53: =+F105 -> 3 | G53: =+E53/E$58 -> 0.0014181613 | H53: =IF(F53=0,"S.D.",+IF(AND((E53/F53)>1400,(E53/F53)<=2999),"O.K.","VERIFICAR")) -> O.K.
C54: HOGARES INDIGENTES- - Consumo > 1400 kWh/mes | E54: 1408 | F54: 1 | G54: =+E54/E$58 -> 0.00038443801 | H54: =IF(F54=0,"S.D.",+IF(AND((E54/F54)>1400,(E54/F54)<=2999),"O.K.","VERIFICAR")) -> O.K.
B55: Tarifa Electrodependiente | C55: TARIFA ELECTRODEPENDIENTE | E55: 1650 | F55: 1 | G55: =+E55/E$58 -> 0.0004505133 | H55: =IF(F55=0,"S.D.",+IF(AND((E55/F55)>1400,(E55/F55)<=2999),"O.K.","VERIFICAR")) -> O.K.
A56: NR1 | B56: (NR1) -No Residencial de 0 a 3999 KWh/bim-(0-1999 kWh/mes) | E56: =+E108+G2 -> 750627 | F56: =+F108 -> 1861 | G56: =+E56/E$58 -> 0.20494997 | H56: =IF(F56=0,"S.D.",+IF((E56/F56)<2000,"O.K.","VERIFICAR")) -> O.K.
A57: NR2 | B57: (NR2) -No Residencial de 4000 KWh/bim en adelante (2000 kWh/mes en adelante) | E57: =+E109 -> 167591 | F57: =+F109 -> 69 | G57: =+E57/E$58 -> 0.045758772 | H57: =IF(F57=0,"S.D.",+IF(AND((E57/F57)>1999,(E57/F57)<=2999),"O.K.","VERIFICAR")) -> O.K.
E58: =SUM(E12:E57)-E15 -> 3662489 | F58: =SUM(F12:F57) -> 10423
A62: CARGAR DATOS DE FACTURACION MENSUAL
C64: USUARIOS CON MEDICION DE DEMANDA | D64: PICO | E64: 0 | F64: 0
D65: RESTO | E65: 0 | F65: 0
B66: TENSION | D66: VALLE | E66: 0 | F66: 0
B67: MT | D67: KW | E67: 0 | F67: 0
D68: COMERCIALES CON CONSUMOS MAYORES 9000 KWH | E68: 269408 | F68: 12
D69: INDUSTRIALES CON CONSUMOS MAYORES A 9000 KWH CON SUBISIDIO | E69: 0 | F69: 0
D70: RURALES CON CONSUMOS MAYORES A 9000 KWH | E70: 0 | F70: 0
D71: OTROS USUARIOS CON CONSUMOS MAYORES A 9000 KWH | E71: 0 | F71: 0
D72: RESIDENCIALES CON CONSUMOS MAYORES A 5000 KWH Y MENORES O IGUALES A 15000 KWH | E72: 0 | F72: 0
D73: COMERCIALES CON CONSUMOS MAYORES A 3000 Kwh Y MENORES O IGUALES QUE 9000 KWH | E73: 316673 | F73: 70
D74: INDUSTRIALES CON CONSUMOS MAYORES A 3000 KWH Y MENORES O IGUALES QUE 9000 KWH | E74: 0 | F74: 0
D75: RURALES CON CONSUMOS MAYORES A 3000 KWH Y MENORES O IGUALES QUE 9000 KWH | E75: 0 | F75: 0
D76: OTROS USUARIOS CON CONSUMOS MAYORES A 3000 KWH Y MENORES O IGUALES QUE 9000 KWH | E76: 0 | F76: 0
D77: RESIDENCIALES CON CONSUMOS MAYORES A 5000 KWH Y MENORES O IGUALES A 15000 KWH | E77: 0 | F77: 0
D78: kWh FACTURADOS ALUMBRADO PUBLICO | E78: 400240 | F78: 123
A79: UR1 <=150 kWh/mes | B79: Consumo demanda Residencial | E79: 171621 | F79: 3029
B80: Plan Estímulo | C80: Consumo c/ Ahorro > 20% | E80: 0 | F80: 0
B81: Tarifa Social | C81: HOGARES POBRES O CARENCIADOS- Consumo <= 120 kWh/mes | E81: 91027 | F81: 964
C82: HOGARES POBRES O CARENCIADOS > 120 kWh/mes y <= 150 kWh/mes
C83: HOGARES INDIGENTES: <120 kWh/mes
C84: HOGARES INDIGENTES:- Consumo > 120 kWh/mes y <= 150 kWh/mes
B85: Tarifa Electrodependientes | C85: TARIFA ELECTRODEPENDIENTE | E85: 0 | F85: 0
A86: UR2 >150 y <= 500 kWh/mes | B86: Consumo demanda Residencial | E86: 634333 | F86: 2289
B87: Plan Estímulo | C87: Consumo c/ Ahorro > 20% | E87: 0 | F87: 0
B88: Tarifa Social | C88: HOGARES POBRES O CARENCIADOS - Consumo > 150 y < =300 kWh/mes | E88: 207854 | F88: 941
C89: HOGARES POBRES O CARENCIADOS - Consumo >300 y < =500 kWh/mes | E89: 233182 | F89: 603
C90: HOGARES INDIGENTES: - Consumo >150 y <= 300 kWh/mes | E90: 0 | F90: 0
C91: HOGARES INDIGENTES:- Consumo >300 y <= 500 kWh/mes | E91: 0 | F91: 0
B92: Tarifa Electrodependientes | C92: TARIFA ELECTRODEPENDIENTE | E92: 316 | F92: 1
A93: UR3 >500 y <= 700 kWh/mes | B93: Consumo demanda Residencial | E93: 167121 | F93: 284
B94: Plan Estímulo | C94: Consumo c/ Ahorro > 20% | E94: 0 | F94: 0
B95: Tarifa Social | C95: HOGARES POBRES O CARENCIADOS - Consumo > 500 y <=700 kWh/mes | E95: 113237 | F95: 192
C96: HOGARES INDIGENTES - Consumo > 500 y <= 700 kWh/mes | E96: 0 | F96: 0
B97: Tarifa Electrodependiente | C97: TARIFA ELECTRODEPENDIENTE | E97: 534 | F97: 1
A98: UR4 >700y <= 1400 kWh/mes | B98: Consumo demanda Residencial | E98: 96533 | F98: 108
B99: Plan Estímulo | C99: Consumo c/ Ahorro >= 20% | E99: 0 | F99: 0
B100: Tarifa Social | C100: HOGARES POBRES O CARENCIADOS - Consumo > 700 y <= 1400 kWh/mes | E100: 44763 | F100: 50
C101: HOGARES INDIGENTES- Consumo > 700 y <= 1400 kWh/mes | E101: 0 | F101: 0
B102: Tarifa Electrodependiente | C102: TARIFA ELECTRODEPENDIENTE | E102: 0 | F102: 0
A103: UR5 >1400 kWh/mes | B103: Consumo demanda Residencial | E103: 23698 | F103: 13
B104: Plan Estímulo | C104: Consumo c/ Ahorro > 20% | E104: 0 | F104: 0
B105: Tarifa Social | C105: HOGARES POBRES O CARENCIADOS- Consumo > 1400 kWh/mes | E105: 5194 | F105: 3
C106: HOGARES INDIGENTES- - Consumo > 1400 kWh/mes | E106: 0 | F106: 0
B107: Tarifa Electrodependiente | C107: TARIFA ELECTRODEPENDIENTE | E107: 0 | F107: 0
...

Sheet Compra -HOJA1
A1: PLANILLA DE TRABAJO INTERNA DTO. NAC. 332-2022 SEGMENTACION DE TARIFAS RESIDENCIALES-RES SE 90-2024 Y DTO PCIAL 43-2019 TARIFA SOCIAL -USO EXCLUSIVO ASOCIADAS FACE-FECESCOR HOJA Nº1- | AA1: SALDO ENERGIA COMPRADA (kWh)
B2: COOPERATIVA: | AG2: MT | AH2: 0.0148 | AI2: 0.0428 | BI2: A
B3: DIRECCION: | AG3: BT | AH3: 0.0678 | AI3: 0.0973 | BI3: B | BL3: MT | BM3: MT | BN3: 0.0148 | BO3: 0.0428
B4: DECLARACION JURADA CORRESPONDIENTE AL MES DE: | F4: 45536 | Y4: 37987 | Z4: 31 | BI4: C | BL4: AT | BM4: BT | BN4: 0.0678 | BO4: 0.0973
Y5: 38018 | Z5: 29 | BI5: D
F6: TENSION DE COMPRA | I6: MT | S6: COEFICIENTES COMPRA ENERGIA | Y6: 38047 | Z6: 31
S7: PICO | T7: RESTO | U7: VALLE | Y7: 38078 | Z7: 30
C8: LECTURA DEL MEDIDOR EN EL PUNTO DE COMPRA | F8: ENERGIA COMPRADA (kWh) | L8: PICO | M8: RESTO | N8: VALLE | Y8: 38108 | Z8: 31
F9: TOTAL | G9: PICO | H9: RESTO | I9: VALLE | L9: CONTROL FINAL | S9: FCP | T9: FCR | U9: FCV | Y9: 38139 | Z9: 30
B10: A | C10: ENERGIA COMPRADA POR LA COOPERATIVA | F10: =SUM(G10:I10) -> 0 | L10: =+I397 -> O.K. | M10: =+J397 -> O.K. | N10: =+K397 -> O.K. | O10: =+F397 -> 0 | S10: =(G10/SUM(G10:I10)) -> #DIV/0! | T10: =H10/(SUM(G10:I10)) -> #DIV/0! | U10: =I10/(SUM(G10:I10)) -> #DIV/0! | Y10: 38169 | Z10: 31
L11: COEFICIENTES | Y11: 38200 | Z11: 31
C12: VENTA DE ENERGIA A OTRO DISTRIBUIDOR | G12: ENERGIA VENDIDA (kWh) | L12: =+COEF!J27 -> 0 | M12: =+COEF!K27 -> 0 | N12: =+COEF!L27 -> 0 | Y12: 38231 | Z12: 30 | AA12: PICO | AB12: RESTO | AC12: VALLE
G13: PICO | H13: RESTO | I13: VALLE | Y13: 38261 | Z13: 31 | AA13: =(G10-G14-G24-#REF!-#REF!-#REF!-G27-#REF!-#REF!-#REF!-#REF!) -> #REF! | AB13: =(H10-H14-H24-#REF!-#REF!-#REF!-H27-#REF!-#REF!-#REF!-#REF!) -> #REF! | AC13: =(I10-I14-I24-#REF!-#REF!-#REF!-I27-#REF!-#REF!-#REF!-#REF!) -> #REF!
B14: B | C14: ENERGIA VENDIDA POR LA COOPERATIVA A OTRO DISTRIBUIDOR | F14: =SUM(G14:I14) -> 0 | Y14: 38292 | Z14: 30 | AA14: COEFICIENTES DE SALDO ENERGIA
Y15: 38322 | Z15: 31 | AA15: PICO | AB15: RESTO | AC15: VALLE
L17: PERDIDAS RECONOCIDAS
L18: MT | M18: =+IF(I$6="MT",AH2,AI2) -> 0.0148
L19: BT | M19: =+IF(I$6="MT",AH3,AI3) -> 0.0678
A20: USUARIOS >= 300 kW DE DEMANDA
C22: USUARIOS DE MAS DE 300 kW DE DEMANDA | G22: ENERGIA VENDIDA (kWh) | J22: SUMATORIA POT MAX REG. INDIVIDUAL KW | K22: CANTIDAD TOTAL DE USUARIOS | L22: PERDIDAS RECONOCIDAS | O22: ENERGIA TOTAL COMPRADA
G23: PICO | H23: RESTO | I23: VALLE | L23: PICO | M23: RESTO | N23: VALLE | O23: PICO | P23: RESTO | Q23: VALLE | R23: TOTAL
A24: Guc | B24: C | C24: LECTURA A USUARIOS EN MT | F24: =SUM(G24:I24) -> 0 | G24: =+'DDJJ EPEC S-II -GUDI'!H36 -> 0 | H24: =+'DDJJ EPEC S-II -GUDI'!I36 -> 0 | I24: =+'DDJJ EPEC S-II -GUDI'!J36 -> 0 | J24: =+'DDJJ EPEC S-II -GUDI'!K36 -> 0 | K24: =+'DDJJ EPEC S-II -GUDI'!L36 -> 0 | L24: =+'DDJJ EPEC S-II -GUDI'!M36 -> 0 | M24: =+'DDJJ EPEC S-II -GUDI'!N36 -> 0 | N24: =+'DDJJ EPEC S-II -GUDI'!O36 -> 0 | ... R24: =+'DDJJ EPEC S-II -GUDI'!S36 -> 0
E25: TOTAL FACTURADO MT | F25: =+F24 -> 0 | G25: =+G24 -> 0 | H25: =+H24 -> 0 | I25: =+I24 -> 0 | J25: =+J24 -> 0 | K25: =+K24 -> 0 | L25: =+L24 -> 0 | M25: =+M24 -> 0 | ... R25: =+R24 -> 0
B27: E | C27: LECTURA A USUARIOS EN BT | F27: =SUM(G27:I27) -> 0 | G27: =+'DDJJ EPEC S-II -GUDI'!H38 -> 0 | H27: =+'DDJJ EPEC S-II -GUDI'!I38 -> 0 | I27: =+'DDJJ EPEC S-II -GUDI'!J38 -> 0 | J27: =+'DDJJ EPEC S-II -GUDI'!K38 -> 0 | K27: =+'DDJJ EPEC S-II -GUDI'!L38 -> 0 | L27: =+'DDJJ EPEC S-II -GUDI'!M38 -> 0 | M27: =+'DDJJ EPEC S-II -GUDI'!N38 -> 0 | N27: =+'DDJJ EPEC S-II -GUDI'!O38 -> 0 | ... R27: =+'DDJJ EPEC S-II -GUDI'!S38 -> 0
E28: TOTAL FACTURADO EN BT | F28: =+F27 -> 0 | G28: =+G27 -> 0 | H28: =+H27 -> 0 | I28: =+I27 -> 0 | J28: =+J27 -> 0 | K28: =+K27 -> 0 | L28: =+L27 -> 0 | M28: =+M27 -> 0 | ... R28: =+R27 -> 0
C29: TOTAL FACTURADO Guc | F29: =+F28+F25 -> 0 | G29: =+G25+G28 -> 0 | H29: =+H25+H28 -> 0 | I29: =+I25+I28 -> 0 | J29: =+J25+J28 -> 0 | K29: =+K25+K28 -> 0 | L29: =+L25+L28 -> 0 | M29: =+M25+M28 -> 0 | N29: =+N25+N28 -> 0 | O29: =+O28+O25 -> 0 | P29: =+P28+P25 -> 0 | Q29: =+Q28+Q25 -> 0 | R29: =+R28+R25 -> 0
A32: USUARIOS CON DEMANDA MAYOR DE 10 Kw Y MENOR QUE 300 kW
C34: USUARIOS CON DEMANDA MAYOR DE 10 kW Y MENOR QUE 300 kW | G34: ENERGIA VENDIDA (kWh) | J34: SUMATORIA POT MAX REG. INDIVIDUAL KW | K34: CANTIDAD TOTAL DE USUARIOS | L34: PERDIDAS RECONOCIDAS | O34: ENERGIA TOTAL COMPRADA
G35: PICO | H35: RESTO | I35: VALLE | L35: PICO | M35: RESTO | N35: VALLE | O35: PICO | P35: RESTO | Q35: VALLE | R35: TOTAL
A36: Gud (>= 30 y <300 Kw) | B36: H | C36: USUARIOS CON MEDICION DE DEMANDA | D36: LECTURA A USUARIOS EN MT | F36: =SUM(G36:I36) -> 0 | L36: =ROUND(G36*$M$18,0) -> 0 | M36: =ROUND(H36*$M$18,0) -> 0 | N36: =ROUND(I36*$M$18,0) -> 0 | O36: =L36+G36 -> 0 | P36: =M36+H36 -> 0 | Q36: =N36+I36 -> 0 | R36: =SUM(O36:Q36) -> 0
B37: J | D37: LECTURA A USUARIOS EN BT | F37: =SUM(G37:I37) -> 0 | L37: =ROUND(G37*$M$19,0) -> 0 | M37: =ROUND(H37*$M$19,0) -> 0 | N37: =ROUND(I37*$M$19,0) -> 0 | O37: =L37+G37 -> 0 | P37: =M37+H37 -> 0 | Q37: =N37+I37 -> 0 | R37: =SUM(O37:Q37) -> 0
D38: TOTAL ENERGIA CON MEDICION CON BANDAS HORARIAS Gud | F38: =+SUM(F36:F37) -> 0 | G38: =+SUM(G36:G37) -> 0 | H38: =+SUM(H36:H37) -> 0 | I38: =+SUM(I36:I37) -> 0 | J38: =+SUM(J36:J37) -> 0 | K38: =+SUM(K36:K37) -> 0 | L38: =+SUM(L36:L37) -> 0 | M38: =+SUM(M36:M37) -> 0 | N38: =+SUM(N36:N37) -> 0 | O38: =SUM(O36:O37) -> 0 | P38: =SUM(P36:P37) -> 0 | Q38: =SUM(Q36:Q37) -> 0 | R38: =SUM(R36:R37) -> 0
B40: L | C40: USUARIOS SIN MEDICION DE DEMANDA CONSUMOS RESIDENCIALES MAYOR O IGUAL A 15000 Y COMERCIALES-RURALES-OTROS USUARIOS MAYOR O IGUAL A 9000 Kwh------ SIN MEDIDICON DE DEMANDA EN BAJA TENSION | D40: COMERCIALES CON CONSUMOS IGUALES O MAYORES 9000 KWH | G40: =IF(F40=0,0,ROUND($F40*COEF!$J$27,0)) -> 0 | H40: =IF(F40=0,0,ROUND($F40*COEF!$K$27,0)) -> 0 | I40: =IF(F40=0,0,ROUND($F40*COEF!$L$27,0)) -> 0 | J40: =IF(F40=0,0,IF((F40/K40)<9000,"ERROR",(F40/3000)*10)) -> 0 | L40: =ROUND(G40*$M$19,0) -> 0 | M40: =ROUND(H40*$M$19,0) -> 0 | N40: =ROUND(I40*$M$19,0) -> 0 | O40: =L40+G40 -> 0 | P40: =M40+H40 -> 0 | Q40: =N40+I40 -> 0 | R40: =SUM(O40:Q40) -> 0
B41: M | D41: INDUSTRIALES CON CONSUMOS IGUALES O MAYORES A 9000 KWH | G41: =IF(F41=0,0,ROUND($F41*COEF!$J$27,0)) -> 0 | H41: =IF(F41=0,0,ROUND($F41*COEF!$K$27,0)) -> 0 | I41: =IF(F41=0,0,ROUND($F41*COEF!$L$27,0)) -> 0 | J41: =IF(F41=0,0,IF((F41/K41)<9000,"ERROR",(F41/3000)*10)) -> 0 | L41: =ROUND(G41*$M$19,0) -> 0 | M41: =ROUND(H41*$M$19,0) -> 0 | N41: =ROUND(I41*$M$19,0) -> 0 | O41: =L41+G41 -> 0 | P41: =M41+H41 -> 0 | Q41: =N41+I41 -> 0 | R41: =SUM(O41:Q41) -> 0
B42: N | D42: RURALES CON CONSUMOS IGUALES O MAYORES A 9000 KWH | G42: =IF(F42=0,0,ROUND($F42*COEF!$J$27,0)) -> 0 | H42: =IF(F42=0,0,ROUND($F42*COEF!$K$27,0)) -> 0 | I42: =IF(F42=0,0,ROUND($F42*COEF!$L$27,0)) -> 0 | J42: =IF(F42=0,0,IF((F42/K42)<9000,"ERROR",(F42/3000)*10)) -> 0 | L42: =ROUND(G42*$M$19,0) -> 0 | M42: =ROUND(H42*$M$19,0) -> 0 | N42: =ROUND(I42*$M$19,0) -> 0 | O42: =L42+G42 -> 0 | P42: =M42+H42 -> 0 | Q42: =N42+I42 -> 0 | R42: =SUM(O42:Q42) -> 0
B43: N' | D43: OTROS USUARIOS CON CONSUMOS IGUALES O MAYORES A 9000 KWH | G43: =IF(F43=0,0,ROUND($F43*COEF!$J$27,0)) -> 0 | H43: =IF(F43=0,0,ROUND($F43*COEF!$K$27,0)) -> 0 | I43: =IF(F43=0,0,ROUND($F43*COEF!$L$27,0)) -> 0 | J43: =IF(F43=0,0,IF((F43/K43)<9000,"ERROR",(F43/3000)*10)) -> 0 | L43: =ROUND(G43*$M$19,0) -> 0 | M43: =ROUND(H43*$M$19,0) -> 0 | N43: =ROUND(I43*$M$19,0) -> 0 | O43: =L43+G43 -> 0 | P43: =M43+H43 -> 0 | Q43: =N43+I43 -> 0 | R43: =SUM(O43:Q43) -> 0
B44: O | D44: RESIDENCIALES CON CONSUMOS MAYORES A 5000 KWH Y MENORES O IGUALES A 15000 KWH | G44: =IF(F44=0,0,ROUND($F44*COEF!$J$27,0)) -> 0 | H44: =IF(F44=0,0,ROUND($F44*COEF!$K$27,0)) -> 0 | I44: =IF(F44=0,0,ROUND($F44*COEF!$L$27,0)) -> 0 | J44: =IF(F44=0,0,IF((F44/K44)<9000,"ERROR",(F44/3000)*10)) -> 0 | L44: =ROUND(G44*$M$19,0) -> 0 | M44: =ROUND(H44*$M$19,0) -> 0 | N44: =ROUND(I44*$M$19,0) -> 0 | O44: =L44+G44 -> 0 | P44: =M44+H44 -> 0 | Q44: =N44+I44 -> 0 | R44: =SUM(O44:Q44) -> 0
B45: P | D45: TOTAL ENERGIA CON MEDICION SIN BANDAS HORARIAS Gud | F45: =SUM(F40:F44) -> 0 | G45: =SUM(G40:G44) -> 0 | H45: =SUM(H40:H44) -> 0 | I45: =SUM(I40:I44) -> 0 | J45: =SUM(J40:J44) -> 0 | K45: =SUM(K40:K44) -> 0 | L45: =SUM(L40:L44) -> 0 | M45: =SUM(M40:M44) -> 0 | ... R45: =SUM(R40:R44) -> 0
D46: TOTAL ENERGIA Gud | F46: =+F45+F38 -> 0 | G46: =+G45+G38 -> 0 | H46: =+H45+H38 -> 0 | I46: =+I45+I38 -> 0 | J46: =+J45+J38 -> 0 | K46: =+K45+K38 -> 0 | L46: =+L45+L38 -> 0 | M46: =+M45+M38 -> 0 | ... R46: =+R45+R38 -> 0 | T46: =+SUM(L46:N46) -> 0
A48: U30 (=> 10 y < 30 Kw) | B48: L1 | C48: USUARIOS SIN MEDICION DE DEMANDA CONSUMOS RESIDENCIALES MAYOR A 5000 Y MENOR A 15000 Y COMERCIALES-RURALES-OTROS USUARIOS IGUALES O MAYOR A 3000 kWh y MENOR A 9000 kWh | D48: COMERCIALES CON CONSUMOS MAYORES A 3000 Kwh Y MENORES QUE 9000 KWH | G48: =IF(F48=0,0,ROUND($F48*COEF!$J$27,0)) -> 0 | H48: =IF(F48=0,0,ROUND($F48*COEF!$K$27,0)) -> 0 | I48: =IF(F48=0,0,ROUND($F48*COEF!$L$27,0)) -> 0 | J48: =IF(F48=0,0,IF((F48/K48)>=9000,"ERROR",IF((F48/K48)<=3000,"ERROR",(F48/3000)*10))) -> 0 | L48: =ROUND(G48*$M$19,0) -> 0 | M48: =ROUND(H48*$M$19,0) -> 0 | N48: =ROUND(I48*$M$19,0) -> 0 | O48: =L48+G48 -> 0 | P48: =M48+H48 -> 0 | Q48: =N48+I48 -> 0 | R48: =SUM(O48:Q48) -> 0
B49: M1 | D49: INDUSTRIALES CON CONSUMOS MAYORES A 3000 KWH Y MENORES QUE 9000 KWH | G49: =IF(F49=0,0,ROUND($F49*COEF!$J$27,0)) -> 0 | H49: =IF(F49=0,0,ROUND($F49*COEF!$K$27,0)) -> 0 | I49: =IF(F49=0,0,ROUND($F49*COEF!$L$27,0)) -> 0 | J49: =IF(F49=0,0,IF((F49/K49)>=9000,"ERROR",IF((F49/K49)<=3000,"ERROR",(F49/3000)*10))) -> 0 | L49: =ROUND(G49*$M$19,0) -> 0 | M49: =ROUND(H49*$M$19,0) -> 0 | N49: =ROUND(I49*$M$19,0) -> 0 | O49: =L49+G49 -> 0 | P49: =M49+H49 -> 0 | Q49: =N49+I49 -> 0 | R49: =SUM(O49:Q49) -> 0 | X49: =Y49/W49 -> #REF! | Y49: =#REF!+#REF!+#REF!+#REF! -> #REF!
B50: N1 | D50: RURALES CON CONSUMOS MAYORES A 3000 KWH Y MENORES QUE 9000 KWH | G50: =IF(F50=0,0,ROUND($F50*COEF!$J$27,0)) -> 0 | H50: =IF(F50=0,0,ROUND($F50*COEF!$K$27,0)) -> 0 | I50: =IF(F50=0,0,ROUND($F50*COEF!$L$27,0)) -> 0 | J50: =IF(F50=0,0,IF((F50/K50)>=9000,"ERROR",IF((F50/K50)<=3000,"ERROR",(F50/3000)*10))) -> 0 | L50: =ROUND(G50*$M$19,0) -> 0 | M50: =ROUND(H50*$M$19,0) -> 0 | N50: =ROUND(I50*$M$19,0) -> 0 | O50: =L50+G50 -> 0 | P50: =M50+H50 -> 0 | Q50: =N50+I50 -> 0 | R50: =SUM(O50:Q50) -> 0
B51: N´1 | D51: OTROS USUARIOS CON CONSUMOS MAYORES A 3000 KWH Y MENORES QUE 9000 KWH | G51: =IF(F51=0,0,ROUND($F51*COEF!$J$27,0)) -> 0 | H51: =IF(F51=0,0,ROUND($F51*COEF!$K$27,0)) -> 0 | I51: =IF(F51=0,0,ROUND($F51*COEF!$L$27,0)) -> 0 | J51: =IF(F51=0,0,IF((F51/K51)>=9000,"ERROR",IF((F51/K51)<=3000,"ERROR",(F51/3000)*10))) -> 0 | L51: =ROUND(G51*$M$19,0) -> 0 | M51: =ROUND(H51*$M$19,0) -> 0 | N51: =ROUND(I51*$M$19,0) -> 0 | O51: =L51+G51 -> 0 | P51: =M51+H51 -> 0 | Q51: =N51+I51 -> 0 | R51: =SUM(O51:Q51) -> 0
B52: O1 | D52: RESIDENCIALES CON CONSUMOS MAYORES A 5000 KWH Y MENORES QUE 15000 KWH | G52: =IF(F52=0,0,ROUND($F52*COEF!$J$27,0)) -> 0 | H52: =IF(F52=0,0,ROUND($F52*COEF!$K$27,0)) -> 0 | I52: =IF(F52=0,0,ROUND($F52*COEF!$L$27,0)) -> 0 | J52: =ROUND(IF(F52=0,0,IF((F52/K52)>=9000,"ERROR",IF((F52/K52)<=3000,"ERROR",(F52/3000)*10))),0) -> 0 | L52: =ROUND(G52*$M$19,0) -> 0 | M52: =ROUND(H52*$M$19,0) -> 0 | N52: =ROUND(I52*$M$19,0) -> 0 | O52: =L52+G52 -> 0 | P52: =M52+H52 -> 0 | Q52: =N52+I52 -> 0 | R52: =SUM(O52:Q52) -> 0
B53: P2 | D53: TOTAL ENERGIA U30 | F53: =SUM(F48:F52) -> 0 | G53: =SUM(G48:G52) -> 0 | H53: =SUM(H48:H52) -> 0 | I53: =SUM(I48:I52) -> 0 | J53: =SUM(J48:J52) -> 0 | K53: =SUM(K48:K52) -> 0 | L53: =SUM(L48:L52) -> 0 | M53: =SUM(M48:M52) -> 0 | ... R53: =SUM(R48:R52) -> 0 | T53: =+SUM(L53:N53) -> 0
G55: ENERGIA VENDIDA (kWh) | J55: SUMATORIA POT MAX REG. INDIVIDUAL KW | K55: CANTIDAD TOTAL DE USUARIOS | L55: PERDIDAS RECONOCIDAS | O55: ENERGIA TOTAL COMPRADA
F56: ENERGIA FACTURADA | G56: PICO | H56: RESTO | I56: VALLE | L56: PICO | M56: RESTO | N56: VALLE | O56: PICO | P56: RESTO | Q56: VALLE | R56: TOTAL
A57: S8-Gud | C57: TOTAL FACTURADO S8-MT | F57: =F36 -> 0 | G57: =G36 -> 0 | H57: =H36 -> 0 | I57: =I36 -> 0 | J57: =ROUND(J36,0) -> 0 | K57: =K36 -> 0 | L57: =L36 -> 0 | M57: =M36 -> 0 | N57: =N36 -> 0 | O57: =O36 -> 0 | P57: =P36 -> 0 | Q57: =Q36 -> 0 | R57: =R36 -> 0
C58: TOTAL FACTURADO S8-BT | F58: =F37+F40+F41+F42+F43+F44 -> 0 | G58: =G37+G40+G41+G42+G43+G44 -> 0 | H58: =H37+H40+H41+H42+H43+H44 -> 0 | I58: =I37+I40+I41+I42+I43+I44 -> 0 | J58: =ROUND(J37+J40+J41+J42+J43+J44,0) -> 0 | K58: =K37+K40+K41+K42+K43+K44 -> 0 | L58: =L37+L40+L41+L42+L43+L44 -> 0 | M58: =M37+M40+M41+M42+M43+M44 -> 0 | N58: =N37+N40+N41+N42+N43+N44 -> 0 | O58: =O37+O40+O41+O42+O43+O44 -> 0 | P58: =P37+P40+P41+P42+P43+P44 -> 0 | Q58: =Q37+Q40+Q41+Q42+Q43+Q44 -> 0 | R58: =R37+R40+R41+R42+R43+R44 -> 0
A59: S8 U30 | C59: TOTAL FACTURADO S8-BT | F59: =F48+F49+F50+F51+F52 -> 0 | G59: =G48+G49+G50+G51+G52 -> 0 | H59: =H48+H49+H50+H51+H52 -> 0 | I59: =I48+I49+I50+I51+I52 -> 0 | J59: =ROUND(J48+J49+J50+J51+J52,0) -> 0 | K59: =K48+K49+K50+K51+K52 -> 0 | L59: =L48+L49+L50+L51+L52 -> 0 | M59: =M48+M49+M50+M51+M52 -> 0 | N59: =N48+N49+N50+N51+N52 -> 0 | O59: =O48+O49+O50+O51+O52 -> 0 | P59: =P48+P49+P50+P51+P52 -> 0 | Q59: =Q48+Q49+Q50+Q51+Q52 -> 0 | R59: =R48+R49+R50+R51+R52 -> 0
A62: TOTAL Gud+ U30 | F62: =SUM(F57:F59) -> 0 | G62: =SUM(G57:G59) -> 0 | H62: =SUM(H57:H59) -> 0 | I62: =SUM(I57:I59) -> 0 | J62: =SUM(J57:J59) -> 0 | K62: =SUM(K57:K59) -> 0 | L62: =SUM(L57:L59) -> 0 | M62: =SUM(M57:M59) -> 0 | ... R62: =SUM(R57:R59) -> 0
A64: USUARIOS ALUMBRADO PUBLICO
A65: A.P | B65: kWh FACTURADOS ALUMBRADO PUBLICO | F65: KWH FACTURADO | G65: CANTIDAD TOTAL DE USUARIOS | H65: ENERGIA VENDIDA (kWh) | K65: PERDIDAS RECONOCIDAS | N65: ENERGIA TOTAL COMPRADA
H66: PICO | I66: RESTO | J66: VALLE | K66: PICO | L66: RESTO | M66: VALLE | N66: PICO | O66: RESTO | P66: VALLE
H67: =ROUND(IF(F67=0,0,$F67*COEF!J15),0) -> 0 | I67: =ROUND(IF(H67=0,0,$F67*COEF!K15),0) -> 0 | J67: =ROUND(IF(I67=0,0,$F67*COEF!L15),0) -> 0 | K67: =ROUND(H67*$M$19,0) -> 0 | L67: =ROUND(I67*$M$19,0) -> 0 | M67: =ROUND(J67*$M$19,0) -> 0 | N67: =H67+K67 -> 0 | O67: =I67+L67 -> 0 | P67: =J67+M67 -> 0 | Q67: =SUM(N67:P67) -> 0 | T67: =+SUM(K67:M67) -> 0
H70: ENERGIA FACTURADA | K70: PERDIDAS | N70: TOTAL SALDO PARA UR1+UR2+UR3+UR4+UR5+NR1+NR2+PSUM
F71: FACTURADO | G71: TOTAL | H71: PICO | I71: RESTO | J71: VALLE | K71: PICO | L71: RESTO | M71: VALLE | N71: PICO | O71: RESTO | P71: VALLE | Q71: TOTAL | R71: PERDIDAS
E72: COMPRA ENERGIA | F72: =F10 -> 0 | G72: =+F10 -> 0 | H72: =G10 -> 0 | I72: =H10 -> 0 | J72: =I10 -> 0 | N72: =+H72+K72 -> 0 | O72: =+I72+L72 -> 0 | P72: =+J72+M72 -> 0 | Q72: =SUM(N72:P72) -> 0 | R72: =+SUM(K72:M72) -> 0
E73: OTRA COOP | F73: =F14 -> 0 | G73: =+F14 -> 0 | H73: =G14 -> 0 | I73: =H14 -> 0 | J73: =I14 -> 0 | N73: =+H73+K73 -> 0 | O73: =+I73+L73 -> 0 | P73: =+J73+M73 -> 0 | Q73: =SUM(N73:P73) -> 0 | R73: =+SUM(K73:M73) -> 0
E74: S9 | F74: =F29 -> 0 | G74: =+F29 -> 0 | H74: =G29 -> 0 | I74: =H29 -> 0 | J74: =I29 -> 0 | K74: =L29 -> 0 | L74: =M29 -> 0 | M74: =N29 -> 0 | N74: =+H74+K74 -> 0 | O74: =+I74+L74 -> 0 | P74: =+J74+M74 -> 0 | Q74: =SUM(N74:P74) -> 0 | R74: =+H74+I74+J74 -> 0
E75: S8 | F75: =F62 -> 0 | G75: =+F38+F45+F53 -> 0 | H75: =G62 -> 0 | I75: =H62 -> 0 | J75: =I62 -> 0 | K75: =L62 -> 0 | L75: =M62 -> 0 | M75: =N62 -> 0 | N75: =+H75+K75 -> 0 | O75: =+I75+L75 -> 0 | P75: =+J75+M75 -> 0 | Q75: =SUM(N75:P75) -> 0 | R75: =+H75+I75+J75 -> 0
E76: S5 | F76: =+F67 -> 0 | G76: =+F67 -> 0 | H76: =+H67 -> 0 | I76: =+I67 -> 0 | J76: =+J67 -> 0 | K76: =+K67 -> 0 | L76: =+L67 -> 0 | M76: =+M67 -> 0 | N76: =+H76+K76 -> 0 | O76: =+I76+L76 -> 0 | P76: =+J76+M76 -> 0 | Q76: =SUM(N76:P76) -> 0 | R76: =+H76+I76+J76 -> 0
F78: =SUM(H78:J78) -> 0 | G78: =+G72-SUM(G73:G76) -> 0 | H78: =+H72-SUM(H73:H77) -> 0 | I78: =+I72-SUM(I73:I77) -> 0 | J78: =+J72-SUM(J73:J77) -> 0 | K78: =SUM(K72:K77) -> 0 | L78: =SUM(L72:L76) -> 0 | M78: =SUM(M72:M76) -> 0 | N78: =N72-SUM(N73:N77) -> 0 | O78: =O72-SUM(O73:O77) -> 0 | P78: =P72-SUM(P73:P77) -> 0 | Q78: =Q72-SUM(Q73:Q77) -> 0
A80: USUARIOS CON DEMANDA HASTA 10 kW (NO INCLUYE AºPº)
A82: USUARIOS CON DEMANDA HASTA 10 kW (NO INCLUYE AºPº) | F82: KWH FACTURADO | G82: CANTIDAD TOTAL DE USUARIOS | H82: VERIFICADOR (KWH/USUARIO) | I82: VERIFICADOR DATOS | J82: KWH/US
A84: RESIDENCIAL | B84: UR1 <=150 kWh/mes | C84: Consumo demanda Residencial NIVEL 1 | H84: =+IF(G84=0,"S.D.",IF((F84/G84)<151,"O.K.","VERIFICAR")) -> S.D. | I84: =+IF(AND(F84>0,G84=0),"FALTA CANT USUARIOS",IF(AND(G84>0,F84=0),"FALTAN KWH FACT"," ")) | J84: =+IF(G84=0,0,F84/G84) -> 0
C85: Consumo demanda Residencial NIVEL 2 (SIN TARIFA SOCIAL PROVINCIAL) | H85: =+IF(G85=0,"S.D.",IF((F85/G85)<151,"O.K.","VERIFICAR")) -> S.D. | I85: =+IF(AND(F85>0,G85=0),"FALTA CANT USUARIOS",IF(AND(G85>0,F85=0),"FALTAN KWH FACT"," ")) | J85: =+IF(G85=0,0,F85/G85) -> 0
C86: Consumo demanda Residencial NIVEL 3 - | H86: =+IF(G86=0,"S.D.",IF((F86/G86)<151,"O.K.","VERIFICAR")) -> S.D. | I86: =+IF(AND(F86>0,G86=0),"FALTA CANT USUARIOS",IF(AND(G86>0,F86=0),"FALTAN KWH FACT"," ")) | J86: =+IF(G86=0,0,F86/G86) -> 0
C87: Tarifa Social Provincial Decreto 43-2019-N2 | D87: HOGARES POBRES O CARENCIADOS- Consumo <= 120 kWh/mes | H87: =+IF(G87=0,"S.D.",IF((F87/G87)<=120,"O.K.","VERIFICAR")) -> S.D. | I87: =+IF(AND(F87>0,G87=0),"FALTA CANT USUARIOS",IF(AND(G87>0,F87=0),"FALTAN KWH FACT"," ")) | J87: =+IF(G87=0,0,F87/G87) -> 0
D88: HOGARES POBRES O CARENCIADOS > 120 kWh/mes y <= 150 kWh/mes - | H88: =+IF(G88=0,"S.D.",IF(AND((F88/G88)>120,(F88/G88)<=150),"O.K.","VERIFICAR")) -> S.D. | I88: =+IF(AND(F88>0,G88=0),"FALTA CANT USUARIOS",IF(AND(G88>0,F88=0),"FALTAN KWH FACT"," ")) | J88: =+IF(G88=0,0,F88/G88) -> 0
D89: HOGARES INDIGENTES: <=120 kWh/mes | H89: =+IF(G89=0,"S.D.",IF((F89/G89)<=120,"O.K.","VERIFICAR")) -> S.D. | I89: =+IF(AND(F89>0,G89=0),"FALTA CANT USUARIOS",IF(AND(G89>0,F89=0),"FALTAN KWH FACT"," ")) | J89: =+IF(G89=0,0,F89/G89) -> 0
D90: HOGARES INDIGENTES:- Consumo > 120 kWh/mes y <= 150 kWh/mes | H90: =+IF(G90=0,"S.D.",IF(AND((F90/G90)>120,(F90/G90)<=150),"O.K.","VERIFICAR")) -> S.D. | I90: =+IF(AND(F90>0,G90=0),"FALTA CANT USUARIOS",IF(AND(G90>0,F90=0),"FALTAN KWH FACT"," ")) | J90: =+IF(G90=0,0,F90/G90) -> 0
C91: Tarifa Social Provincial Decreto 43-2019-N1 | D91: HOGARES POBRES O CARENCIADOS- Consumo <= 120 kWh/mes | H91: =+IF(G91=0,"S.D.",IF((F91/G91)<=120,"O.K.","VERIFICAR")) -> S.D. | I91: =+IF(AND(F91>0,G91=0),"FALTA CANT USUARIOS",IF(AND(G91>0,F91=0),"FALTAN KWH FACT"," "))
D92: HOGARES POBRES O CARENCIADOS > 120 kWh/mes y <= 150 kWh/mes - | H92: =+IF(G92=0,"S.D.",IF(AND((F92/G92)>120,(F92/G92)<=150),"O.K.","VERIFICAR")) -> S.D. | I92: =+IF(AND(F92>0,G92=0),"FALTA CANT USUARIOS",IF(AND(G92>0,F92=0),"FALTAN KWH FACT"," "))
D93: HOGARES INDIGENTES: <=120 kWh/mes | H93: =+IF(G93=0,"S.D.",IF((F93/G93)<=120,"O.K.","VERIFICAR")) -> S.D. | I93: =+IF(AND(F93>0,G93=0),"FALTA CANT USUARIOS",IF(AND(G93>0,F93=0),"FALTAN KWH FACT"," "))
D94: HOGARES INDIGENTES:- Consumo > 120 kWh/mes y <= 150 kWh/mes | H94: =+IF(G94=0,"S.D.",IF(AND((F94/G94)>120,(F94/G94)<=150),"O.K.","VERIFICAR")) -> S.D. | I94: =+IF(AND(F94>0,G94=0),"FALTA CANT USUARIOS",IF(AND(G94>0,F94=0),"FALTAN KWH FACT"," "))
C95: Tarifa Social Provincial Decreto 43-2019-N3 | D95: HOGARES POBRES O CARENCIADOS- Consumo <= 120 kWh/mes | H95: =+IF(G95=0,"S.D.",IF((F95/G95)<=120,"O.K.","VERIFICAR")) -> S.D. | I95: =+IF(AND(F95>0,G95=0),"FALTA CANT USUARIOS",IF(AND(G95>0,F95=0),"FALTAN KWH FACT"," "))
D96: HOGARES POBRES O CARENCIADOS > 120 kWh/mes y <= 150 kWh/mes - | H96: =+IF(G96=0,"S.D.",IF(AND((F96/G96)>120,(F96/G96)<=150),"O.K.","VERIFICAR")) -> S.D. | I96: =+IF(AND(F96>0,G96=0),"FALTA CANT USUARIOS",IF(AND(G96>0,F96=0),"FALTAN KWH FACT"," "))
D97: HOGARES INDIGENTES: <=120 kWh/mes | H97: =+IF(G97=0,"S.D.",IF((F97/G97)<=120,"O.K.","VERIFICAR")) -> S.D. | I97: =+IF(AND(F97>0,G97=0),"FALTA CANT USUARIOS",IF(AND(G97>0,F97=0),"FALTAN KWH FACT"," "))
D98: HOGARES INDIGENTES:- Consumo > 120 kWh/mes y <= 150 kWh/mes | H98: =+IF(G98=0,"S.D.",IF(AND((F98/G98)>120,(F98/G98)<=150),"O.K.","VERIFICAR")) -> S.D. | I98: =+IF(AND(F98>0,G98=0),"FALTA CANT USUARIOS",IF(AND(G98>0,F98=0),"FALTAN KWH FACT"," "))
B99: UR2 >150 y <= 500 kWh/mes | C99: Consumo demanda Residencial NIVEL 1 | H99: =+IF(G99=0,"S.D.",IF(AND((F99/G99)>150,(F99/G99)<=500),"O.K.","VERIFICAR")) -> S.D. | I99: =+IF(AND(F99>0,G99=0),"FALTA CANT USUARIOS",IF(AND(G99>0,F99=0),"FALTAN KWH FACT"," ")) | J99: =+IF(G99=0,0,F99/G99) -> 0
C100: Consumo demanda Residencial NIVEL 2-(S.T. SOCIAL PCIAL) -> 150 Y < =350 kWh/mes | H100: =+IF(G100=0,"S.D.",IF(AND((F100/G100)>150,(F100/G100)<=350),"O.K.","VERIFICAR")) -> S.D. | I100: =+IF(AND(F100>0,G100=0),"FALTA CANT USUARIOS",IF(AND(G100>0,F100=0),"FALTAN KWH FACT"," ")) | J100: =+IF(G100=0,0,F100/G100) -> 0
C101: Consumo demanda Residencial NIVEL 2- >350 y <=500 kWh/mes | H101: =+IF(G101=0,"S.D.",IF(AND((F101/G101)>350,(F101/G101)<=500),"O.K.","VERIFICAR")) -> S.D. | I101: =+IF(AND(F101>0,G101=0),"FALTA CANT USUARIOS",IF(AND(G101>0,F101=0),"FALTAN KWH FACT"," ")) | J101: =+IF(G101=0,0,F101/G101) -> 0
C102: Consumo demanda Residencial NIVEL 2- >150 y <=500 kWh/mes -Zona Fria | H102: =+IF(G102=0,"S.D.",IF(AND((F102/G102)>150,(F102/G102)<=500),"O.K.","VERIFICAR")) -> S.D. | I102: =+IF(AND(F102>0,G102=0),"FALTA CANT USUARIOS",IF(AND(G102>0,F102=0),"FALTAN KWH FACT"," ")) | J102: =+IF(G102=0,0,F102/G102) -> 0
C103: Consumo demanda Residencial NIVEL 3- > 150 Y =< 250 kWh/mes | H103: =+IF(G103=0,"S.D.",IF(AND((F103/G103)>150,(F103/G103)<=250),"O.K.","VERIFICAR")) -> S.D. | I103: =+IF(AND(F103>0,G103=0),"FALTA CANT USUARIOS",IF(AND(G103>0,F103=0),"FALTAN KWH FACT"," ")) | J103: =+IF(G103=0,0,F103/G103) -> 0
C104: Consumo demanda Residencial NIVEL 3- > 250 Y = < 500 kWh/mes | H104: =+IF(G104=0,"S.D.",IF(AND((F104/G104)>250,(F104/G104)<=500),"O.K.","VERIFICAR")) -> S.D. | I104: =+IF(AND(F104>0,G104=0),"FALTA CANT USUARIOS",IF(AND(G104>0,F104=0),"FALTAN KWH FACT"," ")) | J104: =+IF(G104=0,0,F104/G104) -> 0
C105: Consumo demanda Residencial NIVEL 3- > 150 Y = < 500 kWh/mes-Zona fria | H105: =+IF(G105=0,"S.D.",IF(AND((F105/G105)>150,(F105/G105)<=500),"O.K.","VERIFICAR")) -> S.D. | I105: =+IF(AND(F105>0,G105=0),"FALTA CANT USUARIOS",IF(AND(G105>0,F105=0),"FALTAN KWH FACT"," ")) | J105: =+IF(G105=0,0,F105/G105) -> 0
C106: Tarifa Social Provincial Decreto 43-2019-N2 | D106: HOGARES POBRES O CARENCIADOS -- Consumo > 150 y < =300 kWh/mes | H106: =+IF(G106=0,"S.D.",IF(AND((F106/G106)>150,(F106/G106)<=300),"O.K.","VERIFICAR")) -> S.D. | I106: =+IF(AND(F106>0,G106=0),"FALTA CANT USUARIOS",IF(AND(G106>0,F106=0),"FALTAN KWH FACT"," ")) | J106: =+IF(G106=0,0,F106/G106) -> 0
D107: HOGARES POBRES O CARENCIADOS - -Consumo >300 y < =350 kWh/mes | H107: =+IF(G107=0,"S.D.",IF(AND((F107/G107)>300,(F107/G107)<=350),"O.K.","VERIFICAR")) -> S.D. | I107: =+IF(AND(F107>0,G107=0),"FALTA CANT USUARIOS",IF(AND(G107>0,F107=0),"FALTAN KWH FACT"," ")) | J107: =+IF(G107=0,0,F107/G107) -> 0
D108: HOGARES POBRES O CARENCIADOS - -Consumo >350 y < =500 kWh/mes | H108: =+IF(G108=0,"S.D.",IF(AND((F108/G108)>350,(F108/G108)<=500),"O.K.","VERIFICAR")) -> S.D. | I108: =+IF(AND(F108>0,G108=0),"FALTA CANT USUARIOS",IF(AND(G108>0,F108=0),"FALTAN KWH FACT"," ")) | J108: =+IF(G108=0,0,F108/G108) -> 0
D109: HOGARES POBRES O CARENCIADOS - -Consumo >350 y < =500 kWh/mes -ZF | H109: =+IF(G109=0,"S.D.",IF(AND((F109/G109)>350,(F109/G109)<=500),"O.K.","VERIFICAR")) -> S.D. | I109: =+IF(AND(F109>0,G109=0),"FALTA CANT USUARIOS",IF(AND(G109>0,F109=0),"FALTAN KWH FACT"," ")) | J109: =+IF(G109=0,0,F109/G109) -> 0
D110: HOGARES INDIGENTES: - Consumo >150 y <= 300 kWh/mes | H110: =+IF(G110=0,"S.D.",IF(AND((F110/G110)>150,(F110/G110)<=300),"O.K.","VERIFICAR")) -> S.D. | I110: =+IF(AND(F110>0,G110=0),"FALTA CANT USUARIOS",IF(AND(G110>0,F110=0),"FALTAN KWH FACT"," ")) | J110: =+IF(G110=0,0,F110/G110) -> 0
D111: HOGARES INDIGENTES:- Consumo >300 y <= 350 kWh/mes | H111: =+IF(G111=0,"S.D.",IF(AND((F111/G111)>300,(F111/G111)<=350),"O.K.","VERIFICAR")) -> S.D. | I111: =+IF(AND(F111>0,G111=0),"FALTA CANT USUARIOS",IF(AND(G111>0,F111=0),"FALTAN KWH FACT"," ")) | J111: =+IF(G111=0,0,F111/G111) -> 0
D112: HOGARES INDIGENTES:- Consumo >350 y <= 500 kWh/mes | H112: =+IF(G112=0,"S.D.",IF(AND((F112/G112)>350,(F112/G112)<=500),"O.K.","VERIFICAR")) -> S.D. | I112: =+IF(AND(F112>0,G112=0),"FALTA CANT USUARIOS",IF(AND(G112>0,F112=0),"FALTAN KWH FACT"," ")) | J112: =+IF(G112=0,0,F112/G112) -> 0
D113: HOGARES INDIGENTES:- Consumo >350 y <= 500 kWh/mes -ZF | H113: =+IF(G113=0,"S.D.",IF(AND((F113/G113)>350,(F113/G113)<=500),"O.K.","VERIFICAR")) -> S.D. | I113: =+IF(AND(F113>0,G113=0),"FALTA CANT USUARIOS",IF(AND(G113>0,F113=0),"FALTAN KWH FACT"," ")) | J113: =+IF(G113=0,0,F113/G113) -> 0
C114: Tarifa Social Provincial Decreto 43-2019-N1 | D114: HOGARES POBRES O CARENCIADOS -- Consumo > 150 y < =300 kWh/mes | H114: =+IF(G114=0,"S.D.",IF(AND((F114/G114)>150,(F114/G114)<=300),"O.K.","VERIFICAR")) -> S.D. | I114: =+IF(AND(F114>0,G114=0),"FALTA CANT USUARIOS",IF(AND(G114>0,F114=0),"FALTAN KWH FACT"," "))
D115: HOGARES POBRES O CARENCIADOS - -Consumo >300 y < =350 kWh/mes | H115: =+IF(G115=0,"S.D.",IF(AND((F115/G115)>300,(F115/G115)<=350),"O.K.","VERIFICAR")) -> S.D. | I115: =+IF(AND(F115>0,G115=0),"FALTA CANT USUARIOS",IF(AND(G115>0,F115=0),"FALTAN KWH FACT"," "))
D116: HOGARES POBRES O CARENCIADOS - -Consumo >350 y < =500 kWh/mes | H116: =+IF(G116=0,"S.D.",IF(AND((F116/G116)>350,(F116/G116)<=500),"O.K.","VERIFICAR")) -> S.D. | I116: =+IF(AND(F116>0,G116=0),"FALTA CANT USUARIOS",IF(AND(G116>0,F116=0),"FALTAN KWH FACT"," "))
D117: HOGARES INDIGENTES: - Consumo >150 y <= 300 kWh/mes | H117: =+IF(G117=0,"S.D.",IF(AND((F117/G117)>150,(F117/G117)<=300),"O.K.","VERIFICAR")) -> S.D. | I117: =+IF(AND(F117>0,G117=0),"FALTA CANT USUARIOS",IF(AND(G117>0,F117=0),"FALTAN KWH FACT"," "))
D118: HOGARES INDIGENTES:- Consumo >300 y <= 350 kWh/mes | H118: =+IF(G118=0,"S.D.",IF(AND((F118/G118)>300,(F118/G118)<=350),"O.K.","VERIFICAR")) -> S.D. | I118: =+IF(AND(F118>0,G118=0),"FALTA CANT USUARIOS",IF(AND(G118>0,F118=0),"FALTAN KWH FACT"," "))
...

Sheet GUDI  -HOJA2
A1: PLANILLA DE TRABAJO INTERNA -USO EXCLUSIVO ASOCIADAS FACE-FECESCOR HOJA Nº 2- PROVISORIA
I2: MT
I3: BT
A4: USUARIOS DE DEMANDA IGUAL O MAYOR A 300 KW DE DEMANDA (NO OFICIALES) | B4: USUARIOS DE DEMANDA IGUAL O MAYOR A 300 KW DE DEMANDA (NO OFICIALES)
A7: Jurisdiccion | B7: GUDI DESIGNACION | C7: Ident Suministro: | D7: Nombre Empresa | E7: Direccion | F7: CUIT | G7: Actividad | H7: Categoria | I7: Nivel de Tensión kV | J7: Demandas (kW) | P7: Energia Facturada kWh | T7: PERDIDAS kWh | AF7: KWH FACTURADOS kWh | AJ7: PERDIDAS kWh | AO7: PERDIDAS kWh
J8: DP REGISTRADA | K8: DP CONTRATADA | L8: DFP REGISTRADA | M8: DFP CONTRATADA | N8: Pot Máxima Kw registrada | O8: Pot Máxima Kw contratada | P8: Pico | Q8: Resto | R8: Valle | S8: Total | T8: COEF PERDIDAS | U8: Pico | V8: Resto | W8: Valle | X8: Total | AF8: Pico | AG8: Resto | AH8: Valle | AI8: Total | AJ8: Pico | AK8: Resto | AL8: Valle | AM8: Total | AO8: Pico | AP8: Resto | AQ8: Valle | AR8: Total
A9: ='CAMMESA-SECCION I'!$C$7 -> 0 | N9: =+IF(J9>L9,J9,L9) -> 0 | O9: =+IF(K9>M9,K9,M9) -> 0 | S9: =SUM(P9:R9) -> 0 | T9: =+IF(I9="MT",'Compra -HOJA1'!M$18,IF(I9="BT",'Compra -HOJA1'!M$19,0)) -> 0 | U9: =+$T9*P9 -> 0 | V9: =+$T9*Q9 -> 0 | W9: =+$T9*R9 -> 0 | X9: =SUM(U9:W9) -> 0 | AF9: =+ROUND(P9,0) -> 0 | AG9: =+ROUND(Q9,0) -> 0 | AH9: =+ROUND(R9,0) -> 0 | AI9: =SUM(AF9:AH9) -> 0 | AJ9: =+ROUND(U9,0) -> 0 | AK9: =+AM9-AJ9-AL9 -> 0 | AL9: =+ROUND(W9,0) -> 0 | AM9: =+ROUND(X9,0) -> 0 | AO9: =+INT(U9) -> 0 | AP9: =+AR9-AO9-AQ9 -> 0 | AQ9: =+INT(W9) -> 0 | AR9: =+INT(X9) -> 0
A10: ='CAMMESA-SECCION I'!$C$7 -> 0 | N10: =+IF(J10>L10,J10,L10) -> 0 | O10: =+IF(K10>M10,K10,M10) -> 0 | S10: =SUM(P10:R10) -> 0 | T10: =+IF(I10="MT",'Compra -HOJA1'!M$18,IF(I10="BT",'Compra -HOJA1'!M$19,0)) -> 0 | U10: =+$T10*P10 -> 0 | V10: =+$T10*Q10 -> 0 | W10: =+$T10*R10 -> 0 | X10: =SUM(U10:W10) -> 0 | AF10: =+ROUND(P10,0) -> 0 | AG10: =+ROUND(Q10,0) -> 0 | AH10: =+ROUND(R10,0) -> 0 | AI10: =SUM(AF10:AH10) -> 0 | AJ10: =+ROUND(U10,0) -> 0 | AK10: =+AM10-AJ10-AL10 -> 0 | AL10: =+ROUND(W10,0) -> 0 | AM10: =+ROUND(X10,0) -> 0 | AO10: =+INT(U10) -> 0 | AP10: =+AR10-AO10-AQ10 -> 0 | AQ10: =+INT(W10) -> 0 | AR10: =+INT(X10) -> 0
A11: ='CAMMESA-SECCION I'!$C$7 -> 0 | N11: =+IF(J11>L11,J11,L11) -> 0 | O11: =+IF(K11>M11,K11,M11) -> 0 | S11: =SUM(P11:R11) -> 0 | T11: =+IF(I11="MT",'Compra -HOJA1'!M$18,IF(I11="BT",'Compra -HOJA1'!M$19,0)) -> 0 | U11: =+$T11*P11 -> 0 | V11: =+$T11*Q11 -> 0 | W11: =+$T11*R11 -> 0 | X11: =SUM(U11:W11) -> 0 | AF11: =+ROUND(P11,0) -> 0 | AG11: =+ROUND(Q11,0) -> 0 | AH11: =+ROUND(R11,0) -> 0 | AI11: =SUM(AF11:AH11) -> 0 | AJ11: =+ROUND(U11,0) -> 0 | AK11: =+AM11-AJ11-AL11 -> 0 | AL11: =+ROUND(W11,0) -> 0 | AM11: =+ROUND(X11,0) -> 0 | AO11: =+INT(U11) -> 0 | AP11: =+AR11-AO11-AQ11 -> 0 | AQ11: =+INT(W11) -> 0 | AR11: =+INT(X11) -> 0
A12: ='CAMMESA-SECCION I'!$C$7 -> 0 | N12: =+IF(J12>L12,J12,L12) -> 0 | O12: =+IF(K12>M12,K12,M12) -> 0 | S12: =SUM(P12:R12) -> 0 | T12: =+IF(I12="MT",'Compra -HOJA1'!M$18,IF(I12="BT",'Compra -HOJA1'!M$19,0)) -> 0 | U12: =+$T12*P12 -> 0 | V12: =+$T12*Q12 -> 0 | W12: =+$T12*R12 -> 0 | X12: =SUM(U12:W12) -> 0 | AF12: =+ROUND(P12,0) -> 0 | AG12: =+ROUND(Q12,0) -> 0 | AH12: =+ROUND(R12,0) -> 0 | AI12: =SUM(AF12:AH12) -> 0 | AJ12: =+ROUND(U12,0) -> 0 | AK12: =+AM12-AJ12-AL12 -> 0 | AL12: =+ROUND(W12,0) -> 0 | AM12: =+ROUND(X12,0) -> 0 | AO12: =+INT(U12) -> 0 | AP12: =+AR12-AO12-AQ12 -> 0 | AQ12: =+INT(W12) -> 0 | AR12: =+INT(X12) -> 0
A13: ='CAMMESA-SECCION I'!$C$7 -> 0 | N13: =+IF(J13>L13,J13,L13) -> 0 | O13: =+IF(K13>M13,K13,M13) -> 0 | S13: =SUM(P13:R13) -> 0 | T13: =+IF(I13="MT",'Compra -HOJA1'!M$18,IF(I13="BT",'Compra -HOJA1'!M$19,0)) -> 0 | U13: =+$T13*P13 -> 0 | V13: =+$T13*Q13 -> 0 | W13: =+$T13*R13 -> 0 | X13: =SUM(U13:W13) -> 0 | AF13: =+ROUND(P13,0) -> 0 | AG13: =+ROUND(Q13,0) -> 0 | AH13: =+ROUND(R13,0) -> 0 | AI13: =SUM(AF13:AH13) -> 0 | AJ13: =+ROUND(U13,0) -> 0 | AK13: =+AM13-AJ13-AL13 -> 0 | AL13: =+ROUND(W13,0) -> 0 | AM13: =+ROUND(X13,0) -> 0 | AO13: =+INT(U13) -> 0 | AP13: =+AR13-AO13-AQ13 -> 0 | AQ13: =+INT(W13) -> 0 | AR13: =+INT(X13) -> 0
A14: ='CAMMESA-SECCION I'!$C$7 -> 0 | N14: =+IF(J14>L14,J14,L14) -> 0 | O14: =+IF(K14>M14,K14,M14) -> 0 | S14: =SUM(P14:R14) -> 0 | T14: =+IF(I14="MT",'Compra -HOJA1'!M$18,IF(I14="BT",'Compra -HOJA1'!M$19,0)) -> 0 | U14: =+$T14*P14 -> 0 | V14: =+$T14*Q14 -> 0 | W14: =+$T14*R14 -> 0 | X14: =SUM(U14:W14) -> 0 | AF14: =+ROUND(P14,0) -> 0 | AG14: =+ROUND(Q14,0) -> 0 | AH14: =+ROUND(R14,0) -> 0 | AI14: =SUM(AF14:AH14) -> 0 | AJ14: =+ROUND(U14,0) -> 0 | AK14: =+AM14-AJ14-AL14 -> 0 | AL14: =+ROUND(W14,0) -> 0 | AM14: =+ROUND(X14,0) -> 0 | AO14: =+INT(U14) -> 0 | AP14: =+AR14-AO14-AQ14 -> 0 | AQ14: =+INT(W14) -> 0 | AR14: =+INT(X14) -> 0
A15: ='CAMMESA-SECCION I'!$C$7 -> 0 | N15: =+IF(J15>L15,J15,L15) -> 0 | O15: =+IF(K15>M15,K15,M15) -> 0 | S15: =SUM(P15:R15) -> 0 | T15: =+IF(I15="MT",'Compra -HOJA1'!M$18,IF(I15="BT",'Compra -HOJA1'!M$19,0)) -> 0 | U15: =+$T15*P15 -> 0 | V15: =+$T15*Q15 -> 0 | W15: =+$T15*R15 -> 0 | X15: =SUM(U15:W15) -> 0 | AF15: =+ROUND(P15,0) -> 0 | AG15: =+ROUND(Q15,0) -> 0 | AH15: =+ROUND(R15,0) -> 0 | AI15: =SUM(AF15:AH15) -> 0 | AJ15: =+ROUND(U15,0) -> 0 | AK15: =+AM15-AJ15-AL15 -> 0 | AL15: =+ROUND(W15,0) -> 0 | AM15: =+ROUND(X15,0) -> 0 | AO15: =+INT(U15) -> 0 | AP15: =+AR15-AO15-AQ15 -> 0 | AQ15: =+INT(W15) -> 0 | AR15: =+INT(X15) -> 0
A16: ='CAMMESA-SECCION I'!$C$7 -> 0 | N16: =+IF(J16>L16,J16,L16) -> 0 | O16: =+IF(K16>M16,K16,M16) -> 0 | S16: =SUM(P16:R16) -> 0 | T16: =+IF(I16="MT",'Compra -HOJA1'!M$18,IF(I16="BT",'Compra -HOJA1'!M$19,0)) -> 0 | U16: =+$T16*P16 -> 0 | V16: =+$T16*Q16 -> 0 | W16: =+$T16*R16 -> 0 | X16: =SUM(U16:W16) -> 0 | AF16: =+ROUND(P16,0) -> 0 | AG16: =+ROUND(Q16,0) -> 0 | AH16: =+ROUND(R16,0) -> 0 | AI16: =SUM(AF16:AH16) -> 0 | AJ16: =+ROUND(U16,0) -> 0 | AK16: =+AM16-AJ16-AL16 -> 0 | AL16: =+ROUND(W16,0) -> 0 | AM16: =+ROUND(X16,0) -> 0 | AO16: =+INT(U16) -> 0 | AP16: =+AR16-AO16-AQ16 -> 0 | AQ16: =+INT(W16) -> 0 | AR16: =+INT(X16) -> 0
A17: ='CAMMESA-SECCION I'!$C$7 -> 0 | N17: =+IF(J17>L17,J17,L17) -> 0 | O17: =+IF(K17>M17,K17,M17) -> 0 | S17: =SUM(P17:R17) -> 0 | T17: =+IF(I17="MT",'Compra -HOJA1'!M$18,IF(I17="BT",'Compra -HOJA1'!M$19,0)) -> 0 | U17: =+$T17*P17 -> 0 | V17: =+$T17*Q17 -> 0 | W17: =+$T17*R17 -> 0 | X17: =SUM(U17:W17) -> 0 | AF17: =+ROUND(P17,0) -> 0 | AG17: =+ROUND(Q17,0) -> 0 | AH17: =+ROUND(R17,0) -> 0 | AI17: =SUM(AF17:AH17) -> 0 | AJ17: =+ROUND(U17,0) -> 0 | AK17: =+AM17-AJ17-AL17 -> 0 | AL17: =+ROUND(W17,0) -> 0 | AM17: =+ROUND(X17,0) -> 0 | AO17: =+INT(U17) -> 0 | AP17: =+AR17-AO17-AQ17 -> 0 | AQ17: =+INT(W17) -> 0 | AR17: =+INT(X17) -> 0
A18: ='CAMMESA-SECCION I'!$C$7 -> 0 | N18: =+IF(J18>L18,J18,L18) -> 0 | O18: =+IF(K18>M18,K18,M18) -> 0 | S18: =SUM(P18:R18) -> 0 | T18: =+IF(I18="MT",'Compra -HOJA1'!M$18,IF(I18="BT",'Compra -HOJA1'!M$19,0)) -> 0 | U18: =+$T18*P18 -> 0 | V18: =+$T18*Q18 -> 0 | W18: =+$T18*R18 -> 0 | X18: =SUM(U18:W18) -> 0 | AF18: =+ROUND(P18,0) -> 0 | AG18: =+ROUND(Q18,0) -> 0 | AH18: =+ROUND(R18,0) -> 0 | AI18: =SUM(AF18:AH18) -> 0 | AJ18: =+ROUND(U18,0) -> 0 | AK18: =+AM18-AJ18-AL18 -> 0 | AL18: =+ROUND(W18,0) -> 0 | AM18: =+ROUND(X18,0) -> 0 | AO18: =+INT(U18) -> 0 | AP18: =+AR18-AO18-AQ18 -> 0 | AQ18: =+INT(W18) -> 0 | AR18: =+INT(X18) -> 0

Sheet SUMIN -HOJA3
B1: PLANILLA DE TRABAJO INTERNA -USO EXCLUSIVO ASOCIADAS FACE-FECESCOR HOJA Nº 3- PROVISORIA | AF1: 6000 | AG1: Electrodependientes | AH1: Residencial | AI1: =+CONCATENATE(AG1,"-",AH1) -> Electrodependientes-Residencial | AJ1: =IF(ISNUMBER(SEARCH("No Residencial", AI1)), "No Residencial", IF(ISNUMBER(SEARCH("Residencial", AI1)), "Residencial", "")) -> Residencial
AF2: 6000 | AG2: Bomberos Voluntarios | AH2: Residencial | AI2: =+CONCATENATE(AG2,"-",AH2) -> Bomberos Voluntarios-Residencial | AJ2: =IF(ISNUMBER(SEARCH("No Residencial", AI2)), "No Residencial", IF(ISNUMBER(SEARCH("Residencial", AI2)), "Residencial", "")) -> Residencial
AF3: 6500 | AG3: Clubes de Barrio y Pueblo | AH3: Residencial | AI3: =+CONCATENATE(AG3,"-",AH3) -> Clubes de Barrio y Pueblo-Residencial | AJ3: =IF(ISNUMBER(SEARCH("No Residencial", AI3)), "No Residencial", IF(ISNUMBER(SEARCH("Residencial", AI3)), "Residencial", "")) -> Residencial
AF4: 6500 | AG4: Clubes de Barrio y Pueblo | AH4: No Residencial | AI4: =+CONCATENATE(AG4,"-",AH4) -> Clubes de Barrio y Pueblo-No Residencial | AJ4: =IF(ISNUMBER(SEARCH("No Residencial", AI4)), "No Residencial", IF(ISNUMBER(SEARCH("Residencial", AI4)), "Residencial", "")) -> No Residencial
AF5: 6500 | AG5: Entidades de Bien Público | AH5: Residencial | AI5: =+CONCATENATE(AG5,"-",AH5) -> Entidades de Bien Público-Residencial | AJ5: =IF(ISNUMBER(SEARCH("No Residencial", AI5)), "No Residencial", IF(ISNUMBER(SEARCH("Residencial", AI5)), "Residencial", "")) -> Residencial
AF6: 6500 | AG6: Entidades de Bien Público | AH6: No Residencial | AI6: =+CONCATENATE(AG6,"-",AH6) -> Entidades de Bien Público-No Residencial | AJ6: =IF(ISNUMBER(SEARCH("No Residencial", AI6)), "No Residencial", IF(ISNUMBER(SEARCH("Residencial", AI6)), "Residencial", "")) -> No Residencial
AF7: N2 | AG7: Medidores comunitarios de complejos habitacionales | AH7: Residencial | AI7: =+CONCATENATE(AG7,"-",AH7) -> Medidores comunitarios de complejos habitacionales-Residencial | AJ7: =IF(ISNUMBER(SEARCH("No Residencial", AI7)), "No Residencial", IF(ISNUMBER(SEARCH("Residencial", AI7)), "Residencial", "")) -> Residencial
AF8: N2 | AG8: Asentamientos residenciales | AH8: Residencial | AI8: =+CONCATENATE(AG8,"-",AH8) -> Asentamientos residenciales-Residencial | AJ8: =IF(ISNUMBER(SEARCH("No Residencial", AI8)), "No Residencial", IF(ISNUMBER(SEARCH("Residencial", AI8)), "Residencial", "")) -> Residencial
B10: "GESTION DE PUNTOS DE SUMINISTRO "
B11: USUARIOS: Electrodependientes - Bomberos voluntarios - Clubes de barrio y pueblo - Medidores comunitarios de complejos habitacionales
G13: Descripción | H13: Categoria de Usuario
G14: Electrodependientes | H14: 6000
G15: Bomberos Voluntarios | H15: 6000
G16: Clubes de Barrio y Pueblo | H16: 6500
G17: Entidades de Bien Público | H17: 6500
G18: Medidores comunitarios de complejos habitacionales | H18: N2
G19: Asentamientos residenciales | H19: N2
M21: =+COEF!J27 -> 0 | N21: =+COEF!L27 -> 0 | O21: =+COEF!K27 -> 0 | Q21: =+'Compra -HOJA1'!I395 -> 0 | R21: =+'Compra -HOJA1'!K395 -> 0 | S21: =+'Compra -HOJA1'!J395 -> 0 | Z21: Energia Facturada (kWh) | AC21: Perdidas en la red (kWh)
A22: CODIGO-SUMINISTRO | B22: SUMINISTRO | C22: RAZON SOCIAL | D22: DIRECCION | E22: LOCALIDAD | F22: PROVINCIA | G22: TIPO DE USUARIO Y DE CONSUMO | H22: CODIGO | I22: TIPO CONSUMO | J22: KWH | K22: SEGMENTO | L22: CODIGO-SEGMENTO | M22: PICO | N22: VALLE | O22: RESTO | P22: TOTAL | Q22: PICO | R22: VALLE | S22: RESTO | T22: TOTAL | W22: CODIGO | X22: Segmento | Z22: Pico | AA22: Valle | AB22: Resto | AC22: Pico | AD22: Valle | AE22: Resto | AF22: FACTURADO
H23: =IF(ISNUMBER(SEARCH("Electrodependientes-Residencial", G23)), "6000", IF(ISNUMBER(SEARCH("Bomberos Voluntarios-Residencial", G23)), "6000", IF(ISNUMBER(SEARCH("Clubes de Barrio y Pueblo-Residencial", G23)), "6500", IF(ISNUMBER(SEARCH("Clubes de Barrio y Pueblo-No Residencial", G23)), "6500", IF(ISNUMBER(SEARCH("Entidades de Bien Público-Residencial", G23)), "6500", IF(ISNUMBER(SEARCH("Entidades de Bien Público-No Residencial", G23)), "6500", IF(ISNUMBER(SEARCH("Medidores comunitarios de complejos habitacionales-Residencial", G23)), "N2", IF(ISNUMBER(SEARCH("Asentamientos residenciales-Residencial", G23)), "N2", "")))))))) | I23: =IF(ISNUMBER(SEARCH("No Residencial", G23)), "No Residencial", IF(ISNUMBER(SEARCH("Residencial", G23)), "Residencial", "")) | K23: =IF(I23="Residencial", IF(J23<=150, "UR1", IF(AND(J23>150, J23<=500), "UR2", IF(AND(J23>500, J23<=700), "UR3", IF(AND(J23>700, J23<=1400), "UR4", IF(J23>1400, "UR5", ""))))), IF(I23="No Residencial", IF(J23<2000, "NR1", IF(AND(J23>1999, J23<3000), "NR2", IF(AND(J23>=3000, J23<=8999), "U30", IF(J23>8999, "Gud", "")))), "")) | L23: =+CONCATENATE(H23,"-",K23) -> - | M23: =+ROUND($J23*M$21,0) -> 0 | N23: =+ROUND($J23*N$21,0) -> 0 | O23: =+J23-M23-N23 -> 0 | P23: =SUM(M23:O23) -> 0 | Q23: =+ROUND(M23*Q$21,0) -> 0 | R23: =+ROUND(N23*R$21,0) -> 0 | S23: =+T23-Q23-R23 -> 0 | T23: =+ROUND(P23*Q$21,0) -> 0 | U23: =SUM(Q23:S23) -> 0 | W23: =+L23 -> - | X23: =+K23 | Z23: =+ROUND(M23,0) -> 0 | AA23: =+ROUND(N23,0) -> 0 | AB23: =+AF23-Z23-AA23 -> 0 | AC23: =+ROUND(Q23,0) -> 0 | AD23: =+ROUND(R23,0) -> 0 | AE23: =+ROUND(S23,0) -> 0 | AF23: =+ROUND(J23,0) -> 0
H24: =IF(ISNUMBER(SEARCH("Electrodependientes-Residencial", G24)), "6000", IF(ISNUMBER(SEARCH("Bomberos Voluntarios-Residencial", G24)), "6000", IF(ISNUMBER(SEARCH("Clubes de Barrio y Pueblo-Residencial", G24)), "6500", IF(ISNUMBER(SEARCH("Clubes de Barrio y Pueblo-No Residencial", G24)), "6500", IF(ISNUMBER(SEARCH("Entidades de Bien Público-Residencial", G24)), "6500", IF(ISNUMBER(SEARCH("Entidades de Bien Público-No Residencial", G24)), "6500", IF(ISNUMBER(SEARCH("Medidores comunitarios de complejos habitacionales-Residencial", G24)), "N2", IF(ISNUMBER(SEARCH("Asentamientos residenciales-Residencial", G24)), "N2", "")))))))) | I24: =IF(ISNUMBER(SEARCH("No Residencial", G24)), "No Residencial", IF(ISNUMBER(SEARCH("Residencial", G24)), "Residencial", "")) | K24: =IF(I24="Residencial", IF(J24<=150, "UR1", IF(AND(J24>150, J24<=500), "UR2", IF(AND(J24>500, J24<=700), "UR3", IF(AND(J24>700, J24<=1400), "UR4", IF(J24>1400, "UR5", ""))))), IF(I24="No Residencial", IF(J24<2000, "NR1", IF(AND(J24>1999, J24<3000), "NR2", IF(AND(J24>=3000, J24<=8999), "U30", IF(J24>8999, "Gud", "")))), "")) | L24: =+CONCATENATE(H24,"-",K24) -> - | M24: =+ROUND($J24*M$21,0) -> 0 | N24: =+ROUND($J24*N$21,0) -> 0 | O24: =+J24-M24-N24 -> 0 | P24: =SUM(M24:O24) -> 0 | Q24: =+ROUND(M24*Q$21,0) -> 0 | R24: =+ROUND(N24*R$21,0) -> 0 | S24: =+T24-Q24-R24 -> 0 | T24: =+ROUND(P24*Q$21,0) -> 0 | U24: =SUM(Q24:S24) -> 0 | W24: =+L24 -> - | X24: =+K24 | Z24: =+ROUND(M24,0) -> 0 | AA24: =+ROUND(N24,0) -> 0 | AB24: =+AF24-Z24-AA24 -> 0 | AC24: =+ROUND(Q24,0) -> 0 | AD24: =+ROUND(R24,0) -> 0 | AE24: =+ROUND(S24,0) -> 0 | AF24: =+ROUND(J24,0) -> 0
H25: =IF(ISNUMBER(SEARCH("Electrodependientes-Residencial", G25)), "6000", IF(ISNUMBER(SEARCH("Bomberos Voluntarios-Residencial", G25)), "6000", IF(ISNUMBER(SEARCH("Clubes de Barrio y Pueblo-Residencial", G25)), "6500", IF(ISNUMBER(SEARCH("Clubes de Barrio y Pueblo-No Residencial", G25)), "6500", IF(ISNUMBER(SEARCH("Entidades de Bien Público-Residencial", G25)), "6500", IF(ISNUMBER(SEARCH("Entidades de Bien Público-No Residencial", G25)), "6500", IF(ISNUMBER(SEARCH("Medidores comunitarios de complejos habitacionales-Residencial", G25)), "N2", IF(ISNUMBER(SEARCH("Asentamientos residenciales-Residencial", G25)), "N2", "")))))))) | I25: =IF(ISNUMBER(SEARCH("No Residencial", G25)), "No Residencial", IF(ISNUMBER(SEARCH("Residencial", G25)), "Residencial", "")) | K25: =IF(I25="Residencial", IF(J25<=150, "UR1", IF(AND(J25>150, J25<=500), "UR2", IF(AND(J25>500, J25<=700), "UR3", IF(AND(J25>700, J25<=1400), "UR4", IF(J25>1400, "UR5", ""))))), IF(I25="No Residencial", IF(J25<2000, "NR1", IF(AND(J25>1999, J25<3000), "NR2", IF(AND(J25>=3000, J25<=8999), "U30", IF(J25>8999, "Gud", "")))), "")) | L25: =+CONCATENATE(H25,"-",K25) -> - | M25: =+ROUND($J25*M$21,0) -> 0 | N25: =+ROUND($J25*N$21,0) -> 0 | O25: =+J25-M25-N25 -> 0 | P25: =SUM(M25:O25) -> 0 | Q25: =+ROUND(M25*Q$21,0) -> 0 | R25: =+ROUND(N25*R$21,0) -> 0 | S25: =+T25-Q25-R25 -> 0 | T25: =+ROUND(P25*Q$21,0) -> 0 | U25: =SUM(Q25:S25) -> 0 | W25: =+L25 -> - | X25: =+K25 | Z25: =+ROUND(M25,0) -> 0 | AA25: =+ROUND(N25,0) -> 0 | AB25: =+AF25-Z25-AA25 -> 0 | AC25: =+ROUND(Q25,0) -> 0 | AD25: =+ROUND(R25,0) -> 0 | AE25: =+ROUND(S25,0) -> 0 | AF25: =+ROUND(J25,0) -> 0
H26: =IF(ISNUMBER(SEARCH("Electrodependientes-Residencial", G26)), "6000", IF(ISNUMBER(SEARCH("Bomberos Voluntarios-Residencial", G26)), "6000", IF(ISNUMBER(SEARCH("Clubes de Barrio y Pueblo-Residencial", G26)), "6500", IF(ISNUMBER(SEARCH("Clubes de Barrio y Pueblo-No Residencial", G26)), "6500", IF(ISNUMBER(SEARCH("Entidades de Bien Público-Residencial", G26)), "6500", IF(ISNUMBER(SEARCH("Entidades de Bien Público-No Residencial", G26)), "6500", IF(ISNUMBER(SEARCH("Medidores comunitarios de complejos habitacionales-Residencial", G26)), "N2", IF(ISNUMBER(SEARCH("Asentamientos residenciales-Residencial", G26)), "N2", "")))))))) | I26: =IF(ISNUMBER(SEARCH("No Residencial", G26)), "No Residencial", IF(ISNUMBER(SEARCH("Residencial", G26)), "Residencial", "")) | K26: =IF(I26="Residencial", IF(J26<=150, "UR1", IF(AND(J26>150, J26<=500), "UR2", IF(AND(J26>500, J26<=700), "UR3", IF(AND(J26>700, J26<=1400), "UR4", IF(J26>1400, "UR5", ""))))), IF(I26="No Residencial", IF(J26<2000, "NR1", IF(AND(J26>1999, J26<3000), "NR2", IF(AND(J26>=3000, J26<=8999), "U30", IF(J26>8999, "Gud", "")))), "")) | L26: =+CONCATENATE(H26,"-",K26) -> - | M26: =+ROUND($J26*M$21,0) -> 0 | N26: =+ROUND($J26*N$21,0) -> 0 | O26: =+J26-M26-N26 -> 0 | P26: =SUM(M26:O26) -> 0 | Q26: =+ROUND(M26*Q$21,0) -> 0 | R26: =+ROUND(N26*R$21,0) -> 0 | S26: =+T26-Q26-R26 -> 0 | T26: =+ROUND(P26*Q$21,0) -> 0 | U26: =SUM(Q26:S26) -> 0 | W26: =+L26 -> - | X26: =+K26 | Z26: =+ROUND(M26,0) -> 0 | AA26: =+ROUND(N26,0) -> 0 | AB26: =+AF26-Z26-AA26 -> 0 | AC26: =+ROUND(Q26,0) -> 0 | AD26: =+ROUND(R26,0) -> 0 | AE26: =+ROUND(S26,0) -> 0 | AF26: =+ROUND(J26,0) -> 0
H27: =IF(ISNUMBER(SEARCH("Electrodependientes-Residencial", G27)), "6000", IF(ISNUMBER(SEARCH("Bomberos Voluntarios-Residencial", G27)), "6000", IF(ISNUMBER(SEARCH("Clubes de Barrio y Pueblo-Residencial", G27)), "6500", IF(ISNUMBER(SEARCH("Clubes de Barrio y Pueblo-No Residencial", G27)), "6500", IF(ISNUMBER(SEARCH("Entidades de Bien Público-Residencial", G27)), "6500", IF(ISNUMBER(SEARCH("Entidades de Bien Público-No Residencial", G27)), "6500", IF(ISNUMBER(SEARCH("Medidores comunitarios de complejos habitacionales-Residencial", G27)), "N2", IF(ISNUMBER(SEARCH("Asentamientos residenciales-Residencial", G27)), "N2", "")))))))) | I27: =IF(ISNUMBER(SEARCH("No Residencial", G27)), "No Residencial", IF(ISNUMBER(SEARCH("Residencial", G27)), "Residencial", "")) | K27: =IF(I27="Residencial", IF(J27<=150, "UR1", IF(AND(J27>150, J27<=500), "UR2", IF(AND(J27>500, J27<=700), "UR3", IF(AND(J27>700, J27<=1400), "UR4", IF(J27>1400, "UR5", ""))))), IF(I27="No Residencial", IF(J27<2000, "NR1", IF(AND(J27>1999, J27<3000), "NR2", IF(AND(J27>=3000, J27<=8999), "U30", IF(J27>8999, "Gud", "")))), "")) | L27: =+CONCATENATE(H27,"-",K27) -> - | M27: =+ROUND($J27*M$21,0) -> 0 | N27: =+ROUND($J27*N$21,0) -> 0 | O27: =+J27-M27-N27 -> 0 | P27: =SUM(M27:O27) -> 0 | Q27: =+ROUND(M27*Q$21,0) -> 0 | R27: =+ROUND(N27*R$21,0) -> 0 | S27: =+T27-Q27-R27 -> 0 | T27: =+ROUND(P27*Q$21,0) -> 0 | U27: =SUM(Q27:S27) -> 0 | W27: =+L27 -> - | X27: =+K27 | Z27: =+ROUND(M27,0) -> 0 | AA27: =+ROUND(N27,0) -> 0 | AB27: =+AF27-Z27-AA27 -> 0 | AC27: =+ROUND(Q27,0) -> 0 | AD27: =+ROUND(R27,0) -> 0 | AE27: =+ROUND(S27,0) -> 0 | AF27: =+ROUND(J27,0) -> 0
H28: =IF(ISNUMBER(SEARCH("Electrodependientes-Residencial", G28)), "6000", IF(ISNUMBER(SEARCH("Bomberos Voluntarios-Residencial", G28)), "6000", IF(ISNUMBER(SEARCH("Clubes de Barrio y Pueblo-Residencial", G28)), "6500", IF(ISNUMBER(SEARCH("Clubes de Barrio y Pueblo-No Residencial", G28)), "6500", IF(ISNUMBER(SEARCH("Entidades de Bien Público-Residencial", G28)), "6500", IF(ISNUMBER(SEARCH("Entidades de Bien Público-No Residencial", G28)), "6500", IF(ISNUMBER(SEARCH("Medidores comunitarios de complejos habitacionales-Residencial", G28)), "N2", IF(ISNUMBER(SEARCH("Asentamientos residenciales-Residencial", G28)), "N2", "")))))))) | I28: =IF(ISNUMBER(SEARCH("No Residencial", G28)), "No Residencial", IF(ISNUMBER(SEARCH("Residencial", G28)), "Residencial", "")) | K28: =IF(I28="Residencial", IF(J28<=150, "UR1", IF(AND(J28>150, J28<=500), "UR2", IF(AND(J28>500, J28<=700), "UR3", IF(AND(J28>700, J28<=1400), "UR4", IF(J28>1400, "UR5", ""))))), IF(I28="No Residencial", IF(J28<2000, "NR1", IF(AND(J28>1999, J28<3000), "NR2", IF(AND(J28>=3000, J28<=8999), "U30", IF(J28>8999, "Gud", "")))), "")) | L28: =+CONCATENATE(H28,"-",K28) -> - | M28: =+ROUND($J28*M$21,0) -> 0 | N28: =+ROUND($J28*N$21,0) -> 0 | O28: =+J28-M28-N28 -> 0 | P28: =SUM(M28:O28) -> 0 | Q28: =+ROUND(M28*Q$21,0) -> 0 | R28: =+ROUND(N28*R$21,0) -> 0 | S28: =+T28-Q28-R28 -> 0 | T28: =+ROUND(P28*Q$21,0) -> 0 | U28: =SUM(Q28:S28) -> 0 | W28: =+L28 -> - | X28: =+K28 | Z28: =+ROUND(M28,0) -> 0 | AA28: =+ROUND(N28,0) -> 0 | AB28: =+AF28-Z28-AA28 -> 0 | AC28: =+ROUND(Q28,0) -> 0 | AD28: =+ROUND(R28,0) -> 0 | AE28: =+ROUND(S28,0) -> 0 | AF28: =+ROUND(J28,0) -> 0
H29: =IF(ISNUMBER(SEARCH("Electrodependientes-Residencial", G29)), "6000", IF(ISNUMBER(SEARCH("Bomberos Voluntarios-Residencial", G29)), "6000", IF(ISNUMBER(SEARCH("Clubes de Barrio y Pueblo-Residencial", G29)), "6500", IF(ISNUMBER(SEARCH("Clubes de Barrio y Pueblo-No Residencial", G29)), "6500", IF(ISNUMBER(SEARCH("Entidades de Bien Público-Residencial", G29)), "6500", IF(ISNUMBER(SEARCH("Entidades de Bien Público-No Residencial", G29)), "6500", IF(ISNUMBER(SEARCH("Medidores comunitarios de complejos habitacionales-Residencial", G29)), "N2", IF(ISNUMBER(SEARCH("Asentamientos residenciales-Residencial", G29)), "N2", "")))))))) | I29: =IF(ISNUMBER(SEARCH("No Residencial", G29)), "No Residencial", IF(ISNUMBER(SEARCH("Residencial", G29)), "Residencial", "")) | K29: =IF(I29="Residencial", IF(J29<=150, "UR1", IF(AND(J29>150, J29<=500), "UR2", IF(AND(J29>500, J29<=700), "UR3", IF(AND(J29>700, J29<=1400), "UR4", IF(J29>1400, "UR5", ""))))), IF(I29="No Residencial", IF(J29<2000, "NR1", IF(AND(J29>1999, J29<3000), "NR2", IF(AND(J29>=3000, J29<=8999), "U30", IF(J29>8999, "Gud", "")))), "")) | L29: =+CONCATENATE(H29,"-",K29) -> - | M29: =+ROUND($J29*M$21,0) -> 0 | N29: =+ROUND($J29*N$21,0) -> 0 | O29: =+J29-M29-N29 -> 0 | P29: =SUM(M29:O29) -> 0 | Q29: =+ROUND(M29*Q$21,0) -> 0 | R29: =+ROUND(N29*R$21,0) -> 0 | S29: =+T29-Q29-R29 -> 0 | T29: =+ROUND(P29*Q$21,0) -> 0 | U29: =SUM(Q29:S29) -> 0 | W29: =+L29 -> - | X29: =+K29 | Z29: =+ROUND(M29,0) -> 0 | AA29: =+ROUND(N29,0) -> 0 | AB29: =+AF29-Z29-AA29 -> 0 | AC29: =+ROUND(Q29,0) -> 0 | AD29: =+ROUND(R29,0) -> 0 | AE29: =+ROUND(S29,0) -> 0 | AF29: =+ROUND(J29,0) -> 0
H30: =IF(ISNUMBER(SEARCH("Electrodependientes-Residencial", G30)), "6000", IF(ISNUMBER(SEARCH("Bomberos Voluntarios-Residencial", G30)), "6000", IF(ISNUMBER(SEARCH("Clubes de Barrio y Pueblo-Residencial", G30)), "6500", IF(ISNUMBER(SEARCH("Clubes de Barrio y Pueblo-No Residencial", G30)), "6500", IF(ISNUMBER(SEARCH("Entidades de Bien Público-Residencial", G30)), "6500", IF(ISNUMBER(SEARCH("Entidades de Bien Público-No Residencial", G30)), "6500", IF(ISNUMBER(SEARCH("Medidores comunitarios de complejos habitacionales-Residencial", G30)), "N2", IF(ISNUMBER(SEARCH("Asentamientos residenciales-Residencial", G30)), "N2", "")))))))) | I30: =IF(ISNUMBER(SEARCH("No Residencial", G30)), "No Residencial", IF(ISNUMBER(SEARCH("Residencial", G30)), "Residencial", "")) | K30: =IF(I30="Residencial", IF(J30<=150, "UR1", IF(AND(J30>150, J30<=500), "UR2", IF(AND(J30>500, J30<=700), "UR3", IF(AND(J30>700, J30<=1400), "UR4", IF(J30>1400, "UR5", ""))))), IF(I30="No Residencial", IF(J30<2000, "NR1", IF(AND(J30>1999, J30<3000), "NR2", IF(AND(J30>=3000, J30<=8999), "U30", IF(J30>8999, "Gud", "")))), "")) | L30: =+CONCATENATE(H30,"-",K30) -> - | M30: =+ROUND($J30*M$21,0) -> 0 | N30: =+ROUND($J30*N$21,0) -> 0 | O30: =+J30-M30-N30 -> 0 | P30: =SUM(M30:O30) -> 0 | Q30: =+ROUND(M30*Q$21,0) -> 0 | R30: =+ROUND(N30*R$21,0) -> 0 | S30: =+T30-Q30-R30 -> 0 | T30: =+ROUND(P30*Q$21,0) -> 0 | U30: =SUM(Q30:S30) -> 0 | W30: =+L30 -> - | X30: =+K30 | Z30: =+ROUND(M30,0) -> 0 | AA30: =+ROUND(N30,0) -> 0 | AB30: =+AF30-Z30-AA30 -> 0 | AC30: =+ROUND(Q30,0) -> 0 | AD30: =+ROUND(R30,0) -> 0 | AE30: =+ROUND(S30,0) -> 0 | AF30: =+ROUND(J30,0) -> 0
H31: =IF(ISNUMBER(SEARCH("Electrodependientes-Residencial", G31)), "6000", IF(ISNUMBER(SEARCH("Bomberos Voluntarios-Residencial", G31)), "6000", IF(ISNUMBER(SEARCH("Clubes de Barrio y Pueblo-Residencial", G31)), "6500", IF(ISNUMBER(SEARCH("Clubes de Barrio y Pueblo-No Residencial", G31)), "6500", IF(ISNUMBER(SEARCH("Entidades de Bien Público-Residencial", G31)), "6500", IF(ISNUMBER(SEARCH("Entidades de Bien Público-No Residencial", G31)), "6500", IF(ISNUMBER(SEARCH("Medidores comunitarios de complejos habitacionales-Residencial", G31)), "N2", IF(ISNUMBER(SEARCH("Asentamientos residenciales-Residencial", G31)), "N2", "")))))))) | I31: =IF(ISNUMBER(SEARCH("No Residencial", G31)), "No Residencial", IF(ISNUMBER(SEARCH("Residencial", G31)), "Residencial", "")) | K31: =IF(I31="Residencial", IF(J31<=150, "UR1", IF(AND(J31>150, J31<=500), "UR2", IF(AND(J31>500, J31<=700), "UR3", IF(AND(J31>700, J31<=1400), "UR4", IF(J31>1400, "UR5", ""))))), IF(I31="No Residencial", IF(J31<2000, "NR1", IF(AND(J31>1999, J31<3000), "NR2", IF(AND(J31>=3000, J31<=8999), "U30", IF(J31>8999, "Gud", "")))), "")) | L31: =+CONCATENATE(H31,"-",K31) -> - | M31: =+ROUND($J31*M$21,0) -> 0 | N31: =+ROUND($J31*N$21,0) -> 0 | O31: =+J31-M31-N31 -> 0 | P31: =SUM(M31:O31) -> 0 | Q31: =+ROUND(M31*Q$21,0) -> 0 | R31: =+ROUND(N31*R$21,0) -> 0 | S31: =+T31-Q31-R31 -> 0 | T31: =+ROUND(P31*Q$21,0) -> 0 | U31: =SUM(Q31:S31) -> 0 | W31: =+L31 -> - | X31: =+K31 | Z31: =+ROUND(M31,0) -> 0 | AA31: =+ROUND(N31,0) -> 0 | AB31: =+AF31-Z31-AA31 -> 0 | AC31: =+ROUND(Q31,0) -> 0 | AD31: =+ROUND(R31,0) -> 0 | AE31: =+ROUND(S31,0) -> 0 | AF31: =+ROUND(J31,0) -> 0
H32: =IF(ISNUMBER(SEARCH("Electrodependientes-Residencial", G32)), "6000", IF(ISNUMBER(SEARCH("Bomberos Voluntarios-Residencial", G32)), "6000", IF(ISNUMBER(SEARCH("Clubes de Barrio y Pueblo-Residencial", G32)), "6500", IF(ISNUMBER(SEARCH("Clubes de Barrio y Pueblo-No Residencial", G32)), "6500", IF(ISNUMBER(SEARCH("Entidades de Bien Público-Residencial", G32)), "6500", IF(ISNUMBER(SEARCH("Entidades de Bien Público-No Residencial", G32)), "6500", IF(ISNUMBER(SEARCH("Medidores comunitarios de complejos habitacionales-Residencial", G32)), "N2", IF(ISNUMBER(SEARCH("Asentamientos residenciales-Residencial", G32)), "N2", "")))))))) | I32: =IF(ISNUMBER(SEARCH("No Residencial", G32)), "No Residencial", IF(ISNUMBER(SEARCH("Residencial", G32)), "Residencial", "")) | K32: =IF(I32="Residencial", IF(J32<=150, "UR1", IF(AND(J32>150, J32<=500), "UR2", IF(AND(J32>500, J32<=700), "UR3", IF(AND(J32>700, J32<=1400), "UR4", IF(J32>1400, "UR5", ""))))), IF(I32="No Residencial", IF(J32<2000, "NR1", IF(AND(J32>1999, J32<3000), "NR2", IF(AND(J32>=3000, J32<=8999), "U30", IF(J32>8999, "Gud", "")))), "")) | L32: =+CONCATENATE(H32,"-",K32) -> - | M32: =+ROUND($J32*M$21,0) -> 0 | N32: =+ROUND($J32*N$21,0) -> 0 | O32: =+J32-M32-N32 -> 0 | P32: =SUM(M32:O32) -> 0 | Q32: =+ROUND(M32*Q$21,0) -> 0 | R32: =+ROUND(N32*R$21,0) -> 0 | S32: =+T32-Q32-R32 -> 0 | T32: =+ROUND(P32*Q$21,0) -> 0 | U32: =SUM(Q32:S32) -> 0 | W32: =+L32 -> - | X32: =+K32 | Z32: =+ROUND(M32,0) -> 0 | AA32: =+ROUND(N32,0) -> 0 | AB32: =+AF32-Z32-AA32 -> 0 | AC32: =+ROUND(Q32,0) -> 0 | AD32: =+ROUND(R32,0) -> 0 | AE32: =+ROUND(S32,0) -> 0 | AF32: =+ROUND(J32,0) -> 0
H33: =IF(ISNUMBER(SEARCH("Electrodependientes-Residencial", G33)), "6000", IF(ISNUMBER(SEARCH("Bomberos Voluntarios-Residencial", G33)), "6000", IF(ISNUMBER(SEARCH("Clubes de Barrio y Pueblo-Residencial", G33)), "6500", IF(ISNUMBER(SEARCH("Clubes de Barrio y Pueblo-No Residencial", G33)), "6500", IF(ISNUMBER(SEARCH("Entidades de Bien Público-Residencial", G33)), "6500", IF(ISNUMBER(SEARCH("Entidades de Bien Público-No Residencial", G33)), "6500", IF(ISNUMBER(SEARCH("Medidores comunitarios de complejos habitacionales-Residencial", G33)), "N2", IF(ISNUMBER(SEARCH("Asentamientos residenciales-Residencial", G33)), "N2", "")))))))) | I33: =IF(ISNUMBER(SEARCH("No Residencial", G33)), "No Residencial", IF(ISNUMBER(SEARCH("Residencial", G33)), "Residencial", "")) | K33: =IF(I33="Residencial", IF(J33<=150, "UR1", IF(AND(J33>150, J33<=500), "UR2", IF(AND(J33>500, J33<=700), "UR3", IF(AND(J33>700, J33<=1400), "UR4", IF(J33>1400, "UR5", ""))))), IF(I33="No Residencial", IF(J33<2000, "NR1", IF(AND(J33>1999, J33<3000), "NR2", IF(AND(J33>=3000, J33<=8999), "U30", IF(J33>8999, "Gud", "")))), "")) | L33: =+CONCATENATE(H33,"-",K33) -> - | M33: =+ROUND($J33*M$21,0) -> 0 | N33: =+ROUND($J33*N$21,0) -> 0 | O33: =+J33-M33-N33 -> 0 | P33: =SUM(M33:O33) -> 0 | Q33: =+ROUND(M33*Q$21,0) -> 0 | R33: =+ROUND(N33*R$21,0) -> 0 | S33: =+T33-Q33-R33 -> 0 | T33: =+ROUND(P33*Q$21,0) -> 0 | U33: =SUM(Q33:S33) -> 0 | W33: =+L33 -> - | X33: =+K33 | Z33: =+ROUND(M33,0) -> 0 | AA33: =+ROUND(N33,0) -> 0 | AB33: =+AF33-Z33-AA33 -> 0 | AC33: =+ROUND(Q33,0) -> 0 | AD33: =+ROUND(R33,0) -> 0 | AE33: =+ROUND(S33,0) -> 0 | AF33: =+ROUND(J33,0) -> 0
H34: =IF(ISNUMBER(SEARCH("Electrodependientes-Residencial", G34)), "6000", IF(ISNUMBER(SEARCH("Bomberos Voluntarios-Residencial", G34)), "6000", IF(ISNUMBER(SEARCH("Clubes de Barrio y Pueblo-Residencial", G34)), "6500", IF(ISNUMBER(SEARCH("Clubes de Barrio y Pueblo-No Residencial", G34)), "6500", IF(ISNUMBER(SEARCH("Entidades de Bien Público-Residencial", G34)), "6500", IF(ISNUMBER(SEARCH("Entidades de Bien Público-No Residencial", G34)), "6500", IF(ISNUMBER(SEARCH("Medidores comunitarios de complejos habitacionales-Residencial", G34)), "N2", IF(ISNUMBER(SEARCH("Asentamientos residenciales-Residencial", G34)), "N2", "")))))))) | I34: =IF(ISNUMBER(SEARCH("No Residencial", G34)), "No Residencial", IF(ISNUMBER(SEARCH("Residencial", G34)), "Residencial", "")) | K34: =IF(I34="Residencial", IF(J34<=150, "UR1", IF(AND(J34>150, J34<=500), "UR2", IF(AND(J34>500, J34<=700), "UR3", IF(AND(J34>700, J34<=1400), "UR4", IF(J34>1400, "UR5", ""))))), IF(I34="No Residencial", IF(J34<2000, "NR1", IF(AND(J34>1999, J34<3000), "NR2", IF(AND(J34>=3000, J34<=8999), "U30", IF(J34>8999, "Gud", "")))), "")) | L34: =+CONCATENATE(H34,"-",K34) -> - | M34: =+ROUND($J34*M$21,0) -> 0 | N34: =+ROUND($J34*N$21,0) -> 0 | O34: =+J34-M34-N34 -> 0 | P34: =SUM(M34:O34) -> 0 | Q34: =+ROUND(M34*Q$21,0) -> 0 | R34: =+ROUND(N34*R$21,0) -> 0 | S34: =+T34-Q34-R34 -> 0 | T34: =+ROUND(P34*Q$21,0) -> 0 | U34: =SUM(Q34:S34) -> 0 | W34: =+L34 -> - | X34: =+K34 | Z34: =+ROUND(M34,0) -> 0 | AA34: =+ROUND(N34,0) -> 0 | AB34: =+AF34-Z34-AA34 -> 0 | AC34: =+ROUND(Q34,0) -> 0 | AD34: =+ROUND(R34,0) -> 0 | AE34: =+ROUND(S34,0) -> 0 | AF34: =+ROUND(J34,0) -> 0
... H132: =IF(ISNUMBER(SEARCH("Electrodependientes-Residencial", G132)), "6000", IF(ISNUMBER(SEARCH("Bomberos Voluntarios-Residencial", G132)), "6000", IF(ISNUMBER(SEARCH("Clubes de Barrio y Pueblo-Residencial", G132)), "6500", IF(ISNUMBER(SEARCH("Clubes de Barrio y Pueblo-No Residencial", G132)), "6500", IF(ISNUMBER(SEARCH("Entidades de Bien Público-Residencial", G132)), "6500", IF(ISNUMBER(SEARCH("Entidades de Bien Público-No Residencial", G132)), "6500", IF(ISNUMBER(SEARCH("Medidores comunitarios de complejos habitacionales-Residencial", G132)), "N2", IF(ISNUMBER(SEARCH("Asentamientos residenciales-Residencial", G132)), "N2", "")))))))) | I132: =IF(ISNUMBER(SEARCH("No Residencial", G132)), "No Residencial", IF(ISNUMBER(SEARCH("Residencial", G132)), "Residencial", "")) | K132: =IF(I132="Residencial", IF(J132<=150, "UR1", IF(AND(J132>150, J132<=500), "UR2", IF(AND(J132>500, J132<=700), "UR3", IF(AND(J132>700, J132<=1400), "UR4", IF(J132>1400, "UR5", ""))))), IF(I132="No Residencial", IF(J132<2000, "NR1", IF(AND(J132>1999, J132<3000), "NR2", IF(AND(J132>=3000, J132<=8999), "U30", IF(J132>8999, "Gud", "")))), "")) | L132: =+CONCATENATE(H132,"-",K132) -> - | M132: =+ROUND($J132*M$21,0) -> 0 | N132: =+ROUND($J132*N$21,0) -> 0 | O132: =+J132-M132-N132 -> 0 | P132: =SUM(M132:O132) -> 0 | Q132: =+ROUND(M132*Q$21,0) -> 0 | R132: =+ROUND(N132*R$21,0) -> 0 | S132: =+T132-Q132-R132 -> 0 | T132: =+ROUND(P132*Q$21,0) -> 0 | U132: =SUM(Q132:S132) -> 0 | W132: =+L132 -> - | X132: =+K132 | Z132: =+ROUND(M132,0) -> 0 | AA132: =+ROUND(N132,0) -> 0 | AB132: =+AF132-Z132-AA132 -> 0 | AC132: =+ROUND(Q132,0) -> 0 | AD132: =+ROUND(R132,0) -> 0 | AE132: =+ROUND(S132,0) -> 0 | AF132: =+ROUND(J132,0) -> 0
Z133: =SUM(Z23:Z132) -> 0 | AA133: =SUM(AA23:AA132) -> 0 | AB133: =SUM(AB23:AB132) -> 0 | AC133: =SUM(AC23:AC132) -> 0 | AD133: =SUM(AD23:AD132) -> 0 | AE133: =SUM(AE23:AE132) -> 0 | AF133: =SUM(AF23:AF132) -> 0
Z135: Energia Facturada (kWh) | AC135: Perdidas en la red (kWh) | AF135: TOTAL COMPRA
Z136: Pico | AA136: Valle | AB136: Resto | AC136: Pico | AD136: Valle | AE136: Resto | AF136: Pico | AG136: Valle | AH136: Resto
U137: kwh | V137: CANT | W137: TIPO | X137: KWH | Y137: USUARIOS
P138: UR1 | Q138: Residencial | R138: =+CONCATENATE(Q138," (",P138,")") -> Residencial (UR1) | U138: =+SUMIF($K$23:$P$128,W138,P$23:P$128) -> 0 | V138: =+COUNTIF(X$23:X$132,W138) -> 0 | W138: UR1 | X138: =SUM(Z138:AB138) -> 0 | Y138: =+V138 -> 0 | Z138: =+SUMIF($X$23:$AE$132,$W138,Z$23:Z$132) -> 0 | AA138: =+SUMIF($X$23:$AE$132,$W138,AA$23:AA$132) -> 0 | AB138: =+SUMIF($X$23:$AE$132,$W138,AB$23:AB$132) -> 0 | AC138: =+SUMIF($X$23:$AE$132,$W138,AC$23:AC$132) -> 0 | AD138: =+SUMIF($X$23:$AE$132,$W138,AD$23:AD$132) -> 0 | AE138: =+SUMIF($X$23:$AE$132,$W138,AE$23:AE$132) -> 0 | AF138: =+Z138+AC138 -> 0 | AG138: =+AA138+AD138 -> 0 | AH138: =+AB138+AE138 -> 0
P139: UR2 | Q139: Residencial | R139: =+CONCATENATE(Q139," (",P139,")") -> Residencial (UR2) | U139: =+SUMIF($K$23:$P$128,W139,P$23:P$128) -> 0 | V139: =+COUNTIF(X$23:X$132,W139) -> 0 | W139: UR2 | X139: =SUM(Z139:AB139) -> 0 | Y139: =+V139 -> 0 | Z139: =+SUMIF($X$23:$AE$132,$W139,Z$23:Z$132) -> 0 | AA139: =+SUMIF($X$23:$AE$132,$W139,AA$23:AA$132) -> 0 | AB139: =+SUMIF($X$23:$AE$132,$W139,AB$23:AB$132) -> 0 | AC139: =+SUMIF($X$23:$AE$132,$W139,AC$23:AC$132) -> 0 | AD139: =+SUMIF($X$23:$AE$132,$W139,AD$23:AD$132) -> 0 | AE139: =+SUMIF($X$23:$AE$132,$W139,AE$23:AE$132) -> 0 | AF139: =+Z139+AC139 -> 0 | AG139: =+AA139+AD139 -> 0 | AH139: =+AB139+AE139 -> 0
P140: UR3 | Q140: Residencial | R140: =+CONCATENATE(Q140," (",P140,")") -> Residencial (UR3) | U140: =+SUMIF($K$23:$P$128,W140,P$23:P$128) -> 0 | V140: =+COUNTIF(X$23:X$132,W140) -> 0 | W140: UR3 | X140: =SUM(Z140:AB140) -> 0 | Y140: =+V140 -> 0 | Z140: =+SUMIF($X$23:$AE$132,$W140,Z$23:Z$132) -> 0 | AA140: =+SUMIF($X$23:$AE$132,$W140,AA$23:AA$132) -> 0 | AB140: =+SUMIF($X$23:$AE$132,$W140,AB$23:AB$132) -> 0 | AC140: =+SUMIF($X$23:$AE$132,$W140,AC$23:AC$132) -> 0 | AD140: =+SUMIF($X$23:$AE$132,$W140,AD$23:AD$132) -> 0 | AE140: =+SUMIF($X$23:$AE$132,$W140,AE$23:AE$132) -> 0 | AF140: =+Z140+AC140 -> 0 | AG140: =+AA140+AD140 -> 0 | AH140: =+AB140+AE140 -> 0
P141: UR4 | Q141: Residencial | R141: =+CONCATENATE(Q141," (",P141,")") -> Residencial (UR4) | U141: =+SUMIF($K$23:$P$128,W141,P$23:P$128) -> 0 | V141: =+COUNTIF(X$23:X$132,W141) -> 0 | W141: UR4 | X141: =SUM(Z141:AB141) -> 0 | Y141: =+V141 -> 0 | Z141: =+SUMIF($X$23:$AE$132,$W141,Z$23:Z$132) -> 0 | AA141: =+SUMIF($X$23:$AE$132,$W141,AA$23:AA$132) -> 0 | AB141: =+SUMIF($X$23:$AE$132,$W141,AB$23:AB$132) -> 0 | AC141: =+SUMIF($X$23:$AE$132,$W141,AC$23:AC$132) -> 0 | AD141: =+SUMIF($X$23:$AE$132,$W141,AD$23:AD$132) -> 0 | AE141: =+SUMIF($X$23:$AE$132,$W141,AE$23:AE$132) -> 0 | AF141: =+Z141+AC141 -> 0 | AG141: =+AA141+AD141 -> 0 | AH141: =+AB141+AE141 -> 0
P142: UR5 | Q142: Residencial | R142: =+CONCATENATE(Q142," (",P142,")") -> Residencial (UR5) | U142: =+SUMIF($K$23:$P$128,W142,P$23:P$128) -> 0 | V142: =+COUNTIF(X$23:X$132,W142) -> 0 | W142: UR5 | X142: =SUM(Z142:AB142) -> 0 | Y142: =+V142 -> 0 | Z142: =+SUMIF($X$23:$AE$132,$W142,Z$23:Z$132) -> 0 | AA142: =+SUMIF($X$23:$AE$132,$W142,AA$23:AA$132) -> 0 | AB142: =+SUMIF($X$23:$AE$132,$W142,AB$23:AB$132) -> 0 | AC142: =+SUMIF($X$23:$AE$132,$W142,AC$23:AC$132) -> 0 | AD142: =+SUMIF($X$23:$AE$132,$W142,AD$23:AD$132) -> 0 | AE142: =+SUMIF($X$23:$AE$132,$W142,AE$23:AE$132) -> 0 | AF142: =+Z142+AC142 -> 0 | AG142: =+AA142+AD142 -> 0 | AH142: =+AB142+AE142 -> 0
P143: NR1 | Q143: No Residencial | R143: =+CONCATENATE(Q143," (",P143,")") -> No Residencial (NR1) | U143: =+SUMIF($K$23:$P$128,W143,P$23:P$128) -> 0 | V143: =+COUNTIF(X$23:X$132,W143) -> 0 | W143: NR1 | X143: =SUM(Z143:AB143) -> 0 | Y143: =+V143 -> 0 | Z143: =+SUMIF($X$23:$AE$132,$W143,Z$23:Z$132) -> 0 | AA143: =+SUMIF($X$23:$AE$132,$W143,AA$23:AA$132) -> 0 | AB143: =+SUMIF($X$23:$AE$132,$W143,AB$23:AB$132) -> 0 | AC143: =+SUMIF($X$23:$AE$132,$W143,AC$23:AC$132) -> 0 | AD143: =+SUMIF($X$23:$AE$132,$W143,AD$23:AD$132) -> 0 | AE143: =+SUMIF($X$23:$AE$132,$W143,AE$23:AE$132) -> 0 | AF143: =+Z143+AC143 -> 0 | AG143: =+AA143+AD143 -> 0 | AH143: =+AB143+AE143 -> 0
P144: NR2 | Q144: No Residencial | R144: =+CONCATENATE(Q144," (",P144,")") -> No Residencial (NR2) | U144: =+SUMIF($K$23:$P$128,W144,P$23:P$128) -> 0 | V144: =+COUNTIF(X$23:X$132,W144) -> 0 | W144: NR2 | X144: =SUM(Z144:AB144) -> 0 | Y144: =+V144 -> 0 | Z144: =+SUMIF($X$23:$AE$132,$W144,Z$23:Z$132) -> 0 | AA144: =+SUMIF($X$23:$AE$132,$W144,AA$23:AA$132) -> 0 | AB144: =+SUMIF($X$23:$AE$132,$W144,AB$23:AB$132) -> 0 | AC144: =+SUMIF($X$23:$AE$132,$W144,AC$23:AC$132) -> 0 | AD144: =+SUMIF($X$23:$AE$132,$W144,AD$23:AD$132) -> 0 | AE144: =+SUMIF($X$23:$AE$132,$W144,AE$23:AE$132) -> 0 | AF144: =+Z144+AC144 -> 0 | AG144: =+AA144+AD144 -> 0 | AH144: =+AB144+AE144 -> 0
P145: U30 | Q145: No Residencial | R145: =+CONCATENATE(Q145," (",P145,")") -> No Residencial (U30) | U145: =+SUMIF($K$23:$P$128,W145,P$23:P$128) -> 0 | V145: =+COUNTIF(X$23:X$132,W145) -> 0 | W145: U30 | X145: =SUM(Z145:AB145) -> 0 | Y145: =+V145 -> 0 | Z145: =+SUMIF($X$23:$AE$132,$W145,Z$23:Z$132) -> 0 | AA145: =+SUMIF($X$23:$AE$132,$W145,AA$23:AA$132) -> 0 | AB145: =+SUMIF($X$23:$AE$132,$W145,AB$23:AB$132) -> 0 | AC145: =+SUMIF($X$23:$AE$132,$W145,AC$23:AC$132) -> 0 | AD145: =+SUMIF($X$23:$AE$132,$W145,AD$23:AD$132) -> 0 | AE145: =+SUMIF($X$23:$AE$132,$W145,AE$23:AE$132) -> 0 | AF145: =+Z145+AC145 -> 0 | AG145: =+AA145+AD145 -> 0 | AH145: =+AB145+AE145 -> 0
P146: Gud | Q146: No Residencial | R146: =+CONCATENATE(Q146," (",P146,")") -> No Residencial (Gud) | U146: =+SUMIF($K$23:$P$128,W146,P$23:P$128) -> 0 | V146: =+COUNTIF(X$23:X$132,W146) -> 0 | W146: Gud | X146: =SUM(Z146:AB146) -> 0 | Y146: =+V146 -> 0 | Z146: =+SUMIF($X$23:$AE$132,$W146,Z$23:Z$132) -> 0 | AA146: =+SUMIF($X$23:$AE$132,$W146,AA$23:AA$132) -> 0 | AB146: =+SUMIF($X$23:$AE$132,$W146,AB$23:AB$132) -> 0 | AC146: =+SUMIF($X$23:$AE$132,$W146,AC$23:AC$132) -> 0 | AD146: =+SUMIF($X$23:$AE$132,$W146,AD$23:AD$132) -> 0 | AE146: =+SUMIF($X$23:$AE$132,$W146,AE$23:AE$132) -> 0 | AF146: =+Z146+AC146 -> 0 | AG146: =+AA146+AD146 -> 0 | AH146: =+AB146+AE146 -> 0
L147: 6000-UR1 | W147: TOTAL | Z147: =+SUMIF($X$23:$AE$132,$W147,Z$23:Z$132) -> 0 | AA147: =+SUMIF($X$23:$AE$132,$W147,AA$23:AA$132) -> 0 | AB147: =+SUMIF($X$23:$AE$132,$W147,AB$23:AB$132) -> 0 | AC147: =+SUMIF($X$23:$AE$132,$W147,AC$23:AC$132) -> 0 | AD147: =+SUMIF($X$23:$AE$132,$W147,AD$23:AD$132) -> 0 | AE147: =+SUMIF($X$23:$AE$132,$W147,AE$23:AE$132) -> 0 | AF147: =+Z147+AC147 -> 0 | AG147: =+AA147+AD147 -> 0 | AH147: =+AB147+AE147 -> 0
L148: 6000-UR2 | X148: =SUM(X138:X147) -> 0 | Y148: =SUM(Y138:Y147) -> 0 | Z148: =SUM(Z138:Z147) -> 0 | AA148: =SUM(AA138:AA147) -> 0 | AB148: =SUM(AB138:AB147) -> 0 | AC148: =SUM(AC138:AC147) -> 0 | AD148: =SUM(AD138:AD147) -> 0 | AE148: =SUM(AE138:AE147) -> 0 | AF148: =+Z148+AC148 -> 0 | AG148: =+AA148+AD148 -> 0 | AH148: =+AB148+AE148 -> 0
Z152: Energia Facturada (kWh) | AC152: Perdidas en la red (kWh) | AF152: TOTAL COMPRA
L153: 6000-UR3 | Z153: Pico | AA153: Valle | AB153: Resto | AC153: Pico | AD153: Valle | AE153: Resto | AF153: Pico | AG153: Valle | AH153: Resto
L154: 6000-UR4 | V154: CANT | X154: TOTAL | Y154: usuario
L155: 6000-UR5 | Q155: Electrod.-B.Volunt.-Residencial | V155: =+COUNTIF(W$23:W$132,W155) -> 0 | W155: 6000-UR1 | X155: =+Z155+AA155+AB155 -> 0 | Y155: =+V155 -> 0 | Z155: =+SUMIF($W$23:$AE$132,$W155,Z$23:Z$132) -> 0 | AA155: =+SUMIF($W$23:$AE$132,$W155,AA$23:AA$132) -> 0 | AB155: =+SUMIF($W$23:$AE$132,$W155,AB$23:AB$132) -> 0 | AC155: =+SUMIF($W$23:$AE$132,$W155,AC$23:AC$132) -> 0 | AD155: =+SUMIF($W$23:$AE$132,$W155,AD$23:AD$132) -> 0 | AE155: =+SUMIF($W$23:$AE$132,$W155,AE$23:AE$132) -> 0 | AF155: =+Z155+AC155 -> 0 | AG155: =+AA155+AD155 -> 0 | AH155: =+AB155+AE155 -> 0
L156: 6500-UR1 | Q156: Electrod.-B.Volunt.-Residencial | V156: =+COUNTIF(W$23:W$132,W156) -> 0 | W156: 6000-UR2 | X156: =+Z156+AA156+AB156 -> 0 | Y156: =+V156 -> 0 | Z156: =+SUMIF($W$23:$AE$132,$W156,Z$23:Z$132) -> 0 | AA156: =+SUMIF($W$23:$AE$132,$W156,AA$23:AA$132) -> 0 | AB156: =+SUMIF($W$23:$AE$132,$W156,AB$23:AB$132) -> 0 | AC156: =+SUMIF($W$23:$AE$132,$W156,AC$23:AC$132) -> 0 | AD156: =+SUMIF($W$23:$AE$132,$W156,AD$23:AD$132) -> 0 | AE156: =+SUMIF($W$23:$AE$132,$W156,AE$23:AE$132) -> 0 | AF156: =+Z156+AC156 -> 0 | AG156: =+AA156+AD156 -> 0 | AH156: =+AB156+AE156 -> 0
L157: 6500-UR2 | Q157: Electrod.-B.Volunt.-Residencial | V157: =+COUNTIF(W$23:W$132,W157) -> 0 | W157: 6000-UR3 | X157: =+Z157+AA157+AB157 -> 0 | Y157: =+V157 -> 0 | Z157: =+SUMIF($W$23:$AE$132,$W157,Z$23:Z$132) -> 0 | AA157: =+SUMIF($W$23:$AE$132,$W157,AA$23:AA$132) -> 0 | AB157: =+SUMIF($W$23:$AE$132,$W157,AB$23:AB$132) -> 0 | AC157: =+SUMIF($W$23:$AE$132,$W157,AC$23:AC$132) -> 0 | AD157: =+SUMIF($W$23:$AE$132,$W157,AD$23:AD$132) -> 0 | AE157: =+SUMIF($W$23:$AE$132,$W157,AE$23:AE$132) -> 0 | AF157: =+Z157+AC157 -> 0 | AG157: =+AA157+AD157 -> 0 | AH157: =+AB157+AE157 -> 0
L158: 6500-UR3 | Q158: Electrod.-B.Volunt.-Residencial | V158: =+COUNTIF(W$23:W$132,W158) -> 0 | W158: 6000-UR4 | X158: =+Z158+AA158+AB158 -> 0 | Y158: =+V158 -> 0 | Z158: =+SUMIF($W$23:$AE$132,$W158,Z$23:Z$132) -> 0 | AA158: =+SUMIF($W$23:$AE$132,$W158,AA$23:AA$132) -> 0 | AB158: =+SUMIF($W$23:$AE$132,$W158,AB$23:AB$132) -> 0 | AC158: =+SUMIF($W$23:$AE$132,$W158,AC$23:AC$132) -> 0 | AD158: =+SUMIF($W$23:$AE$132,$W158,AD$23:AD$132) -> 0 | AE158: =+SUMIF($W$23:$AE$132,$W158,AE$23:AE$132) -> 0 | AF158: =+Z158+AC158 -> 0 | AG158: =+AA158+AD158 -> 0 | AH158: =+AB158+AE158 -> 0
L159: 6500-UR4 | Q159: Electrod.-B.Volunt.-Residencial | V159: =+COUNTIF(W$23:W$132,W159) -> 0 | W159: 6000-UR5 | X159: =+Z159+AA159+AB159 -> 0 | Y159: =+V159 -> 0 | Z159: =+SUMIF($W$23:$AE$132,$W159,Z$23:Z$132) -> 0 | AA159: =+SUMIF($W$23:$AE$132,$W159,AA$23:AA$132) -> 0 | AB159: =+SUMIF($W$23:$AE$132,$W159,AB$23:AB$132) -> 0 | AC159: =+SUMIF($W$23:$AE$132,$W159,AC$23:AC$132) -> 0 | AD159: =+SUMIF($W$23:$AE$132,$W159,AD$23:AD$132) -> 0 | AE159: =+SUMIF($W$23:$AE$132,$W159,AE$23:AE$132) -> 0 | AF159: =+Z159+AC159 -> 0 | AG159: =+AA159+AD159 -> 0 | AH159: =+AB159+AE159 -> 0
L160: 6500-NR1 | Q160: Club-Ent. B. Pub.-Residencial | V160: =+COUNTIF(W$23:W$132,W160) -> 0 | W160: 6500-UR1 | X160: =+Z160+AA160+AB160 -> 0 | Y160: =+V160 -> 0 | Z160: =+SUMIF($W$23:$AE$132,$W160,Z$23:Z$132) -> 0 | AA160: =+SUMIF($W$23:$AE$132,$W160,AA$23:AA$132) -> 0 | AB160: =+SUMIF($W$23:$AE$132,$W160,AB$23:AB$132) -> 0 | AC160: =+SUMIF($W$23:$AE$132,$W160,AC$23:AC$132) -> 0 | AD160: =+SUMIF($W$23:$AE$132,$W160,AD$23:AD$132) -> 0 | AE160: =+SUMIF($W$23:$AE$132,$W160,AE$23:AE$132) -> 0 | AF160: =+Z160+AC160 -> 0 | AG160: =+AA160+AD160 -> 0 | AH160: =+AB160+AE160 -> 0
L161: 6500-NR2 | Q161: Club-Ent. B. Pub.-Residencial | V161: =+COUNTIF(W$23:W$132,W161) -> 0 | W161: 6500-UR2 | X161: =+Z161+AA161+AB161 -> 0 | Y161: =+V161 -> 0 | Z161: =+SUMIF($W$23:$AE$132,$W161,Z$23:Z$132) -> 0 | AA161: =+SUMIF($W$23:$AE$132,$W161,AA$23:AA$132) -> 0 | AB161: =+SUMIF($W$23:$AE$132,$W161,AB$23:AB$132) -> 0 | AC161: =+SUMIF($W$23:$AE$132,$W161,AC$23:AC$132) -> 0 | AD161: =+SUMIF($W$23:$AE$132,$W161,AD$23:AD$132) -> 0 | AE161: =+SUMIF($W$23:$AE$132,$W161,AE$23:AE$132) -> 0 | AF161: =+Z161+AC161 -> 0 | AG161: =+AA161+AD161 -> 0 | AH161: =+AB161+AE161 -> 0
L162: 6500-U30 | Q162: Club-Ent. B. Pub.-Residencial | V162: =+COUNTIF(W$23:W$132,W162) -> 0 | W162: 6500-UR3 | X162: =+Z162+AA162+AB162 -> 0 | Y162: =+V162 -> 0 | Z162: =+SUMIF($W$23:$AE$132,$W162,Z$23:Z$132) -> 0 | AA162: =+SUMIF($W$23:$AE$132,$W162,AA$23:AA$132) -> 0 | AB162: =+SUMIF($W$23:$AE$132,$W162,AB$23:AB$132) -> 0 | AC162: =+SUMIF($W$23:$AE$132,$W162,AC$23:AC$132) -> 0 | AD162: =+SUMIF($W$23:$AE$132,$W162,AD$23:AD$132) -> 0 | AE162: =+SUMIF($W$23:$AE$132,$W162,AE$23:AE$132) -> 0 | AF162: =+Z162+AC162 -> 0 | AG162: =+AA162+AD162 -> 0 | AH162: =+AB162+AE162 -> 0
L163: 6500-Gud | Q163: Club-Ent. B. Pub.-Residencial | V163: =+COUNTIF(W$23:W$132,W163) -> 0 | W163: 6500-UR4 | X163: =+Z163+AA163+AB163 -> 0 | Y163: =+V163 -> 0 | Z163: =+SUMIF($W$23:$AE$132,$W163,Z$23:Z$132) -> 0 | AA163: =+SUMIF($W$23:$AE$132,$W163,AA$23:AA$132) -> 0 | AB163: =+SUMIF($W$23:$AE$132,$W163,AB$23:AB$132) -> 0 | AC163: =+SUMIF($W$23:$AE$132,$W163,AC$23:AC$132) -> 0 | AD163: =+SUMIF($W$23:$AE$132,$W163,AD$23:AD$132) -> 0 | AE163: =+SUMIF($W$23:$AE$132,$W163,AE$23:AE$132) -> 0 | AF163: =+Z163+AC163 -> 0 | AG163: =+AA163+AD163 -> 0 | AH163: =+AB163+AE163 -> 0
L164: N2-UR1 | Q164: Club-Ent. B. Pub.-Residencial | V164: =+COUNTIF(W$23:W$132,W164) -> 0 | W164: 6500-UR5 | X164: =+Z164+AA164+AB164 -> 0 | Y164: =+V164 -> 0 | Z164: =+SUMIF($W$23:$AE$132,$W164,Z$23:Z$132) -> 0 | AA164: =+SUMIF($W$23:$AE$132,$W164,AA$23:AA$132) -> 0 | AB164: =+SUMIF($W$23:$AE$132,$W164,AB$23:AB$132) -> 0 | AC164: =+SUMIF($W$23:$AE$132,$W164,AC$23:AC$132) -> 0 | AD164: =+SUMIF($W$23:$AE$132,$W164,AD$23:AD$132) -> 0 | AE164: =+SUMIF($W$23:$AE$132,$W164,AE$23:AE$132) -> 0 | AF164: =+Z164+AC164 -> 0 | AG164: =+AA164+AD164 -> 0 | AH164: =+AB164+AE164 -> 0
L165: N2-UR2 | Q165: Club-Ent. B. Pub.-No Residencial | V165: =+COUNTIF(W$23:W$132,W165) -> 0 | W165: 6500-NR1 | X165: =+Z165+AA165+AB165 -> 0 | Y165: =+V165 -> 0 | Z165: =+SUMIF($W$23:$AE$132,$W165,Z$23:Z$132) -> 0 | AA165: =+SUMIF($W$23:$AE$132,$W165,AA$23:AA$132) -> 0 | AB165: =+SUMIF($W$23:$AE$132,$W165,AB$23:AB$132) -> 0 | AC165: =+SUMIF($W$23:$AE$132,$W165,AC$23:AC$132) -> 0 | AD165: =+SUMIF($W$23:$AE$132,$W165,AD$23:AD$132) -> 0 | AE165: =+SUMIF($W$23:$AE$132,$W165,AE$23:AE$132) -> 0 | AF165: =+Z165+AC165 -> 0 | AG165: =+AA165+AD165 -> 0 | AH165: =+AB165+AE165 -> 0
L166: N2-UR3 | Q166: Club-Ent. B. Pub.-No Residencial | V166: =+COUNTIF(W$23:W$132,W166) -> 0 | W166: 6500-NR2 | X166: =+Z166+AA166+AB166 -> 0 | Y166: =+V166 -> 0 | Z166: =+SUMIF($W$23:$AE$132,$W166,Z$23:Z$132) -> 0 | AA166: =+SUMIF($W$23:$AE$132,$W166,AA$23:AA$132) -> 0 | AB166: =+SUMIF($W$23:$AE$132,$W166,AB$23:AB$132) -> 0 | AC166: =+SUMIF($W$23:$AE$132,$W166,AC$23:AC$132) -> 0 | AD166: =+SUMIF($W$23:$AE$132,$W166,AD$23:AD$132) -> 0 | AE166: =+SUMIF($W$23:$AE$132,$W166,AE$23:AE$132) -> 0 | AF166: =+Z166+AC166 -> 0 | AG166: =+AA166+AD166 -> 0 | AH166: =+AB166+AE166 -> 0
... L168: N2-UR5 | Q168: Club-Ent. B. Pub.-No Residencial | V168: =+COUNTIF(W$23:W$132,W168) -> 0 | W168: 6500-Gud | X168: =+Z168+AA168+AB168 -> 0 | Y168: =+V168 -> 0 | Z168: =+SUMIF($W$23:$AE$132,$W168,Z$23:Z$132) -> 0 | AA168: =+SUMIF($W$23:$AE$132,$W168,AA$23:AA$132) -> 0 | AB168: =+SUMIF($W$23:$AE$132,$W168,AB$23:AB$132) -> 0 | AC168: =+SUMIF($W$23:$AE$132,$W168,AC$23:AC$132) -> 0 | AD168: =+SUMIF($W$23:$AE$132,$W168,AD$23:AD$132) -> 0 | AE168: =+SUMIF($W$23:$AE$132,$W168,AE$23:AE$132) -> 0 | AF168: =+Z168+AC168 -> 0 | AG168: =+AA168+AD168 -> 0 | AH168: =+AB168+AE168 -> 0
Q169: Med. Comun.-Asent. Res-Residencial | V169: =+COUNTIF(W$23:W$132,W169) -> 0 | W169: N2-UR1 | X169: =+Z169+AA169+AB169 -> 0 | Y169: =+V169 -> 0 | Z169: =+SUMIF($W$23:$AE$132,$W169,Z$23:Z$132) -> 0 | AA169: =+SUMIF($W$23:$AE$132,$W169,AA$23:AA$132) -> 0 | AB169: =+SUMIF($W$23:$AE$132,$W169,AB$23:AB$132) -> 0 | AC169: =+SUMIF($W$23:$AE$132,$W169,AC$23:AC$132) -> 0 | AD169: =+SUMIF($W$23:$AE$132,$W169,AD$23:AD$132) -> 0 | AE169: =+SUMIF($W$23:$AE$132,$W169,AE$23:AE$132) -> 0 | AF169: =+Z169+AC169 -> 0 | AG169: =+AA169+AD169 -> 0 | AH169: =+AB169+AE169 -> 0
Q170: Med. Comun.-Asent. Res-Residencial | V170: =+COUNTIF(W$23:W$132,W170) -> 0 | W170: N2-UR2 | X170: =+Z170+AA170+AB170 -> 0 | Y170: =+V170 -> 0 | Z170: =+SUMIF($W$23:$AE$132,$W170,Z$23:Z$132) -> 0 | AA170: =+SUMIF($W$23:$AE$132,$W170,AA$23:AA$132) -> 0 | AB170: =+SUMIF($W$23:$AE$132,$W170,AB$23:AB$132) -> 0 | AC170: =+SUMIF($W$23:$AE$132,$W170,AC$23:AC$132) -> 0 | AD170: =+SUMIF($W$23:$AE$132,$W170,AD$23:AD$132) -> 0 | AE170: =+SUMIF($W$23:$AE$132,$W170,AE$23:AE$132) -> 0 | AF170: =+Z170+AC170 -> 0 | AG170: =+AA170+AD170 -> 0 | AH170: =+AB170+AE170 -> 0
Q171: Med. Comun.-Asent. Res-Residencial | V171: =+COUNTIF(W$23:W$132,W171) -> 0 | W171: N2-UR3 | X171: =+Z171+AA171+AB171 -> 0 | Y171: =+V171 -> 0 | Z171: =+SUMIF($W$23:$AE$132,$W171,Z$23:Z$132) -> 0 | AA171: =+SUMIF($W$23:$AE$132,$W171,AA$23:AA$132) -> 0 | AB171: =+SUMIF($W$23:$AE$132,$W171,AB$23:AB$132) -> 0 | AC171: =+SUMIF($W$23:$AE$132,$W171,AC$23:AC$132) -> 0 | AD171: =+SUMIF($W$23:$AE$132,$W171,AD$23:AD$132) -> 0 | AE171: =+SUMIF($W$23:$AE$132,$W171,AE$23:AE$132) -> 0 | AF171: =+Z171+AC171 -> 0 | AG171: =+AA171+AD171 -> 0 | AH171: =+AB171+AE171 -> 0
Q172: Med. Comun.-Asent. Res-Residencial | V172: =+COUNTIF(W$23:W$132,W172) -> 0 | W172: N2-UR4 | X172: =+Z172+AA172+AB172 -> 0 | Y172: =+V172 -> 0 | Z172: =+SUMIF($W$23:$AE$132,$W172,Z$23:Z$132) -> 0 | AA172: =+SUMIF($W$23:$AE$132,$W172,AA$23:AA$132) -> 0 | AB172: =+SUMIF($W$23:$AE$132,$W172,AB$23:AB$132) -> 0 | AC172: =+SUMIF($W$23:$AE$132,$W172,AC$23:AC$132) -> 0 | AD172: =+SUMIF($W$23:$AE$132,$W172,AD$23:AD$132) -> 0 | AE172: =+SUMIF($W$23:$AE$132,$W172,AE$23:AE$132) -> 0 | AF172: =+Z172+AC172 -> 0 | AG172: =+AA172+AD172 -> 0 | AH172: =+AB172+AE172 -> 0
Q173: Med. Comun.-Asent. Res-Residencial | V173: =+COUNTIF(W$23:W$132,W173) -> 0 | W173: N2-UR5 | X173: =+Z173+AA173+AB173 -> 0 | Y173: =+V173 -> 0 | Z173: =+SUMIF($W$23:$AE$132,$W173,Z$23:Z$132) -> 0 | AA173: =+SUMIF($W$23:$AE$132,$W173,AA$23:AA$132) -> 0 | AB173: =+SUMIF($W$23:$AE$132,$W173,AB$23:AB$132) -> 0 | AC173: =+SUMIF($W$23:$AE$132,$W173,AC$23:AC$132) -> 0 | AD173: =+SUMIF($W$23:$AE$132,$W173,AD$23:AD$132) -> 0 | AE173: =+SUMIF($W$23:$AE$132,$W173,AE$23:AE$132) -> 0 | AF173: =+Z173+AC173 -> 0 | AG173: =+AA173+AD173 -> 0 | AH173: =+AB173+AE173 -> 0
V175: =SUM(V155:V173) -> 0 | W175: total | X175: =SUM(X155:X173) -> 0 | Y175: =SUM(Y155:Y173) -> 0 | Z175: =SUM(Z155:Z173) -> 0 | AA175: =SUM(AA155:AA173) -> 0 | AB175: =SUM(AB155:AB173) -> 0 | AC175: =SUM(AC155:AC173) -> 0 | AD175: =SUM(AD155:AD173) -> 0 | AE175: =SUM(AE155:AE173) -> 0 | ... AH175: =SUM(AH155:AH173) -> 0
W176: CONTROL | X176: =+X175-X148 -> 0 | Y176: =+Y175-Y148 -> 0 | Z176: =+Z175-Z148 -> 0 | AA176: =+AA175-AA148 -> 0 | AB176: =+AB175-AB148 -> 0 | AC176: =+AC175-AC148 -> 0 | AD176: =+AD175-AD148 -> 0 | AE176: =+AE175-AE148 -> 0 | ... AH176: =+AH175-AH148 -> 0

Sheet DDJJ EPEC S-II
A1: PLANILLA DE TRABAJO INTERNA DTO. NAC. 332-2022 SEGMENTACION DE TARIFAS RESIDENCIALES -RES SE 90-2024 Y DTO PCIAL 43-2019 TARIFA SOCIAL -USO EXCLUSIVO ASOCIADAS FACE-FECESCOR HOJA Nº1- JUNIO 2024
A2: SECCION II-LOS DATOS INGRESADOS SE CORRESPONDEN CON LA LECTURA DE EPEC
D3: TARIFA SOCIAL PROVINCIAL | F3: USUARIOS | G3: KWH | V3: RESIDENCIAL CON UR1
B4: CANTIDAD USUARIOS CARENCIADOS | F4: =+'DTO 641-SET 25'!D12 -> 0 | G4: =+'DTO 641-SET 25'!D9 -> 0 | I4: DIF POR REDONDEO | L4: ASIGNACION DIF | V4: NO RESIDENCIAL NR1
B5: CANTIDAD DE USUARIOS INDIGENTES | F5: =+'DTO 641-SET 25'!D25 -> 0 | G5: =+'DTO 641-SET 25'!D22 -> 0 | I5: Pico | J5: Valle | K5: Resto | L5: RESIDENCIAL CON UR1
B6: MONTO TOTAL DEL SUBSIDIO | I6: =+G590 -> 0 | J6: =+H590 -> 0 | K6: =+I590 -> 0
B7: MONTO CARENCIADOS
B8: MONTO INDIGENTES | L8: CONTROL FINAL
B9: FONDO SOLIDARIO IIBB | L9: Pico | M9: Valle | N9: Resto
A10: Cooperativa: | D10: ='Compra -HOJA1'!D2 -> 0 | L10: =+F309 -> OK | M10: =+G309 -> OK | N10: =+H309 -> OK
A11: Período: | D11: ='Compra -HOJA1'!F4 -> 45536
D12: SECCION II
A13: RESIDENCIALES-Demanda Total a Facturar por bandas en kWh
A15: UR1 <=300 kWh bimestre | E15: CANTIDAD TOTAL DE USUARIOS | F15: Energia Facturada (kWh) | I15: Perdidas en la Red (kWh) | L15: TOTAL KWH COMPRADOS (FACT +PERD) | P15: CONTROL
F16: Pico | G16: Valle | H16: Resto | I16: Pico | J16: Valle | K16: Resto | L16: Pico | M16: Valle | N16: Resto | P16: KWH CALC/US | Q16: KWH | R16: USUARIO | S16: CONTROL | T16: CONTROL ASIG PERD
A17: UR1 <=150 kWh/mes | B17: 5030 | C17: Nivel 1-Ingresos altos | E17: =+E318 -> 0 | F17: =+F318 -> 0 | G17: =+G318 -> 0 | H17: =+H318 -> 0 | I17: =+I318+IF(L5="RESIDENCIAL CON UR1",I6,0) -> 0 | J17: =+J318+IF(L5="RESIDENCIAL CON UR1",J6,0) -> 0 | K17: =+K318+IF(L5="RESIDENCIAL CON UR1",K6,0) -> 0 | L17: =+F17+I17 -> 0 | M17: =+G17+J17 -> 0 | N17: =+H17+K17 -> 0 | P17: =+IF(E17=0,0,Q17/R17) -> 0 | Q17: =+SUM(F17:H17) -> 0 | R17: =+E17 -> 0 | S17: =+IF(R17=0,"S.D.",IF((Q17/R17)<151,"O.K.","VERIFICAR")) -> S.D. | T17: =+IF(I17<0,"VERIFICAR ASIG PER",IF(J17<0,"VERIFICAR ASIG PER",IF(K17<0,"VERIFICAR ASIG PER"," ")))
B18: 5570 | C18: TSP- (N1) | D18: N1 HOGARES POBRES O CARENCIADOS- Consumo <= 120 kWh/mes | E18: =+E319 -> 0 | F18: =+F319 -> 0 | G18: =+G319 -> 0 | H18: =+H319 -> 0 | I18: =+I319 -> 0 | J18: =+J319 -> 0 | K18: =+K319 -> 0 | L18: =+F18+I18 -> 0 | M18: =+G18+J18 -> 0 | N18: =+H18+K18 -> 0 | P18: =+IF(E18=0,0,Q18/R18) -> 0 | Q18: =+SUM(F18:H18) -> 0 | R18: =+E18 -> 0 | S18: =+IF(R18=0,"S.D.",IF((Q18/R18)<=120,"O.K.","VERIFICAR")) -> S.D.
B19: 5571 | C19: TSP- (N1) | D19: N1 HOGARES POBRES O CARENCIADOS > 120 kWh/mes y <= 150 kWh/mes | E19: =+E320 -> 0 | F19: =+F320 -> 0 | G19: =+G320 -> 0 | H19: =+H320 -> 0 | I19: =+I320 -> 0 | J19: =+J320 -> 0 | K19: =+K320 -> 0 | L19: =+F19+I19 -> 0 | M19: =+G19+J19 -> 0 | N19: =+H19+K19 -> 0 | P19: =+IF(E19=0,0,Q19/R19) -> 0 | Q19: =+SUM(F19:H19) -> 0 | R19: =+E19 -> 0 | S19: =+IF(R19=0,"S.D.",IF(AND((Q19/R19)>120,(Q19/R19)<=150),"O.K.","VERIFICAR")) -> S.D.
B20: 5580 | C20: TSP- (N1) | D20: N1 HOGARES INDIGENTES: <=120 kWh/mes | E20: =+E321 -> 0 | F20: =+F321 -> 0 | G20: =+G321 -> 0 | H20: =+H321 -> 0 | I20: =+I321 -> 0 | J20: =+J321 -> 0 | K20: =+K321 -> 0 | L20: =+F20+I20 -> 0 | M20: =+G20+J20 -> 0 | N20: =+H20+K20 -> 0 | P20: =+IF(E20=0,0,Q20/R20) -> 0 | Q20: =+SUM(F20:H20) -> 0 | R20: =+E20 -> 0 | S20: =+IF(R20=0,"S.D.",IF((Q20/R20)<=120,"O.K.","VERIFICAR")) -> S.D. | U20: =+D20 -> N1 HOGARES INDIGENTES: <=120 kWh/mes
B21: 5581 | C21: TSP- (N1) | D21: N1 HOGARES INDIGENTES:- Consumo > 120 kWh/mes y <= 150 kWh/mes | E21: =+E322 -> 0 | F21: =+F322 -> 0 | G21: =+G322 -> 0 | H21: =+H322 -> 0 | I21: =+I322 -> 0 | J21: =+J322 -> 0 | K21: =+K322 -> 0 | L21: =+F21+I21 -> 0 | M21: =+G21+J21 -> 0 | N21: =+H21+K21 -> 0 | P21: =+IF(E21=0,0,Q21/R21) -> 0 | Q21: =+SUM(F21:H21) -> 0 | R21: =+E21 -> 0 | S21: =+IF(R21=0,"S.D.",IF(AND((Q21/R21)>120,(Q21/R21)<=150),"O.K.","VERIFICAR")) -> S.D. | U21: =+D21 -> N1 HOGARES INDIGENTES:- Consumo > 120 kWh/mes y <= 150 kWh/mes
B22: 5040 | C22: Nivel 2 Base- Ingresos bajos- | E22: =+E323 -> 0 | F22: =+F323 -> 0 | G22: =+G323 -> 0 | H22: =+H323 -> 0 | I22: =+I323 -> 0 | J22: =+J323 -> 0 | K22: =+K323 -> 0 | L22: =+F22+I22 -> 0 | M22: =+G22+J22 -> 0 | N22: =+H22+K22 -> 0 | P22: =+IF(E22=0,0,Q22/R22) -> 0 | Q22: =+SUM(F22:H22) -> 0 | R22: =+E22 -> 0 | S22: =+IF(R22=0,"S.D.",IF((Q22/R22)<151,"O.K.","VERIFICAR")) -> S.D. | U22: =+D22 -> 0
B23: 5501 | C23: TSP- (N2) | D23: N2 HOGARES POBRES O CARENCIADOS- Consumo <= 120 kWh/mes | E23: =+E324 -> 0 | F23: =+F324 -> 0 | G23: =+G324 -> 0 | H23: =+H324 -> 0 | I23: =+I324 -> 0 | J23: =+J324 -> 0 | K23: =+K324 -> 0 | L23: =+F23+I23 -> 0 | M23: =+G23+J23 -> 0 | N23: =+H23+K23 -> 0 | P23: =+IF(E23=0,0,Q23/R23) -> 0 | Q23: =+SUM(F23:H23) -> 0 | R23: =+E23 -> 0 | S23: =+IF(R23=0,"S.D.",IF((Q23/R23)<=120,"O.K.","VERIFICAR")) -> S.D. | U23: =+D23 -> N2 HOGARES POBRES O CARENCIADOS- Consumo <= 120 kWh/mes
B24: 5502 | C24: TSP- (N2) | D24: N2 HOGARES POBRES O CARENCIADOS > 120 kWh/mes y <= 150 kWh/mes | E24: =+E325 -> 0 | F24: =+F325 -> 0 | G24: =+G325 -> 0 | H24: =+H325 -> 0 | I24: =+I325 -> 0 | J24: =+J325 -> 0 | K24: =+K325 -> 0 | L24: =+F24+I24 -> 0 | M24: =+G24+J24 -> 0 | N24: =+H24+K24 -> 0 | P24: =+IF(E24=0,0,Q24/R24) -> 0 | Q24: =+SUM(F24:H24) -> 0 | R24: =+E24 -> 0 | S24: =+IF(R24=0,"S.D.",IF(AND((Q24/R24)>120,(Q24/R24)<=150),"O.K.","VERIFICAR")) -> S.D. | U24: =+D24 -> N2 HOGARES POBRES O CARENCIADOS > 120 kWh/mes y <= 150 kWh/mes
B25: 5551 | C25: TSP- (N2) | D25: N2 HOGARES INDIGENTES: <=120 kWh/mes | E25: =+E326 -> 0 | F25: =+F326 -> 0 | G25: =+G326 -> 0 | H25: =+H326 -> 0 | I25: =+I326 -> 0 | J25: =+J326 -> 0 | K25: =+K326 -> 0 | L25: =+F25+I25 -> 0 | M25: =+G25+J25 -> 0 | N25: =+H25+K25 -> 0 | P25: =+IF(E25=0,0,Q25/R25) -> 0 | Q25: =+SUM(F25:H25) -> 0 | R25: =+E25 -> 0 | S25: =+IF(R25=0,"S.D.",IF((Q25/R25)<=120,"O.K.","VERIFICAR")) -> S.D. | U25: =+D25 -> N2 HOGARES INDIGENTES: <=120 kWh/mes
B26: 5552 | C26: TSP- (N2) | D26: N2 HOGARES INDIGENTES:- Consumo > 120 kWh/mes y <= 150 kWh/mes | E26: =+E327 -> 0 | F26: =+F327 -> 0 | G26: =+G327 -> 0 | H26: =+H327 -> 0 | I26: =+I327 -> 0 | J26: =+J327 -> 0 | K26: =+K327 -> 0 | L26: =+F26+I26 -> 0 | M26: =+G26+J26 -> 0 | N26: =+H26+K26 -> 0 | P26: =+IF(E26=0,0,Q26/R26) -> 0 | Q26: =+SUM(F26:H26) -> 0 | R26: =+E26 -> 0 | S26: =+IF(R26=0,"S.D.",IF(AND((Q26/R26)>120,(Q26/R26)<=150),"O.K.","VERIFICAR")) -> S.D. | U26: =+D26 -> N2 HOGARES INDIGENTES:- Consumo > 120 kWh/mes y <= 150 kWh/mes
B27: 5050 | C27: Nivel 3 Base- Ingresos medios- | E27: =+E328 -> 0 | F27: =+F328 -> 0 | G27: =+G328 -> 0 | H27: =+H328 -> 0 | I27: =+I328 -> 0 | J27: =+J328 -> 0 | K27: =+K328 -> 0 | L27: =+F27+I27 -> 0 | M27: =+G27+J27 -> 0 | N27: =+H27+K27 -> 0 | P27: =+IF(E27=0,0,Q27/R27) -> 0 | Q27: =+SUM(F27:H27) -> 0 | R27: =+E27 -> 0 | S27: =+IF(R27=0,"S.D.",IF((Q27/R27)<151,"O.K.","VERIFICAR")) -> S.D. | U27: =+D27 -> 0
B28: 5590 | C28: TSP- (N3) | D28: N3 HOGARES POBRES O CARENCIADOS- Consumo <= 120 kWh/mes | E28: =+E329 -> 0 | F28: =+F329 -> 0 | G28: =+G329 -> 0 | H28: =+H329 -> 0 | I28: =+I329 -> 0 | J28: =+J329 -> 0 | K28: =+K329 -> 0 | L28: =+F28+I28 -> 0 | M28: =+G28+J28 -> 0 | N28: =+H28+K28 -> 0 | P28: =+IF(E28=0,0,Q28/R28) -> 0 | Q28: =+SUM(F28:H28) -> 0 | R28: =+E28 -> 0 | S28: =+IF(R28=0,"S.D.",IF((Q28/R28)<=120,"O.K.","VERIFICAR")) -> S.D. | U28: =+D28 -> N3 HOGARES POBRES O CARENCIADOS- Consumo <= 120 kWh/mes
B29: 5591 | C29: TSP- (N3) | D29: N3 HOGARES POBRES O CARENCIADOS > 120 kWh/mes y <= 150 kWh/mes | E29: =+E330 -> 0 | F29: =+F330 -> 0 | G29: =+G330 -> 0 | H29: =+H330 -> 0 | I29: =+I330 -> 0 | J29: =+J330 -> 0 | K29: =+K330 -> 0 | L29: =+F29+I29 -> 0 | M29: =+G29+J29 -> 0 | N29: =+H29+K29 -> 0 | P29: =+IF(E29=0,0,Q29/R29) -> 0 | Q29: =+SUM(F29:H29) -> 0 | R29: =+E29 -> 0 | S29: =+IF(R29=0,"S.D.",IF(AND((Q29/R29)>120,(Q29/R29)<=150),"O.K.","VERIFICAR")) -> S.D. | U29: =+D29 -> N3 HOGARES POBRES O CARENCIADOS > 120 kWh/mes y <= 150 kWh/mes
B30: 5600 | C30: TSP- (N3) | D30: N3 HOGARES INDIGENTES: <=120 kWh/mes | E30: =+E331 -> 0 | F30: =+F331 -> 0 | G30: =+G331 -> 0 | H30: =+H331 -> 0 | I30: =+I331 -> 0 | J30: =+J331 -> 0 | K30: =+K331 -> 0 | L30: =+F30+I30 -> 0 | M30: =+G30+J30 -> 0 | N30: =+H30+K30 -> 0 | P30: =+IF(E30=0,0,Q30/R30) -> 0 | Q30: =+SUM(F30:H30) -> 0 | R30: =+E30 -> 0 | S30: =+IF(R30=0,"S.D.",IF((Q30/R30)<=120,"O.K.","VERIFICAR")) -> S.D. | U30: =+D30 -> N3 HOGARES INDIGENTES: <=120 kWh/mes
B31: 5601 | C31: TSP- (N3) | D31: N3 HOGARES INDIGENTES:- Consumo > 120 kWh/mes y <= 150 kWh/mes | E31: =+E332 -> 0 | F31: =+F332 -> 0 | G31: =+G332 -> 0 | H31: =+H332 -> 0 | I31: =+I332 -> 0 | J31: =+J332 -> 0 | K31: =+K332 -> 0 | L31: =+F31+I31 -> 0 | M31: =+G31+J31 -> 0 | N31: =+H31+K31 -> 0 | P31: =+IF(E31=0,0,Q31/R31) -> 0 | Q31: =+SUM(F31:H31) -> 0 | R31: =+E31 -> 0 | S31: =+IF(R31=0,"S.D.",IF(AND((Q31/R31)>120,(Q31/R31)<=150),"O.K.","VERIFICAR")) -> S.D. | U31: =+D31 -> N3 HOGARES INDIGENTES:- Consumo > 120 kWh/mes y <= 150 kWh/mes
B32: SUBTOTAL SEGMENTO UR1 | E32: =SUM(E17:E31) -> 0 | F32: =SUM(F17:F31) -> 0 | G32: =SUM(G17:G31) -> 0 | H32: =SUM(H17:H31) -> 0 | I32: =SUM(I17:I31) -> 0 | J32: =SUM(J17:J31) -> 0 | K32: =SUM(K17:K31) -> 0 | L32: =SUM(L17:L31) -> 0 | ... N32: =SUM(N17:N31) -> 0 | O32: =SUM(L32:N32) -> 0
H33: =+H32+G32+F32 -> 0
A35: UR2 >300 y <= 1000 kWh bimestre | E35: CANTIDAD TOTAL DE USUARIOS | F35: Energia Facturada (kWh) | I35: Perdidas en la Red (kWh) | L35: TOTAL KWH COMPRADOS | P35: CONTROL
F36: Pico | G36: Valle | H36: Resto | I36: Pico | J36: Valle | K36: Resto | L36: Pico | M36: Valle | N36: Resto | P36: KWH CALC/US | Q36: KWH | R36: USUARIO | S36: CONTROL
A37: UR2 >150 y <= 500 kWh/mes | B37: 5030 | C37: Nivel 1-Ingresos altos | E37: =+E333 -> 0 | F37: =+F333 -> 0 | G37: =+G333 -> 0 | H37: =+H333 -> 0 | I37: =+I333 -> 0 | J37: =+J333 -> 0 | K37: =+K333 -> 0 | L37: =+F37+I37 -> 0 | M37: =+G37+J37 -> 0 | N37: =+H37+K37 -> 0 | P37: =+IF(E37=0,0,Q37/R37) -> 0 | Q37: =+SUM(F37:H37) -> 0 | R37: =+E37 -> 0 | S37: =+IF(R37=0,"S.D.",IF(AND((Q37/R37)>150,(Q37/R37)<=500),"O.K.","VERIFICAR")) -> S.D.
B38: 5572 | C38: TSP- (N1) | D38: N1 HOGARES POBRES O CARENCIADOS - Consumo > 150 y < =300 kWh/mes | E38: =+E334 -> 0 | F38: =+F334 -> 0 | G38: =+G334 -> 0 | H38: =+H334 -> 0 | I38: =+I334 -> 0 | J38: =+J334 -> 0 | K38: =+K334 -> 0 | L38: =+F38+I38 -> 0 | M38: =+G38+J38 -> 0 | N38: =+H38+K38 -> 0 | P38: =+IF(E38=0,0,Q38/R38) -> 0 | Q38: =+SUM(F38:H38) -> 0 | R38: =+E38 -> 0 | S38: =+IF(R38=0,"S.D.",IF(AND((Q38/R38)>150,(Q38/R38)<=300),"O.K.","VERIFICAR")) -> S.D.
B39: 5573 | C39: TSP- (N1) | D39: N1 HOGARES POBRES O CARENCIADOS - Consumo >300 y < =500 kWh/mes | E39: =+E335 -> 0 | F39: =+F335 -> 0 | G39: =+G335 -> 0 | H39: =+H335 -> 0 | I39: =+I335 -> 0 | J39: =+J335 -> 0 | K39: =+K335 -> 0 | L39: =+F39+I39 -> 0 | M39: =+G39+J39 -> 0 | N39: =+H39+K39 -> 0 | P39: =+IF(E39=0,0,Q39/R39) -> 0 | Q39: =+SUM(F39:H39) -> 0 | R39: =+E39 -> 0 | S39: =+IF(R39=0,"S.D.",IF(AND((Q39/R39)>300,(Q39/R39)<=500),"O.K.","VERIFICAR")) -> S.D.
B40: 5582 | C40: TSP- (N1) | D40: N1 HOGARES INDIGENTES: - Consumo >150 y <= 300 kWh/mes | E40: =+E336 -> 0 | F40: =+F336 -> 0 | G40: =+G336 -> 0 | H40: =+H336 -> 0 | I40: =+I336 -> 0 | J40: =+J336 -> 0 | K40: =+K336 -> 0 | L40: =+F40+I40 -> 0 | M40: =+G40+J40 -> 0 | N40: =+H40+K40 -> 0 | P40: =+IF(E40=0,0,Q40/R40) -> 0 | Q40: =+SUM(F40:H40) -> 0 | R40: =+E40 -> 0 | S40: =+IF(R40=0,"S.D.",IF(AND((Q40/R40)>150,(Q40/R40)<=300),"O.K.","VERIFICAR")) -> S.D.
B41: 5583 | C41: TSP- (N1) | D41: N1 HOGARES INDIGENTES:- Consumo >300 y <= 500 kWh/mes | E41: =+E337 -> 0 | F41: =+F337 -> 0 | G41: =+G337 -> 0 | H41: =+H337 -> 0 | I41: =+I337 -> 0 | J41: =+J337 -> 0 | K41: =+K337 -> 0 | L41: =+F41+I41 -> 0 | M41: =+G41+J41 -> 0 | N41: =+H41+K41 -> 0 | P41: =+IF(E41=0,0,Q41/R41) -> 0 | Q41: =+SUM(F41:H41) -> 0 | R41: =+E41 -> 0 | S41: =+IF(R41=0,"S.D.",IF(AND((Q41/R41)>300,(Q41/R41)<=500),"O.K.","VERIFICAR")) -> S.D. | W41: W | X41: X | Y41: Y | Z41: Z | AA41: AA | AB41: AB | AC41: AC
B42: 5040 | C42: Nivel 2 Base- Ingresos bajos- | E42: =+E338 -> 0 | F42: =+F338 -> 0 | G42: =+G338 -> 0 | H42: =+H338 -> 0 | I42: =+I338 -> 0 | J42: =+J338 -> 0 | K42: =+K338 -> 0 | L42: =+F42+I42 -> 0 | M42: =+G42+J42 -> 0 | N42: =+H42+K42 -> 0 | P42: =+IF(E42=0,0,Q42/R42) -> 0 | Q42: =+SUM(F42:H42) -> 0 | R42: =+E42 -> 0 | S42: =+IF(R42=0,"S.D.",IF(AND((Q42/R42)>150,(Q42/R42)<=350),"O.K.","VERIFICAR")) -> S.D.
B43: 5041 | C43: Nivel 2 Base- Ingresos bajos-Zona Fria | E43: =+E339 -> 0 | F43: =+F339 -> 0 | G43: =+G339 -> 0 | H43: =+H339 -> 0 | I43: =+I339 -> 0 | J43: =+J339 -> 0 | K43: =+K339 -> 0 | L43: =+F43+I43 -> 0 | M43: =+G43+J43 -> 0 | N43: =+H43+K43 -> 0 | P43: =+IF(E43=0,0,Q43/R43) -> 0 | Q43: =+SUM(F43:H43) -> 0 | R43: =+E43 -> 0 | S43: =+IF(R43=0,"S.D.",IF(AND((Q43/R43)>150,(Q43/R43)<=500),"O.K.","VERIFICAR")) -> S.D. | X43: Total | Y43: TOPE | Z43: Base N2 5040 | AA43: TOPE | AB43: Base N2 ZF 5041 | AC43: Excedente 5045
B44: 5045 | C44: Nivel 2 -Ingresos bajos- Excedente | E44: =+E340 -> 0 | F44: =+F340 -> 0 | G44: =+G340 -> 0 | H44: =+H340 -> 0 | I44: =+I340 -> 0 | J44: =+J340 -> 0 | K44: =+K340 -> 0 | L44: =+F44+I44 -> 0 | M44: =+G44+J44 -> 0 | N44: =+H44+K44 -> 0 | P44: =+IF(E44=0,0,Q44/R44) -> 0 | Q44: =+SUM(F44:H44) -> 0 | R44: =+E44 -> 0 | S44: =+IF(R44=0,"S.D.",IF(AND((Q44/R44)>0,(Q44/R44)<=500),"O.K.","VERIFICAR")) -> S.D. | V44: =+SUM(F44:H44) -> 0 | W44: =+E44 -> 0 | X44: =+V44 -> 0 | Y44: 0 | Z44: =+X44 -> 0 | AC44: =X44-(Z44+AB44) -> 0
B45: 5503 | C45: TSP- (N2) | D45: N2 HOGARES POBRES O CARENCIADOS - Consumo > 150 y < =300 kWh/mes | E45: =+E341 -> 0 | F45: =+F341 -> 0 | G45: =+G341 -> 0 | H45: =+H341 -> 0 | I45: =+I341 -> 0 | J45: =+J341 -> 0 | K45: =+K341 -> 0 | L45: =+F45+I45 -> 0 | M45: =+G45+J45 -> 0 | N45: =+H45+K45 -> 0 | P45: =+IF(E45=0,0,Q45/R45) -> 0 | Q45: =+SUM(F45:H45) -> 0 | R45: =+E45 -> 0 | S45: =+IF(R45=0,"S.D.",IF(AND((Q45/R45)>150,(Q45/R45)<=300),"O.K.","VERIFICAR")) -> S.D. | V45: =+SUM(F45:H45) -> 0 | W45: =+E45 -> 0 | X45: =+V45 -> 0 | Y45: 350 | Z45: =IF((X45*W45)>(Y45*W45),(Y45*W45),X45) -> 0 | AC45: =X45-(Z45+AB45) -> 0
B46: 5504 | C46: TSP- (N2) | D46: N2 HOGARES POBRES O CARENCIADOS - Consumo >300 y < =500 kWh/mes | E46: =+E342 -> 0 | F46: =+F342 -> 0 | G46: =+G342 -> 0 | H46: =+H342 -> 0 | I46: =+I342 -> 0 | J46: =+J342 -> 0 | K46: =+K342 -> 0 | L46: =+F46+I46 -> 0 | M46: =+G46+J46 -> 0 | N46: =+H46+K46 -> 0 | P46: =+IF(E46=0,0,Q46/R46) -> 0 | Q46: =+SUM(F46:H46) -> 0 | R46: =+E46 -> 0 | S46: =+IF(R46=0,"S.D.",IF(AND((Q46/R46)>300,(Q46/R46)<=500),"O.K.","VERIFICAR")) -> S.D.
B47: 5505 | C47: TSP- (N2) | D47: N2 HOGARES POBRES O CARENCIADOS - Consumo >350 y < =500 kWh/mes -ZF | E47: =+E343 -> 0 | F47: =+F343 -> 0 | G47: =+G343 -> 0 | H47: =+H343 -> 0 | I47: =+I343 -> 0 | J47: =+J343 -> 0 | K47: =+K343 -> 0 | L47: =+F47+I47 -> 0 | M47: =+G47+J47 -> 0 | N47: =+H47+K47 -> 0 | P47: =+IF(E47=0,0,Q47/R47) -> 0 | Q47: =+SUM(F47:H47) -> 0 | R47: =+E47 -> 0 | S47: =+IF(R47=0,"S.D.",IF(AND((Q47/R47)>350,(Q47/R47)<=500),"O.K.","VERIFICAR")) -> S.D. | V47: =+SUM(F47:H47) -> 0 | W47: =+E47 -> 0 | X47: =+V47 -> 0 | Y47: 350 | Z47: =+X47 -> 0 | AC47: =X47-(Z47+AB47) -> 0
B48: 5553 | C48: TSP- (N2) | D48: N2 HOGARES INDIGENTES: - Consumo >150 y <= 300 kWh/mes | E48: =+E344 -> 0 | F48: =+F344 -> 0 | G48: =+G344 -> 0 | H48: =+H344 -> 0 | I48: =+I344 -> 0 | J48: =+J344 -> 0 | K48: =+K344 -> 0 | L48: =+F48+I48 -> 0 | M48: =+G48+J48 -> 0 | N48: =+H48+K48 -> 0 | P48: =+IF(E48=0,0,Q48/R48) -> 0 | Q48: =+SUM(F48:H48) -> 0 | R48: =+E48 -> 0 | S48: =+IF(R48=0,"S.D.",IF(AND((Q48/R48)>150,(Q48/R48)<=300),"O.K.","VERIFICAR")) -> S.D. | V48: =+SUM(F48:H48) -> 0 | W48: =+E48 -> 0 | X48: =+V48 -> 0 | Y48: 350 | Z48: =IF((X48*W48)>(Y48*W48),(Y48*W48),X48) -> 0 | AC48: =X48-(Z48+AB48) -> 0
B49: 5554 | C49: TSP- (N2) | D49: N2 HOGARES INDIGENTES:- Consumo >300 y <= 500 kWh/mes | E49: =+E345 -> 0 | F49: =+F345 -> 0 | G49: =+G345 -> 0 | H49: =+H345 -> 0 | I49: =+I345 -> 0 | J49: =+J345 -> 0 | K49: =+K345 -> 0 | L49: =+F49+I49 -> 0 | M49: =+G49+J49 -> 0 | N49: =+H49+K49 -> 0 | P49: =+IF(E49=0,0,Q49/R49) -> 0 | Q49: =+SUM(F49:H49) -> 0 | R49: =+E49 -> 0 | S49: =+IF(R49=0,"S.D.",IF(AND((Q49/R49)>300,(Q49/R49)<=500),"O.K.","VERIFICAR")) -> S.D.
B50: 5555 | C50: TSP- (N2) | D50: N2 HOGARES INDIGENTES:- Consumo >350 y <= 500 kWh/mes -ZF | E50: =+E346 -> 0 | F50: =+F346 -> 0 | G50: =+G346 -> 0 | H50: =+H346 -> 0 | I50: =+I346 -> 0 | J50: =+J346 -> 0 | K50: =+K346 -> 0 | L50: =+F50+I50 -> 0 | M50: =+G50+J50 -> 0 | N50: =+H50+K50 -> 0 | P50: =+IF(E50=0,0,Q50/R50) -> 0 | Q50: =+SUM(F50:H50) -> 0 | R50: =+E50 -> 0 | S50: =+IF(R50=0,"S.D.",IF(AND((Q50/R50)>350,(Q50/R50)<=500),"O.K.","VERIFICAR")) -> S.D.
B51: 5050 | C51: Nivel 3 Base- Ingresos medios | E51: =+E347 -> 0 | F51: =+F347 -> 0 | G51: =+G347 -> 0 | H51: =+H347 -> 0 | I51: =+I347 -> 0 | J51: =+J347 -> 0 | K51: =+K347 -> 0 | L51: =+F51+I51 -> 0 | M51: =+G51+J51 -> 0 | N51: =+H51+K51 -> 0 | P51: =+IF(E51=0,0,Q51/R51) -> 0 | Q51: =+SUM(F51:H51) -> 0 | R51: =+E51 -> 0 | S51: =+IF(R51=0,"S.D.",IF(AND((Q51/R51)>150,(Q51/R51)<=250),"O.K.","VERIFICAR")) -> S.D.
B52: 5051 | C52: Nivel 3 Base- Ingresos medios-Zona Fria | E52: =+E348 -> 0 | F52: =+F348 -> 0 | G52: =+G348 -> 0 | H52: =+H348 -> 0 | I52: =+I348 -> 0 | J52: =+J348 -> 0 | K52: =+K348 -> 0 | L52: =+F52+I52 -> 0 | M52: =+G52+J52 -> 0 | N52: =+H52+K52 -> 0 | P52: =+IF(E52=0,0,Q52/R52) -> 0 | Q52: =+SUM(F52:H52) -> 0 | R52: =+E52 -> 0 | S52: =+IF(R52=0,"S.D.",IF(AND((Q52/R52)>150,(Q52/R52)<=500),"O.K.","VERIFICAR")) -> S.D.
B53: 5055 | C53: Nivel 3 Base- Ingresos medios-Excedente | E53: =+E349 -> 0 | F53: =+F349 -> 0 | G53: =+G349 -> 0 | H53: =+H349 -> 0 | I53: =+I349 -> 0 | J53: =+J349 -> 0 | K53: =+K349 -> 0 | L53: =+F53+I53 -> 0 | M53: =+G53+J53 -> 0 | N53: =+H53+K53 -> 0 | P53: =+IF(E53=0,0,Q53/R53) -> 0 | Q53: =+SUM(F53:H53) -> 0 | R53: =+E53 -> 0 | S53: =+IF(R53=0,"S.D.",IF(AND((Q53/R53)>0,(Q53/R53)<=500),"O.K.","VERIFICAR")) -> S.D.
B54: 5592 | C54: TSP- (N3) | D54: N3 HOGARES POBRES O CARENCIADOS - Consumo > 150 y < =300 kWh/mes | E54: =+E350 -> 0 | F54: =+F350 -> 0 | G54: =+G350 -> 0 | H54: =+H350 -> 0 | I54: =+I350 -> 0 | J54: =+J350 -> 0 | K54: =+K350 -> 0 | L54: =+F54+I54 -> 0 | M54: =+G54+J54 -> 0 | N54: =+H54+K54 -> 0 | P54: =+IF(E54=0,0,Q54/R54) -> 0 | Q54: =+SUM(F54:H54) -> 0 | R54: =+E54 -> 0 | S54: =+IF(R54=0,"S.D.",IF(AND((Q54/R54)>150,(Q54/R54)<=300),"O.K.","VERIFICAR")) -> S.D.
B55: 5593 | C55: TSP- (N3) | D55: N3 HOGARES POBRES O CARENCIADOS - Consumo >300 y < =500 kWh/mes | E55: =+E351 -> 0 | F55: =+F351 -> 0 | G55: =+G351 -> 0 | H55: =+H351 -> 0 | I55: =+I351 -> 0 | J55: =+J351 -> 0 | K55: =+K351 -> 0 | L55: =+F55+I55 -> 0 | M55: =+G55+J55 -> 0 | N55: =+H55+K55 -> 0 | P55: =+IF(E55=0,0,Q55/R55) -> 0 | Q55: =+SUM(F55:H55) -> 0 | R55: =+E55 -> 0 | S55: =+IF(R55=0,"S.D.",IF(AND((Q55/R55)>300,(Q55/R55)<=500),"O.K.","VERIFICAR")) -> S.D.
B56: 5512 | C56: TSP- (N3) | D56: N3 HOGARES POBRES O CARENCIADOS - Consumo >250 y < =500 kWh/mes -ZF | E56: =+E352 -> 0 | F56: =+F352 -> 0 | G56: =+G352 -> 0 | H56: =+H352 -> 0 | I56: =+I352 -> 0 | J56: =+J352 -> 0 | K56: =+K352 -> 0 | L56: =+F56+I56 -> 0 | M56: =+G56+J56 -> 0 | N56: =+H56+K56 -> 0 | P56: =+IF(E56=0,0,Q56/R56) -> 0 | Q56: =+SUM(F56:H56) -> 0 | R56: =+E56 -> 0 | S56: =+IF(R56=0,"S.D.",IF(AND((Q56/R56)>250,(Q56/R56)<=500),"O.K.","VERIFICAR")) -> S.D.
B57: 5602 | C57: TSP- (N3) | D57: N3 HOGARES INDIGENTES: - Consumo >150 y <= 300 kWh/mes | E57: =+E353 -> 0 | F57: =+F353 -> 0 | G57: =+G353 -> 0 | H57: =+H353 -> 0 | I57: =+I353 -> 0 | J57: =+J353 -> 0 | K57: =+K353 -> 0 | L57: =+F57+I57 -> 0 | M57: =+G57+J57 -> 0 | N57: =+H57+K57 -> 0 | P57: =+IF(E57=0,0,Q57/R57) -> 0 | Q57: =+SUM(F57:H57) -> 0 | R57: =+E57 -> 0 | S57: =+IF(R57=0,"S.D.",IF(AND((Q57/R57)>150,(Q57/R57)<=300),"O.K.","VERIFICAR")) -> S.D.
B58: 5603 | C58: TSP- (N3) | D58: N3 HOGARES INDIGENTES:- Consumo >300 y <= 500 kWh/mes | E58: =+E354 -> 0 | F58: =+F354 -> 0 | G58: =+G354 -> 0 | H58: =+H354 -> 0 | I58: =+I354 -> 0 | J58: =+J354 -> 0 | K58: =+K354 -> 0 | L58: =+F58+I58 -> 0 | M58: =+G58+J58 -> 0 | N58: =+H58+K58 -> 0 | P58: =+IF(E58=0,0,Q58/R58) -> 0 | Q58: =+SUM(F58:H58) -> 0 | R58: =+E58 -> 0 | S58: =+IF(R58=0,"S.D.",IF(AND((Q58/R58)>300,(Q58/R58)<=500),"O.K.","VERIFICAR")) -> S.D.
B59: 5562 | C59: TSP- (N3) | D59: N3 HOGARES INDIGENTES:- Consumo >250 y <= 500 kWh/mes - ZF | E59: =+E355 -> 0 | F59: =+F355 -> 0 | G59: =+G355 -> 0 | H59: =+H355 -> 0 | I59: =+I355 -> 0 | J59: =+J355 -> 0 | K59: =+K355 -> 0 | L59: =+F59+I59 -> 0 | M59: =+G59+J59 -> 0 | N59: =+H59+K59 -> 0 | P59: =+IF(E59=0,0,Q59/R59) -> 0 | Q59: =+SUM(F59:H59) -> 0 | R59: =+E59 -> 0 | S59: =+IF(R59=0,"S.D.",IF(AND((Q59/R59)>250,(Q59/R59)<=500),"O.K.","VERIFICAR")) -> S.D.
B60: SUBTOTAL SEGMENTO UR2 | E60: =SUM(E37:E59) -> 0 | F60: =SUM(F37:F59) -> 0 | G60: =SUM(G37:G59) -> 0 | H60: =SUM(H37:H59) -> 0 | I60: =SUM(I37:I59) -> 0 | J60: =SUM(J37:J59) -> 0 | K60: =SUM(K37:K59) -> 0 | L60: =SUM(L37:L59) -> 0 | ... N60: =SUM(N37:N59) -> 0 | O60: =SUM(L60:N60) -> 0 | V60: =SUM(V44:V48) -> 0
H61: =+F60+G60+H60 -> 0
A63: UR3 >1000 y <= 1400 kWh bimestre | E63: CANTIDAD TOTAL DE USUARIOS | F63: Energia Facturada (kWh) | I63: Perdidas en la Red (kWh) | L63: TOTAL KWH COMPRADOS | P63: CONTROL
F64: Pico | G64: Valle | H64: Resto | I64: Pico | J64: Valle | K64: Resto | L64: Pico | M64: Valle | N64: Resto | P64: KWH CALC/US | Q64: KWH | R64: USUARIO | S64: CONTROL
A65: UR3 >500 y <= 700 kWh/mes | B65: 5030 | C65: Nivel 1-Ingresos altos | E65: =+E356 -> 0 | F65: =+F356 -> 0 | G65: =+G356 -> 0 | H65: =+H356 -> 0 | I65: =+I356 -> 0 | J65: =+J356 -> 0 | K65: =+K356 -> 0 | L65: =+F65+I65 -> 0 | M65: =+G65+J65 -> 0 | N65: =+H65+K65 -> 0 | O65: UR3 >1000 y <= 1400 kWh bimest | P65: =+IF(E65=0,0,Q65/R65) -> 0 | Q65: =+SUM(F65:H65) -> 0 | R65: =+E65 -> 0 | S65: =IF(R65=0,"S.D.",+IF(AND((Q65/R65)>500,(Q65/R65)<=700),"O.K.","VERIFICAR")) -> S.D.
B66: 5574 | C66: TSP- (N1) | D66: N1 HOGARES POBRES O CARENCIADOS - Consumo > 500 y <=700 kWh/mes | E66: =+E357 -> 0 | F66: =+F357 -> 0 | G66: =+G357 -> 0 | H66: =+H357 -> 0 | I66: =+I357 -> 0 | J66: =+J357 -> 0 | K66: =+K357 -> 0 | L66: =+F66+I66 -> 0 | M66: =+G66+J66 -> 0 | N66: =+H66+K66 -> 0 | P66: =+IF(E66=0,0,Q66/R66) -> 0 | Q66: =+SUM(F66:H66) -> 0 | R66: =+E66 -> 0 | S66: =IF(R66=0,"S.D.",+IF(AND((Q66/R66)>500,(Q66/R66)<=700),"O.K.","VERIFICAR")) -> S.D.
B67: 5584 | C67: TSP- (N1) | D67: N1 HOGARES INDIGENTES - Consumo > 500 y <= 700 kWh/mes | E67: =+E358 -> 0 | F67: =+F358 -> 0 | G67: =+G358 -> 0 | H67: =+H358 -> 0 | I67: =+I358 -> 0 | J67: =+J358 -> 0 | K67: =+K358 -> 0 | L67: =+F67+I67 -> 0 | M67: =+G67+J67 -> 0 | N67: =+H67+K67 -> 0 | P67: =+IF(E67=0,0,Q67/R67) -> 0 | Q67: =+SUM(F67:H67) -> 0 | R67: =+E67 -> 0 | S67: =IF(R67=0,"S.D.",+IF(AND((Q67/R67)>500,(Q67/R67)<=700),"O.K.","VERIFICAR")) -> S.D.
B68: 5040 | C68: Nivel 2 Base- Ingresos bajos | E68: =+E359 -> 0 | F68: =+F359 -> 0 | G68: =+G359 -> 0 | H68: =+H359 -> 0 | I68: =+I359 -> 0 | J68: =+J359 -> 0 | K68: =+K359 -> 0 | L68: =+F68+I68 -> 0 | M68: =+G68+J68 -> 0 | N68: =+H68+K68 -> 0 | P68: =+IF(E68=0,0,Q68/R68) -> 0 | Q68: =+SUM(F68:H68) -> 0 | R68: =+E68 -> 0 | S68: =+IF(R68=0,"S.D.",IF(AND((Q68/R68)>0,(Q68/R68)<=350),"O.K.","VERIFICAR")) -> S.D.
B69: 5041 | C69: Nivel 2 Base- Ingresos bajos- Zona Fria | E69: =+E360 -> 0 | F69: =+F360 -> 0 | G69: =+G360 -> 0 | H69: =+H360 -> 0 | I69: =+I360 -> 0 | J69: =+J360 -> 0 | K69: =+K360 -> 0 | L69: =+F69+I69 -> 0 | M69: =+G69+J69 -> 0 | N69: =+H69+K69 -> 0 | P69: =+IF(E69=0,0,Q69/R69) -> 0 | Q69: =+SUM(F69:H69) -> 0 | R69: =+E69 -> 0 | S69: =IF(R69=0,"S.D.",+IF(AND((Q69/R69)>0,(Q69/R69)<=700),"O.K.","VERIFICAR")) -> S.D.
B70: 5045 | C70: Nivel 2 -Ingresos bajos- Excedente | E70: =+E361 -> 0 | F70: =+F361 -> 0 | G70: =+G361 -> 0 | H70: =+H361 -> 0 | I70: =+I361 -> 0 | J70: =+J361 -> 0 | K70: =+K361 -> 0 | L70: =+F70+I70 -> 0 | M70: =+G70+J70 -> 0 | N70: =+H70+K70 -> 0 | P70: =+IF(E70=0,0,Q70/R70) -> 0 | Q70: =+SUM(F70:H70) -> 0 | R70: =+E70 -> 0 | S70: =+IF(R70=0,"S.D.",IF(AND((Q70/R70)>0,(Q70/R70)<=700),"O.K.","VERIFICAR")) -> S.D.
B71: 5506 | C71: TSP- (N2) | D71: N2 HOGARES POBRES O CARENCIADOS - Consumo > 500 y <=700 kWh/mes | E71: =+E362 -> 0 | F71: =+F362 -> 0 | G71: =+G362 -> 0 | H71: =+H362 -> 0 | I71: =+I362 -> 0 | J71: =+J362 -> 0 | K71: =+K362 -> 0 | L71: =+F71+I71 -> 0 | M71: =+G71+J71 -> 0 | N71: =+H71+K71 -> 0 | P71: =+IF(E71=0,0,Q71/R71) -> 0 | Q71: =+SUM(F71:H71) -> 0 | R71: =+E71 -> 0 | S71: =IF(R71=0,"S.D.",+IF(AND((Q71/R71)>500,(Q71/R71)<=700),"O.K.","VERIFICAR")) -> S.D.
B72: 5507 | C72: TSP- (N2) | D72: N2 HOGARES POBRES O CARENCIADOS - Consumo > 500 y <=700 kWh/mes -ZF | E72: =+E363 -> 0 | F72: =+F363 -> 0 | G72: =+G363 -> 0 | H72: =+H363 -> 0 | I72: =+I363 -> 0 | J72: =+J363 -> 0 | K72: =+K363 -> 0 | L72: =+F72+I72 -> 0 | M72: =+G72+J72 -> 0 | N72: =+H72+K72 -> 0 | P72: =+IF(E72=0,0,Q72/R72) -> 0 | Q72: =+SUM(F72:H72) -> 0 | R72: =+E72 -> 0 | S72: =IF(R72=0,"S.D.",+IF(AND((Q72/R72)>500,(Q72/R72)<=700),"O.K.","VERIFICAR")) -> S.D.
B73: 5556 | C73: TSP- (N2) | D73: N2 HOGARES INDIGENTES - Consumo > 500 y <= 700 kWh/mes | E73: =+E364 -> 0 | F73: =+F364 -> 0 | G73: =+G364 -> 0 | H73: =+H364 -> 0 | I73: =+I364 -> 0 | J73: =+J364 -> 0 | K73: =+K364 -> 0 | L73: =+F73+I73 -> 0 | M73: =+G73+J73 -> 0 | N73: =+H73+K73 -> 0 | P73: =+IF(E73=0,0,Q73/R73) -> 0 | Q73: =+SUM(F73:H73) -> 0 | R73: =+E73 -> 0 | S73: =IF(R73=0,"S.D.",+IF(AND((Q73/R73)>500,(Q73/R73)<=700),"O.K.","VERIFICAR")) -> S.D.
B74: 5557 | C74: TSP- (N2) | D74: N2 HOGARES INDIGENTES - Consumo > 500 y <= 700 kWh/mes -ZF | E74: =+E365 -> 0 | F74: =+F365 -> 0 | G74: =+G365 -> 0 | H74: =+H365 -> 0 | I74: =+I365 -> 0 | J74: =+J365 -> 0 | K74: =+K365 -> 0 | L74: =+F74+I74 -> 0 | M74: =+G74+J74 -> 0 | N74: =+H74+K74 -> 0 | P74: =+IF(E74=0,0,Q74/R74) -> 0 | Q74: =+SUM(F74:H74) -> 0 | R74: =+E74 -> 0 | S74: =IF(R74=0,"S.D.",+IF(AND((Q74/R74)>500,(Q74/R74)<=700),"O.K.","VERIFICAR")) -> S.D.
B75: 5050 | C75: Nivel 3 Base- Ingresos medios | E75: =+E366 -> 0 | F75: =+F366 -> 0 | G75: =+G366 -> 0 | H75: =+H366 -> 0 | I75: =+I366 -> 0 | J75: =+J366 -> 0 | K75: =+K366 -> 0 | L75: =+F75+I75 -> 0 | M75: =+G75+J75 -> 0 | N75: =+H75+K75 -> 0 | P75: =+IF(E75=0,0,Q75/R75) -> 0 | Q75: =+SUM(F75:H75) -> 0 | R75: =+E75 -> 0 | S75: =IF(R75=0,"S.D.",+IF(AND((Q75/R75)>0,(Q75/R75)<=250),"O.K.","VERIFICAR")) -> S.D.
B76: 5051 | C76: Nivel 3 Base- Ingresos medios- D 3/25 | E76: =+E367 -> 0 | F76: =+F367 -> 0 | G76: =+G367 -> 0 | H76: =+H367 -> 0 | I76: =+I367 -> 0 | J76: =+J367 -> 0 | K76: =+K367 -> 0 | L76: =+F76+I76 -> 0 | M76: =+G76+J76 -> 0 | N76: =+H76+K76 -> 0 | P76: =+IF(E76=0,0,Q76/R76) -> 0 | Q76: =+SUM(F76:H76) -> 0 | R76: =+E76 -> 0 | S76: =IF(R76=0,"S.D.",+IF(AND((Q76/R76)>0,(Q76/R76)<=500),"O.K.","VERIFICAR")) -> S.D.
B77: 5055 | C77: Nivel 3 Base- Ingresos medios-Excedente | E77: =+E368 -> 0 | F77: =+F368 -> 0 | G77: =+G368 -> 0 | H77: =+H368 -> 0 | I77: =+I368 -> 0 | J77: =+J368 -> 0 | K77: =+K368 -> 0 | L77: =+F77+I77 -> 0 | M77: =+G77+J77 -> 0 | N77: =+H77+K77 -> 0 | P77: =+IF(E77=0,0,Q77/R77) -> 0 | Q77: =+SUM(F77:H77) -> 0 | R77: =+E77 -> 0 | S77: =IF(R77=0,"S.D.",+IF(AND((Q77/R77)>0,(Q77/R77)<=700),"O.K.","VERIFICAR")) -> S.D.
B78: 5594 | C78: TSP- (N3) | D78: N3 HOGARES POBRES O CARENCIADOS - Consumo > 500 y <=700 kWh/mes | E78: =+E369 -> 0 | F78: =+F369 -> 0 | G78: =+G369 -> 0 | H78: =+H369 -> 0 | I78: =+I369 -> 0 | J78: =+J369 -> 0 | K78: =+K369 -> 0 | L78: =+F78+I78 -> 0 | M78: =+G78+J78 -> 0 | N78: =+H78+K78 -> 0 | P78: =+IF(E78=0,0,Q78/R78) -> 0 | Q78: =+SUM(F78:H78) -> 0 | R78: =+E78 -> 0 | S78: =IF(R78=0,"S.D.",+IF(AND((Q78/R78)>500,(Q78/R78)<=700),"O.K.","VERIFICAR")) -> S.D.
B79: 5513 | C79: TSP- (N3) | D79: N3 HOGARES POBRES O CARENCIADOS - Consumo > 500 y <=700 kWh/mes | E79: =+E370 -> 0 | F79: =+F370 -> 0 | G79: =+G370 -> 0 | H79: =+H370 -> 0 | I79: =+I370 -> 0 | J79: =+J370 -> 0 | K79: =+K370 -> 0 | L79: =+F79+I79 -> 0 | M79: =+G79+J79 -> 0 | N79: =+H79+K79 -> 0 | P79: =+IF(E79=0,0,Q79/R79) -> 0 | Q79: =+SUM(F79:H79) -> 0 | R79: =+E79 -> 0 | S79: =IF(R79=0,"S.D.",+IF(AND((Q79/R79)>500,(Q79/R79)<=700),"O.K.","VERIFICAR")) -> S.D.
B80: 5604 | C80: TSP- (N3) | D80: N3 HOGARES INDIGENTES - Consumo > 500 y <= 700 kWh/mes | E80: =+E371 -> 0 | F80: =+F371 -> 0 | G80: =+G371 -> 0 | H80: =+H371 -> 0 | I80: =+I371 -> 0 | J80: =+J371 -> 0 | K80: =+K371 -> 0 | L80: =+F80+I80 -> 0 | M80: =+G80+J80 -> 0 | N80: =+H80+K80 -> 0 | P80: =+IF(E80=0,0,Q80/R80) -> 0 | Q80: =+SUM(F80:H80) -> 0 | R80: =+E80 -> 0 | S80: =IF(R80=0,"S.D.",+IF(AND((Q80/R80)>500,(Q80/R80)<=700),"O.K.","VERIFICAR")) -> S.D.
B81: 5563 | C81: TSP- (N3) | D81: N3 HOGARES INDIGENTES - Consumo > 500 y <= 700 kWh/mes -ZF | E81: =+E372 -> 0 | F81: =+F372 -> 0 | G81: =+G372 -> 0 | H81: =+H372 -> 0 | I81: =+I372 -> 0 | J81: =+J372 -> 0 | K81: =+K372 -> 0 | L81: =+F81+I81 -> 0 | M81: =+G81+J81 -> 0 | N81: =+H81+K81 -> 0 | P81: =+IF(E81=0,0,Q81/R81) -> 0 | Q81: =+SUM(F81:H81) -> 0 | R81: =+E81 -> 0 | S81: =IF(R81=0,"S.D.",+IF(AND((Q81/R81)>500,(Q81/R81)<=700),"O.K.","VERIFICAR")) -> S.D.
B82: SUBTOTAL SEGMENTO UR3 | E82: =SUM(E65:E80) -> 0 | F82: =SUM(F65:F80) -> 0 | G82: =SUM(G65:G80) -> 0 | H82: =SUM(H65:H80) -> 0 | I82: =SUM(I65:I80) -> 0 | J82: =SUM(J65:J80) -> 0 | K82: =SUM(K65:K80) -> 0 | L82: =SUM(L65:L80) -> 0 | ... O82: =SUM(O65:O80) -> 0 | P82: =+IF(E82=0,0,Q82/R82) -> 0 | Q82: =+SUM(F82:H82) -> 0 | R82: =+E82 -> 0
H83: =+H82+G82+F82 -> 0
A85: UR4 >1400 y <= 2800 kWh bimest | E85: CANTIDAD TOTAL DE USUARIOS | F85: Energia Facturada (kWh) | I85: Perdidas en la Red (kWh) | L85: TOTAL KWH COMPRADOS | P85: CONTROL
F86: Pico | G86: Valle | H86: Resto | I86: Pico | J86: Valle | K86: Resto | L86: Pico | M86: Valle | N86: Resto | P86: KWH CALC/US | Q86: KWH | R86: USUARIO | S86: CONTROL
A87: UR4 >700y <= 1400 kWh/mes | B87: 5030 | C87: Nivel 1-Ingresos altos | E87: =+E373 -> 0 | F87: =+F373 -> 0 | G87: =+G373 -> 0 | H87: =+H373 -> 0 | I87: =+I373 -> 0 | J87: =+J373 -> 0 | K87: =+K373 -> 0 | L87: =+F87+I87 -> 0 | M87: =+G87+J87 -> 0 | N87: =+H87+K87 -> 0 | O87: UR4 >1400 y <= 2800 kWh bimest | P87: =+IF(E87=0,0,Q87/R87) -> 0 | Q87: =+SUM(F87:H87) -> 0 | R87: =+E87 -> 0 | S87: =IF(R87=0,"S.D.",+IF(AND((Q87/R87)>700,(Q87/R87)<=1400),"O.K.","VERIFICAR")) -> S.D.
B88: 5575 | C88: TSP- (N1) | D88: N1 HOGARES POBRES O CARENCIADOS - Consumo > 700 y <= 1400 kWh/mes | E88: =+E374 -> 0 | F88: =+F374 -> 0 | G88: =+G374 -> 0 | H88: =+H374 -> 0 | I88: =+I374 -> 0 | J88: =+J374 -> 0 | K88: =+K374 -> 0 | L88: =+F88+I88 -> 0 | M88: =+G88+J88 -> 0 | N88: =+H88+K88 -> 0 | P88: =+IF(E88=0,0,Q88/R88) -> 0 | Q88: =+SUM(F88:H88) -> 0 | R88: =+E88 -> 0 | S88: =IF(R88=0,"S.D.",+IF(AND((Q88/R88)>700,(Q88/R88)<=1400),"O.K.","VERIFICAR")) -> S.D.
B89: 5585 | C89: TSP- (N1) | D89: N1 HOGARES INDIGENTES- Consumo > 700 y <= 1400 kWh/mes | E89: =+E375 -> 0 | F89: =+F375 -> 0 | G89: =+G375 -> 0 | H89: =+H375 -> 0 | I89: =+I375 -> 0 | J89: =+J375 -> 0 | K89: =+K375 -> 0 | L89: =+F89+I89 -> 0 | M89: =+G89+J89 -> 0 | N89: =+H89+K89 -> 0 | P89: =+IF(E89=0,0,Q89/R89) -> 0 | Q89: =+SUM(F89:H89) -> 0 | R89: =+E89 -> 0 | S89: =IF(R89=0,"S.D.",+IF(AND((Q89/R89)>700,(Q89/R89)<=1400),"O.K.","VERIFICAR")) -> S.D.
B90: 5040 | C90: Nivel 2 Base- Ingresos bajos | E90: =+E376 -> 0 | F90: =+F376 -> 0 | G90: =+G376 -> 0 | H90: =+H376 -> 0 | I90: =+I376 -> 0 | J90: =+J376 -> 0 | K90: =+K376 -> 0 | L90: =+F90+I90 -> 0 | M90: =+G90+J90 -> 0 | N90: =+H90+K90 -> 0 | P90: =+IF(E90=0,0,Q90/R90) -> 0 | Q90: =+SUM(F90:H90) -> 0 | R90: =+E90 -> 0 | S90: =IF(R90=0,"S.D.",+IF(AND((Q90/R90)>0,(Q90/R90)<=350),"O.K.","VERIFICAR")) -> S.D.
B91: 5041 | C91: Nivel 2 Base- Ingresos bajos-Zona Fria | E91: =+E377 -> 0 | F91: =+F377 -> 0 | G91: =+G377 -> 0 | H91: =+H377 -> 0 | I91: =+I377 -> 0 | J91: =+J377 -> 0 | K91: =+K377 -> 0 | L91: =+F91+I91 -> 0 | M91: =+G91+J91 -> 0 | N91: =+H91+K91 -> 0 | P91: =+IF(E91=0,0,Q91/R91) -> 0 | Q91: =+SUM(F91:H91) -> 0 | R91: =+E91 -> 0 | S91: =+IF(R91=0,"S.D.",IF(AND((Q91/R91)>0,(Q91/R91)<=700),"O.K.","VERIFICAR")) -> S.D.
B92: 5045 | C92: Nivel 2 - Excedente- | E92: =+E378 -> 0 | F92: =+F378 -> 0 | G92: =+G378 -> 0 | H92: =+H378 -> 0 | I92: =+I378 -> 0 | J92: =+J378 -> 0 | K92: =+K378 -> 0 | L92: =+F92+I92 -> 0 | M92: =+G92+J92 -> 0 | N92: =+H92+K92 -> 0 | P92: =+IF(E92=0,0,Q92/R92) -> 0 | Q92: =+SUM(F92:H92) -> 0 | R92: =+E92 -> 0 | S92: =+IF(R92=0,"S.D.",IF(AND((Q92/R92)>0,(Q92/R92)<=1400),"O.K.","VERIFICAR")) -> S.D.
B93: 5508 | C93: TSP- (N2) | D93: N2 HOGARES POBRES O CARENCIADOS - Consumo > 700 y <= 1400 kWh/mes | E93: =+E379 -> 0 | F93: =+F379 -> 0 | G93: =+G379 -> 0 | H93: =+H379 -> 0 | I93: =+I379 -> 0 | J93: =+J379 -> 0 | K93: =+K379 -> 0 | L93: =+F93+I93 -> 0 | M93: =+G93+J93 -> 0 | N93: =+H93+K93 -> 0 | P93: =+IF(E93=0,0,Q93/R93) -> 0 | Q93: =+SUM(F93:H93) -> 0 | R93: =+E93 -> 0 | S93: =IF(R93=0,"S.D.",+IF(AND((Q93/R93)>700,(Q93/R93)<=1400),"O.K.","VERIFICAR")) -> S.D.
B94: 5509 | C94: TSP- (N2) | D94: N2 HOGARES POBRES O CARENCIADOS - Consumo > 700 y <= 1400 kWh/mes -ZF | E94: =+E380 -> 0 | F94: =+F380 -> 0 | G94: =+G380 -> 0 | H94: =+H380 -> 0 | I94: =+I380 -> 0 | J94: =+J380 -> 0 | K94: =+K380 -> 0 | L94: =+F94+I94 -> 0 | M94: =+G94+J94 -> 0 | N94: =+H94+K94 -> 0 | P94: =+IF(E94=0,0,Q94/R94) -> 0 | Q94: =+SUM(F94:H94) -> 0 | R94: =+E94 -> 0 | S94: =IF(R94=0,"S.D.",+IF(AND((Q94/R94)>700,(Q94/R94)<=1400),"O.K.","VERIFICAR")) -> S.D.
B95: 5558 | C95: TSP- (N2) | D95: N2 HOGARES INDIGENTES- Consumo > 700 y <= 1400 kWh/mes | E95: =+E381 -> 0 | F95: =+F381 -> 0 | G95: =+G381 -> 0 | H95: =+H381 -> 0 | I95: =+I381 -> 0 | J95: =+J381 -> 0 | K95: =+K381 -> 0 | L95: =+F95+I95 -> 0 | M95: =+G95+J95 -> 0 | N95: =+H95+K95 -> 0 | P95: =+IF(E95=0,0,Q95/R95) -> 0 | Q95: =+SUM(F95:H95) -> 0 | R95: =+E95 -> 0 | S95: =IF(R95=0,"S.D.",+IF(AND((Q95/R95)>700,(Q95/R95)<=1400),"O.K.","VERIFICAR")) -> S.D.
B96: 5559 | C96: TSP- (N2) | D96: N2 HOGARES INDIGENTES- Consumo > 700 y <= 1400 kWh/mesD ZF | E96: =+E382 -> 0 | F96: =+F382 -> 0 | G96: =+G382 -> 0 | H96: =+H382 -> 0 | I96: =+I382 -> 0 | J96: =+J382 -> 0 | K96: =+K382 -> 0 | L96: =+F96+I96 -> 0 | M96: =+G96+J96 -> 0 | N96: =+H96+K96 -> 0 | P96: =+IF(E96=0,0,Q96/R96) -> 0 | Q96: =+SUM(F96:H96) -> 0 | R96: =+E96 -> 0 | S96: =IF(R96=0,"S.D.",+IF(AND((Q96/R96)>700,(Q96/R96)<=1400),"O.K.","VERIFICAR")) -> S.D.
B97: 5050 | C97: Nivel 3 Base- Ingresos medios- | E97: =+E383 -> 0 | F97: =+F383 -> 0 | G97: =+G383 -> 0 | H97: =+H383 -> 0 | I97: =+I383 -> 0 | J97: =+J383 -> 0 | K97: =+K383 -> 0 | L97: =+F97+I97 -> 0 | M97: =+G97+J97 -> 0 | N97: =+H97+K97 -> 0 | P97: =+IF(E97=0,0,Q97/R97) -> 0 | Q97: =+SUM(F97:H97) -> 0 | R97: =+E97 -> 0 | S97: =IF(R97=0,"S.D.",+IF(AND((Q97/R97)>0,(Q97/R97)<=250),"O.K.","VERIFICAR")) -> S.D.
B98: 5051 | C98: Nivel 3 Base- Ingresos medios-Zona fria | E98: =+E384 -> 0 | F98: =+F384 -> 0 | G98: =+G384 -> 0 | H98: =+H384 -> 0 | I98: =+I384 -> 0 | J98: =+J384 -> 0 | K98: =+K384 -> 0 | L98: =+F98+I98 -> 0 | M98: =+G98+J98 -> 0 | N98: =+H98+K98 -> 0 | P98: =+IF(E98=0,0,Q98/R98) -> 0 | Q98: =+SUM(F98:H98) -> 0 | R98: =+E98 -> 0 | S98: =IF(R98=0,"S.D.",+IF(AND((Q98/R98)>0,(Q98/R98)<=500),"O.K.","VERIFICAR")) -> S.D.
B99: 5055 | C99: Nivel 3 - Ingresos medios-Excedente-- | E99: =+E385 -> 0 | F99: =+F385 -> 0 | G99: =+G385 -> 0 | H99: =+H385 -> 0 | I99: =+I385 -> 0 | J99: =+J385 -> 0 | K99: =+K385 -> 0 | L99: =+F99+I99 -> 0 | M99: =+G99+J99 -> 0 | N99: =+H99+K99 -> 0 | P99: =+IF(E99=0,0,Q99/R99) -> 0 | Q99: =+SUM(F99:H99) -> 0 | R99: =+E99 -> 0 | S99: =IF(R99=0,"S.D.",+IF(AND((Q99/R99)>0,(Q99/R99)<=1400),"O.K.","VERIFICAR")) -> S.D.
B100: 5595 | C100: TSP- (N3) | D100: N3 HOGARES POBRES O CARENCIADOS - Consumo > 700 y <= 1400 kWh/mes | E100: =+E386 -> 0 | F100: =+F386 -> 0 | G100: =+G386 -> 0 | H100: =+H386 -> 0 | I100: =+I386 -> 0 | J100: =+J386 -> 0 | K100: =+K386 -> 0 | L100: =+F100+I100 -> 0 | M100: =+G100+J100 -> 0 | N100: =+H100+K100 -> 0 | P100: =+IF(E100=0,0,Q100/R100) -> 0 | Q100: =+SUM(F100:H100) -> 0 | R100: =+E100 -> 0 | S100: =IF(R100=0,"S.D.",+IF(AND((Q100/R100)>700,(Q100/R100)<=1400),"O.K.","VERIFICAR")) -> S.D.
B101: 5514 | C101: TSP- (N3) | D101: N3 HOGARES POBRES O CARENCIADOS - Consumo > 700 y <= 1400 kWh/mes -ZF | E101: =+E387 -> 0 | F101: =+F387 -> 0 | G101: =+G387 -> 0 | H101: =+H387 -> 0 | I101: =+I387 -> 0 | J101: =+J387 -> 0 | K101: =+K387 -> 0 | L101: =+F101+I101 -> 0 | M101: =+G101+J101 -> 0 | N101: =+H101+K101 -> 0 | P101: =+IF(E101=0,0,Q101/R101) -> 0 | Q101: =+SUM(F101:H101) -> 0 | R101: =+E101 -> 0 | S101: =IF(R101=0,"S.D.",+IF(AND((Q101/R101)>700,(Q101/R101)<=1400),"O.K.","VERIFICAR")) -> S.D.
B102: 5605 | C102: TSP- (N3) | D102: N3 HOGARES INDIGENTES- Consumo > 700 y <= 1400 kWh/mes | E102: =+E388 -> 0 | F102: =+F388 -> 0 | G102: =+G388 -> 0 | H102: =+H388 -> 0 | I102: =+I388 -> 0 | J102: =+J388 -> 0 | K102: =+K388 -> 0 | L102: =+F102+I102 -> 0 | M102: =+G102+J102 -> 0 | N102: =+H102+K102 -> 0 | P102: =+IF(E102=0,0,Q102/R102) -> 0 | Q102: =+SUM(F102:H102) -> 0 | R102: =+E102 -> 0 | S102: =IF(R102=0,"S.D.",+IF(AND((Q102/R102)>700,(Q102/R102)<=1400),"O.K.","VERIFICAR")) -> S.D.
B103: 5564 | C103: TSP- (N3) | D103: N3 HOGARES INDIGENTES- Consumo > 700 y <= 1400 kWh/mes -ZF | E103: =+E389 -> 0 | F103: =+F389 -> 0 | G103: =+G389 -> 0 | H103: =+H389 -> 0 | I103: =+I389 -> 0 | J103: =+J389 -> 0 | K103: =+K389 -> 0 | L103: =+F103+I103 -> 0 | M103: =+G103+J103 -> 0 | N103: =+H103+K103 -> 0 | P103: =+IF(E103=0,0,Q103/R103) -> 0 | Q103: =+SUM(F103:H103) -> 0 | R103: =+E103 -> 0 | S103: =IF(R103=0,"S.D.",+IF(AND((Q103/R103)>700,(Q103/R103)<=1400),"O.K.","VERIFICAR")) -> S.D.
B104: SUBTOTAL SEGMENTO UR4 | E104: =SUM(E87:E102) -> 0 | F104: =SUM(F87:F102) -> 0 | G104: =SUM(G87:G102) -> 0 | H104: =SUM(H87:H102) -> 0 | I104: =SUM(I87:I102) -> 0 | J104: =SUM(J87:J102) -> 0 | K104: =SUM(K87:K102) -> 0 | L104: =SUM(L87:L102) -> 0 | ... N104: =SUM(N87:N102) -> 0 | O104: =SUM(L104:N104) -> 0 | P104: =+IF(E104=0,0,Q104/R104) -> 0 | Q104: =+SUM(F104:H104) -> 0 | R104: =+E104 -> 0
...

Sheet DDJJ EPEC S-II -GUDI
A1: PLANILLA DE TRABAJO INTERNA -USO EXCLUSIVO ASOCIADAS FACE-FECESCOR HOJA Nº2-
A2: SECCION I- II- Guc>=300 kW-LOS DATOS INGRESADOS SE CORRESPONDEN CON LA LECTURA DE EPEC
A3: Cooperativa: | E3: =+'Compra -HOJA1'!D2 -> 0
A4: Período: | E4: =+'Compra -HOJA1'!F4 -> 45536
A6: DATOS INDIVIDUALES A CARGAR | H6: ENERGIA FACTURADA (KWH) | K6: PERDIDAS (KWH) | N6: TOTAL KWH
A7: TENSION | B7: GUDI | C7: SUMINISTRO | D7: DP REGISTRADA | E7: DP CONTRATADA | F7: DFP REGISTRADA | G7: DFP CONTRATADA | H7: Pico | I7: Valle | J7: Resto | K7: Pico | L7: Valle | M7: Resto | N7: Pico | O7: Valle | P7: Resto | Y7: Pot Máxima Kw registrada
A8: =+'GUDI -HOJA2'!I9 -> 0 | B8: =+'GUDI -HOJA2'!B9 -> 0 | C8: =+'GUDI -HOJA2'!C9 -> 0 | D8: =+ROUND('GUDI -HOJA2'!J9,0) -> 0 | E8: =+ROUND('GUDI -HOJA2'!K9,0) -> 0 | F8: =+ROUND('GUDI -HOJA2'!L9,0) -> 0 | G8: =+ROUND('GUDI -HOJA2'!M9,0) -> 0 | H8: =+ROUND('GUDI -HOJA2'!P9,0) -> 0 | I8: =+ROUND('GUDI -HOJA2'!R9,0) -> 0 | J8: =+ROUND('GUDI -HOJA2'!Q9,0) -> 0 | K8: =+'GUDI -HOJA2'!AJ9 -> 0 | L8: =+'GUDI -HOJA2'!AL9 -> 0 | M8: =+'GUDI -HOJA2'!AK9 -> 0 | N8: =+H8+K8 -> 0 | O8: =+I8+L8 -> 0 | P8: =+J8+M8 -> 0 | Y8: =+'GUDI -HOJA2'!N9 -> 0
A9: =+'GUDI -HOJA2'!I10 -> 0 | B9: =+'GUDI -HOJA2'!B10 -> 0 | C9: =+'GUDI -HOJA2'!C10 -> 0 | D9: =+ROUND('GUDI -HOJA2'!J10,0) -> 0 | E9: =+ROUND('GUDI -HOJA2'!K10,0) -> 0 | F9: =+ROUND('GUDI -HOJA2'!L10,0) -> 0 | G9: =+ROUND('GUDI -HOJA2'!M10,0) -> 0 | H9: =+ROUND('GUDI -HOJA2'!P10,0) -> 0 | I9: =+ROUND('GUDI -HOJA2'!R10,0) -> 0 | J9: =+ROUND('GUDI -HOJA2'!Q10,0) -> 0 | K9: =+'GUDI -HOJA2'!AJ10 -> 0 | L9: =+'GUDI -HOJA2'!AL10 -> 0 | M9: =+'GUDI -HOJA2'!AK10 -> 0 | N9: =+H9+K9 -> 0 | O9: =+I9+L9 -> 0 | P9: =+J9+M9 -> 0 | Y9: =+'GUDI -HOJA2'!N10 -> 0
A10: =+'GUDI -HOJA2'!I11 -> 0 | B10: =+'GUDI -HOJA2'!B11 -> 0 | C10: =+'GUDI -HOJA2'!C11 -> 0 | D10: =+ROUND('GUDI -HOJA2'!J11,0) -> 0 | E10: =+ROUND('GUDI -HOJA2'!K11,0) -> 0 | F10: =+ROUND('GUDI -HOJA2'!L11,0) -> 0 | G10: =+ROUND('GUDI -HOJA2'!M11,0) -> 0 | H10: =+ROUND('GUDI -HOJA2'!P11,0) -> 0 | I10: =+ROUND('GUDI -HOJA2'!R11,0) -> 0 | J10: =+ROUND('GUDI -HOJA2'!Q11,0) -> 0 | K10: =+'GUDI -HOJA2'!AJ11 -> 0 | L10: =+'GUDI -HOJA2'!AL11 -> 0 | M10: =+'GUDI -HOJA2'!AK11 -> 0 | N10: =+H10+K10 -> 0 | O10: =+I10+L10 -> 0 | P10: =+J10+M10 -> 0 | Y10: =+'GUDI -HOJA2'!N11 -> 0
A11: =+'GUDI -HOJA2'!I12 -> 0 | B11: =+'GUDI -HOJA2'!B12 -> 0 | C11: =+'GUDI -HOJA2'!C12 -> 0 | D11: =+ROUND('GUDI -HOJA2'!J12,0) -> 0 | E11: =+ROUND('GUDI -HOJA2'!K12,0) -> 0 | F11: =+ROUND('GUDI -HOJA2'!L12,0) -> 0 | G11: =+ROUND('GUDI -HOJA2'!M12,0) -> 0 | H11: =+ROUND('GUDI -HOJA2'!P12,0) -> 0 | I11: =+ROUND('GUDI -HOJA2'!R12,0) -> 0 | J11: =+ROUND('GUDI -HOJA2'!Q12,0) -> 0 | K11: =+'GUDI -HOJA2'!AJ12 -> 0 | L11: =+'GUDI -HOJA2'!AL12 -> 0 | M11: =+'GUDI -HOJA2'!AK12 -> 0 | N11: =+H11+K11 -> 0 | O11: =+I11+L11 -> 0 | P11: =+J11+M11 -> 0 | Y11: =+'GUDI -HOJA2'!N12 -> 0
A12: =+'GUDI -HOJA2'!I13 -> 0 | B12: =+'GUDI -HOJA2'!B13 -> 0 | C12: =+'GUDI -HOJA2'!C13 -> 0 | D12: =+ROUND('GUDI -HOJA2'!J13,0) -> 0 | E12: =+ROUND('GUDI -HOJA2'!K13,0) -> 0 | F12: =+ROUND('GUDI -HOJA2'!L13,0) -> 0 | G12: =+ROUND('GUDI -HOJA2'!M13,0) -> 0 | H12: =+ROUND('GUDI -HOJA2'!P13,0) -> 0 | I12: =+ROUND('GUDI -HOJA2'!R13,0) -> 0 | J12: =+ROUND('GUDI -HOJA2'!Q13,0) -> 0 | K12: =+'GUDI -HOJA2'!AJ13 -> 0 | L12: =+'GUDI -HOJA2'!AL13 -> 0 | M12: =+'GUDI -HOJA2'!AK13 -> 0 | N12: =+H12+K12 -> 0 | O12: =+I12+L12 -> 0 | P12: =+J12+M12 -> 0 | Y12: =+'GUDI -HOJA2'!N13 -> 0
A13: =+'GUDI -HOJA2'!I14 -> 0 | B13: =+'GUDI -HOJA2'!B14 -> 0 | C13: =+'GUDI -HOJA2'!C14 -> 0 | D13: =+ROUND('GUDI -HOJA2'!J14,0) -> 0 | E13: =+ROUND('GUDI -HOJA2'!K14,0) -> 0 | F13: =+ROUND('GUDI -HOJA2'!L14,0) -> 0 | G13: =+ROUND('GUDI -HOJA2'!M14,0) -> 0 | H13: =+ROUND('GUDI -HOJA2'!P14,0) -> 0 | I13: =+ROUND('GUDI -HOJA2'!R14,0) -> 0 | J13: =+ROUND('GUDI -HOJA2'!Q14,0) -> 0 | K13: =+'GUDI -HOJA2'!AJ14 -> 0 | L13: =+'GUDI -HOJA2'!AL14 -> 0 | M13: =+'GUDI -HOJA2'!AK14 -> 0 | N13: =+H13+K13 -> 0 | O13: =+I13+L13 -> 0 | P13: =+J13+M13 -> 0 | Y13: =+'GUDI -HOJA2'!N14 -> 0
A14: =+'GUDI -HOJA2'!I15 -> 0 | B14: =+'GUDI -HOJA2'!B15 -> 0 | C14: =+'GUDI -HOJA2'!C15 -> 0 | D14: =+ROUND('GUDI -HOJA2'!J15,0) -> 0 | E14: =+ROUND('GUDI -HOJA2'!K15,0) -> 0 | F14: =+ROUND('GUDI -HOJA2'!L15,0) -> 0 | G14: =+ROUND('GUDI -HOJA2'!M15,0) -> 0 | H14: =+ROUND('GUDI -HOJA2'!P15,0) -> 0 | I14: =+ROUND('GUDI -HOJA2'!R15,0) -> 0 | J14: =+ROUND('GUDI -HOJA2'!Q15,0) -> 0 | K14: =+'GUDI -HOJA2'!AJ15 -> 0 | L14: =+'GUDI -HOJA2'!AL15 -> 0 | M14: =+'GUDI -HOJA2'!AK15 -> 0 | N14: =+H14+K14 -> 0 | O14: =+I14+L14 -> 0 | P14: =+J14+M14 -> 0 | Y14: =+'GUDI -HOJA2'!N15 -> 0
A15: =+'GUDI -HOJA2'!I16 -> 0 | B15: =+'GUDI -HOJA2'!B16 -> 0 | C15: =+'GUDI -HOJA2'!C16 -> 0 | D15: =+ROUND('GUDI -HOJA2'!J16,0) -> 0 | E15: =+ROUND('GUDI -HOJA2'!K16,0) -> 0 | F15: =+ROUND('GUDI -HOJA2'!L16,0) -> 0 | G15: =+ROUND('GUDI -HOJA2'!M16,0) -> 0 | H15: =+ROUND('GUDI -HOJA2'!P16,0) -> 0 | I15: =+ROUND('GUDI -HOJA2'!R16,0) -> 0 | J15: =+ROUND('GUDI -HOJA2'!Q16,0) -> 0 | K15: =+'GUDI -HOJA2'!AJ16 -> 0 | L15: =+'GUDI -HOJA2'!AL16 -> 0 | M15: =+'GUDI -HOJA2'!AK16 -> 0 | N15: =+H15+K15 -> 0 | O15: =+I15+L15 -> 0 | P15: =+J15+M15 -> 0 | Y15: =+'GUDI -HOJA2'!N16 -> 0
A16: =+'GUDI -HOJA2'!I17 -> 0 | B16: =+'GUDI -HOJA2'!B17 -> 0 | C16: =+'GUDI -HOJA2'!C17 -> 0 | D16: =+ROUND('GUDI -HOJA2'!J17,0) -> 0 | E16: =+ROUND('GUDI -HOJA2'!K17,0) -> 0 | F16: =+ROUND('GUDI -HOJA2'!L17,0) -> 0 | G16: =+ROUND('GUDI -HOJA2'!M17,0) -> 0 | H16: =+ROUND('GUDI -HOJA2'!P17,0) -> 0 | I16: =+ROUND('GUDI -HOJA2'!R17,0) -> 0 | J16: =+ROUND('GUDI -HOJA2'!Q17,0) -> 0 | K16: =+'GUDI -HOJA2'!AJ17 -> 0 | L16: =+'GUDI -HOJA2'!AL17 -> 0 | M16: =+'GUDI -HOJA2'!AK17 -> 0 | N16: =+H16+K16 -> 0 | O16: =+I16+L16 -> 0 | P16: =+J16+M16 -> 0 | Y16: =+'GUDI -HOJA2'!N17 -> 0
A17: =+'GUDI -HOJA2'!I18 -> 0 | B17: =+'GUDI -HOJA2'!B18 -> 0 | C17: =+'GUDI -HOJA2'!C18 -> 0 | D17: =+ROUND('GUDI -HOJA2'!J18,0) -> 0 | E17: =+ROUND('GUDI -HOJA2'!K18,0) -> 0 | F17: =+ROUND('GUDI -HOJA2'!L18,0) -> 0 | G17: =+ROUND('GUDI -HOJA2'!M18,0) -> 0 | H17: =+ROUND('GUDI -HOJA2'!P18,0) -> 0 | I17: =+ROUND('GUDI -HOJA2'!R18,0) -> 0 | J17: =+ROUND('GUDI -HOJA2'!Q18,0) -> 0 | K17: =+'GUDI -HOJA2'!AJ18 -> 0 | L17: =+'GUDI -HOJA2'!AL18 -> 0 | M17: =+'GUDI -HOJA2'!AK18 -> 0 | N17: =+H17+K17 -> 0 | O17: =+I17+L17 -> 0 | P17: =+J17+M17 -> 0 | Y17: =+'GUDI -HOJA2'!N18 -> 0
H18: =SUM(H8:H17) -> 0 | I18: =SUM(I8:I17) -> 0 | J18: =SUM(J8:J17) -> 0 | K18: =SUM(K8:K17) -> 0 | L18: =SUM(L8:L17) -> 0 | M18: =SUM(M8:M17) -> 0
H19: TOTAL KWH COMPRADOS
H20: =+H18+K18 -> 0 | I20: =+I18+L18 -> 0 | J20: =+J18+M18 -> 0
H23: ENERGIA FACTURADA (KWH) | K23: PERDIDAS (KWH) | N23: TOTAL KWH
H24: Pico | I24: Valle | J24: Resto | K24: Pico | L24: Valle | M24: Resto | N24: Pico | O24: Valle | P24: Resto
G25: MT | H25: =+SUMIF($A$8:$P$17,$G25,H$8:H$17) -> 0 | I25: =+SUMIF($A$8:$P$17,$G25,I$8:I$17) -> 0 | J25: =+SUMIF($A$8:$P$17,$G25,J$8:J$17) -> 0 | K25: =+SUMIF($A$8:$P$17,$G25,K$8:K$17) -> 0 | L25: =+SUMIF($A$8:$P$17,$G25,L$8:L$17) -> 0 | M25: =+SUMIF($A$8:$P$17,$G25,M$8:M$17) -> 0 | N25: =+SUMIF($A$8:$P$17,$G25,N$8:N$17) -> 0 | O25: =+SUMIF($A$8:$P$17,$G25,O$8:O$17) -> 0 | P25: =+SUMIF($A$8:$P$17,$G25,P$8:P$17) -> 0
G26: BT | H26: =+SUMIF($A$8:$P$17,$G26,H$8:H$17) -> 0 | I26: =+SUMIF($A$8:$P$17,$G26,I$8:I$17) -> 0 | J26: =+SUMIF($A$8:$P$17,$G26,J$8:J$17) -> 0 | K26: =+SUMIF($A$8:$P$17,$G26,K$8:K$17) -> 0 | L26: =+SUMIF($A$8:$P$17,$G26,L$8:L$17) -> 0 | M26: =+SUMIF($A$8:$P$17,$G26,M$8:M$17) -> 0 | N26: =+SUMIF($A$8:$P$17,$G26,N$8:N$17) -> 0 | O26: =+SUMIF($A$8:$P$17,$G26,O$8:O$17) -> 0 | P26: =+SUMIF($A$8:$P$17,$G26,P$8:P$17) -> 0
G27: TOTAL | H27: =SUM(H25:H26) -> 0 | I27: =SUM(I25:I26) -> 0 | J27: =SUM(J25:J26) -> 0 | K27: =SUM(K25:K26) -> 0 | L27: =SUM(L25:L26) -> 0 | M27: =SUM(M25:M26) -> 0 | N27: =SUM(N25:N26) -> 0 | O27: =SUM(O25:O26) -> 0 | P27: =SUM(P25:P26) -> 0
A32: USUARIOS >= 300 kW DE DEMANDA
D34: USUARIOS DE MAS DE 300 kW DE DEMANDA | H34: ENERGIA VENDIDA (kWh) | K34: SUMATORIA POT MAX REG. INDIVIDUAL KW | L34: CANTIDAD TOTAL DE USUARIOS | M34: PERDIDAS RECONOCIDAS | P34: ENERGIA TOTAL COMPRADA
H35: PICO | I35: RESTO | J35: VALLE | M35: PICO | N35: RESTO | O35: VALLE | P35: PICO | Q35: RESTO | R35: VALLE | S35: TOTAL
A36: Guc | C36: C | D36: LECTURA A USUARIOS EN MT | G36: =SUM(H36:J36) -> 0 | H36: =+H25 -> 0 | I36: =+J25 -> 0 | J36: =+I25 -> 0 | K36: =+SUMIF($A$8:$Y$17,G$25,Y$8:Y$17) -> 0 | L36: =+COUNTIF(A$8:A$17,G$25) -> 0 | M36: =+K25 -> 0 | N36: =+M25 -> 0 | O36: =+L25 -> 0 | P36: =M36+H36 -> 0 | Q36: =N36+I36 -> 0 | R36: =O36+J36 -> 0 | S36: =SUM(P36:R36) -> 0
C38: E | D38: LECTURA A USUARIOS EN BT | G38: =SUM(H38:J38) -> 0 | H38: =+H26 -> 0 | I38: =+J26 -> 0 | J38: =+I26 -> 0 | K38: =+SUMIF($A$8:$Y$17,G$26,Y$8:Y$17) -> 0 | L38: =+COUNTIF(A$8:A$17,G$26) -> 0 | M38: =+K26 -> 0 | N38: =+M26 -> 0 | O38: =+L26 -> 0 | P38: =M38+H38 -> 0 | Q38: =N38+I38 -> 0 | R38: =O38+J38 -> 0 | S38: =SUM(P38:R38) -> 0
D39: TOTAL FACTURADO Guc | G39: =+G36+G38 -> 0 | H39: =+H36+H38 -> 0 | I39: =+I36+I38 -> 0 | J39: =+J36+J38 -> 0 | K39: =+K36+K38 -> 0 | L39: =+L36+L38 -> 0 | M39: =+M36+M38 -> 0 | N39: =+N36+N38 -> 0 | ... S39: =+S36+S38 -> 0
A42: USUARIOS >= 300 kW DE DEMANDA
D44: USUARIOS DE MAS DE 300 kW DE DEMANDA | H44: ENERGIA VENDIDA (kWh) | K44: SUMATORIA POT MAX REG. INDIVIDUAL KW | L44: CANTIDAD TOTAL DE USUARIOS | M44: PERDIDAS RECONOCIDAS | P44: ENERGIA TOTAL COMPRADA
H45: PICO | I45: RESTO | J45: VALLE | M45: PICO | N45: RESTO | O45: VALLE | P45: PICO | Q45: RESTO | R45: VALLE | S45: TOTAL
A46: Guc | C46: C | D46: LECTURA A USUARIOS EN MT | G46: =+'Compra -HOJA1'!F24 -> 0 | H46: =+'Compra -HOJA1'!G24 -> 0 | I46: =+'Compra -HOJA1'!H24 -> 0 | J46: =+'Compra -HOJA1'!I24 -> 0 | K46: =+'Compra -HOJA1'!J24 -> 0 | L46: =+'Compra -HOJA1'!K24 -> 0 | M46: =+'Compra -HOJA1'!L24 -> 0 | N46: =+'Compra -HOJA1'!M24 -> 0 | ... S46: =+'Compra -HOJA1'!R24 -> 0
C48: E | D48: LECTURA A USUARIOS EN BT | G48: =+'Compra -HOJA1'!F27 -> 0 | H48: =+'Compra -HOJA1'!G27 -> 0 | I48: =+'Compra -HOJA1'!H27 -> 0 | J48: =+'Compra -HOJA1'!I27 -> 0 | K48: =+'Compra -HOJA1'!J27 -> 0 | L48: =+'Compra -HOJA1'!K27 -> 0 | M48: =+'Compra -HOJA1'!L27 -> 0 | N48: =+'Compra -HOJA1'!M27 -> 0 | ... S48: =+'Compra -HOJA1'!R27 -> 0
D49: TOTAL FACTURADO Guc | G49: =+G46+G48 -> 0 | H49: =+H46+H48 -> 0 | I49: =+I46+I48 -> 0 | J49: =+J46+J48 -> 0 | K49: =+K46+K48 -> 0 | L49: =+L46+L48 -> 0 | M49: =+M46+M48 -> 0 | N49: =+N46+N48 -> 0 | ... S49: =+S46+S48 -> 0
F53: DIF MT | G53: =+G46-G36 -> 0 | H53: =+H46-H36 -> 0 | I53: =+I46-I36 -> 0 | J53: =+J46-J36 -> 0 | K53: =+K46-K36 -> 0 | L53: =+L46-L36 -> 0 | M53: =+M46-M36 -> 0 | N53: =+N46-N36 -> 0 | ... S53: =+S46-S36 -> 0
F54: DIF BT | G54: =+G48-G38 -> 0 | H54: =+H48-H38 -> 0 | I54: =+I48-I38 -> 0 | J54: =+J48-J38 -> 0 | K54: =+K48-K38 -> 0 | L54: =+L48-L38 -> 0 | M54: =+M48-M38 -> 0 | N54: =+N48-N38 -> 0 | ... S54: =+S48-S38 -> 0
H170: =SUM(H27:J27) -> 0 | K170: =SUM(K27:M27) -> 0

Sheet DDJJ EPEC S-II -SUMIN
A1: PLANILLA DE TRABAJO INTERNA -USO EXCLUSIVO ASOCIADAS FACE-FECESCOR HOJA Nº 3- PROVISORIA
A10: "GESTION DE PUNTOS DE SUMINISTRO "
A11: USUARIOS: Electrodependientes - Bomberos voluntarios - Clubes de barrio y pueblo - Medidores comunitarios de complejos habitacionales
J12: Energia Facturada (kWh) | M12: Perdidas en la Red (kWh) | P12: TOTAL KWH COMPRADOS
J13: Pico | K13: Valle | L13: Resto | M13: Pico | N13: Valle | O13: Resto | P13: Pico | Q13: Valle | R13: Resto
I14: TOTAL | J14: =+J132 -> 0 | K14: =+K132 -> 0 | L14: =+L132 -> 0 | M14: =+M132 -> 0 | N14: =+N132 -> 0 | O14: =+O132 -> 0 | P14: =+P132 -> 0 | Q14: =+Q132 -> 0 | R14: =+R132 -> 0
J15: TOTAL KWH COMPRADOS
J16: Pico | K16: Valle | L16: Resto
J17: =+P14 -> 0 | K17: =+Q14 -> 0 | L17: =+R14 -> 0 | M17: =+J17+K17+L17 -> 0
A20: DATOS INDIVIDUALES A CARGAR PUNTOS DE SUMINISTRO | J20: Energia Facturada (kWh) | M20: Perdidas en la Red (kWh) | P20: TOTAL KWH COMPRADOS
A21: =+CONCATENATE('SUMIN -HOJA3'!B22,"-",'SUMIN -HOJA3'!C22,"-",'SUMIN -HOJA3'!D22,"-",'SUMIN -HOJA3'!E22,"-",'SUMIN -HOJA3'!F22,) -> SUMINISTRO-RAZON SOCIAL-DIRECCION-LOCALIDAD-PROVINCIA | F21: TIPO DE USUARIO Y DE CONSUMO | G21: CODIGO | H21: PSUM | I21: SEGMENTO | J21: Pico | K21: Valle | L21: Resto | M21: Pico | N21: Valle | O21: Resto | P21: Pico | Q21: Valle | R21: Resto
A22: =+CONCATENATE(+'SUMIN -HOJA3'!A23,'SUMIN -HOJA3'!B23,"-",'SUMIN -HOJA3'!C23,"-",'SUMIN -HOJA3'!D23,"-",'SUMIN -HOJA3'!E23,"-",'SUMIN -HOJA3'!F23,) -> ---- | F22: =+'SUMIN -HOJA3'!G23 -> 0 | G22: =+'SUMIN -HOJA3'!H23 | H22: =+CONCATENATE('SUMIN -HOJA3'!A23,'SUMIN -HOJA3'!B23) | I22: =+CONCATENATE('SUMIN -HOJA3'!I23," (",'SUMIN -HOJA3'!K23,")") -> () | J22: =+'SUMIN -HOJA3'!Z23 -> 0 | K22: =+'SUMIN -HOJA3'!AA23 -> 0 | L22: =+'SUMIN -HOJA3'!AB23 -> 0 | M22: =+'SUMIN -HOJA3'!AC23 -> 0 | N22: =+'SUMIN -HOJA3'!AD23 -> 0 | O22: =+'SUMIN -HOJA3'!AE23 -> 0 | P22: =+J22+M22 -> 0 | Q22: =+K22+N22 -> 0 | R22: =+L22+O22 -> 0
A23: =+CONCATENATE(+'SUMIN -HOJA3'!A24,'SUMIN -HOJA3'!B24,"-",'SUMIN -HOJA3'!C24,"-",'SUMIN -HOJA3'!D24,"-",'SUMIN -HOJA3'!E24,"-",'SUMIN -HOJA3'!F24,) -> ---- | F23: =+'SUMIN -HOJA3'!G24 -> 0 | G23: =+'SUMIN -HOJA3'!H24 | H23: =+CONCATENATE('SUMIN -HOJA3'!A24,'SUMIN -HOJA3'!B24) | I23: =+CONCATENATE('SUMIN -HOJA3'!I24," (",'SUMIN -HOJA3'!K24,")") -> () | J23: =+'SUMIN -HOJA3'!Z24 -> 0 | K23: =+'SUMIN -HOJA3'!AA24 -> 0 | L23: =+'SUMIN -HOJA3'!AB24 -> 0 | M23: =+'SUMIN -HOJA3'!AC24 -> 0 | N23: =+'SUMIN -HOJA3'!AD24 -> 0 | O23: =+'SUMIN -HOJA3'!AE24 -> 0 | P23: =+J23+M23 -> 0 | Q23: =+K23+N23 -> 0 | R23: =+L23+O23 -> 0
A24: =+CONCATENATE(+'SUMIN -HOJA3'!A25,'SUMIN -HOJA3'!B25,"-",'SUMIN -HOJA3'!C25,"-",'SUMIN -HOJA3'!D25,"-",'SUMIN -HOJA3'!E25,"-",'SUMIN -HOJA3'!F25,) -> ---- | F24: =+'SUMIN -HOJA3'!G25 -> 0 | G24: =+'SUMIN -HOJA3'!H25 | H24: =+CONCATENATE('SUMIN -HOJA3'!A25,'SUMIN -HOJA3'!B25) | I24: =+CONCATENATE('SUMIN -HOJA3'!I25," (",'SUMIN -HOJA3'!K25,")") -> () | J24: =+'SUMIN -HOJA3'!Z25 -> 0 | K24: =+'SUMIN -HOJA3'!AA25 -> 0 | L24: =+'SUMIN -HOJA3'!AB25 -> 0 | M24: =+'SUMIN -HOJA3'!AC25 -> 0 | N24: =+'SUMIN -HOJA3'!AD25 -> 0 | O24: =+'SUMIN -HOJA3'!AE25 -> 0 | P24: =+J24+M24 -> 0 | Q24: =+K24+N24 -> 0 | R24: =+L24+O24 -> 0
A25: =+CONCATENATE(+'SUMIN -HOJA3'!A26,'SUMIN -HOJA3'!B26,"-",'SUMIN -HOJA3'!C26,"-",'SUMIN -HOJA3'!D26,"-",'SUMIN -HOJA3'!E26,"-",'SUMIN -HOJA3'!F26,) -> ---- | F25: =+'SUMIN -HOJA3'!G26 -> 0 | G25: =+'SUMIN -HOJA3'!H26 | H25: =+CONCATENATE('SUMIN -HOJA3'!A26,'SUMIN -HOJA3'!B26) | I25: =+CONCATENATE('SUMIN -HOJA3'!I26," (",'SUMIN -HOJA3'!K26,")") -> () | J25: =+'SUMIN -HOJA3'!Z26 -> 0 | K25: =+'SUMIN -HOJA3'!AA26 -> 0 | L25: =+'SUMIN -HOJA3'!AB26 -> 0 | M25: =+'SUMIN -HOJA3'!AC26 -> 0 | N25: =+'SUMIN -HOJA3'!AD26 -> 0 | O25: =+'SUMIN -HOJA3'!AE26 -> 0 | P25: =+J25+M25 -> 0 | Q25: =+K25+N25 -> 0 | R25: =+L25+O25 -> 0
A26: =+CONCATENATE(+'SUMIN -HOJA3'!A27,'SUMIN -HOJA3'!B27,"-",'SUMIN -HOJA3'!C27,"-",'SUMIN -HOJA3'!D27,"-",'SUMIN -HOJA3'!E27,"-",'SUMIN -HOJA3'!F27,) -> ---- | F26: =+'SUMIN -HOJA3'!G27 -> 0 | G26: =+'SUMIN -HOJA3'!H27 | H26: =+CONCATENATE('SUMIN -HOJA3'!A27,'SUMIN -HOJA3'!B27) | I26: =+CONCATENATE('SUMIN -HOJA3'!I27," (",'SUMIN -HOJA3'!K27,")") -> () | J26: =+'SUMIN -HOJA3'!Z27 -> 0 | K26: =+'SUMIN -HOJA3'!AA27 -> 0 | L26: =+'SUMIN -HOJA3'!AB27 -> 0 | M26: =+'SUMIN -HOJA3'!AC27 -> 0 | N26: =+'SUMIN -HOJA3'!AD27 -> 0 | O26: =+'SUMIN -HOJA3'!AE27 -> 0 | P26: =+J26+M26 -> 0 | Q26: =+K26+N26 -> 0 | R26: =+L26+O26 -> 0
A27: =+CONCATENATE(+'SUMIN -HOJA3'!A28,'SUMIN -HOJA3'!B28,"-",'SUMIN -HOJA3'!C28,"-",'SUMIN -HOJA3'!D28,"-",'SUMIN -HOJA3'!E28,"-",'SUMIN -HOJA3'!F28,) -> ---- | F27: =+'SUMIN -HOJA3'!G28 -> 0 | G27: =+'SUMIN -HOJA3'!H28 | H27: =+CONCATENATE('SUMIN -HOJA3'!A28,'SUMIN -HOJA3'!B28) | I27: =+CONCATENATE('SUMIN -HOJA3'!I28," (",'SUMIN -HOJA3'!K28,")") -> () | J27: =+'SUMIN -HOJA3'!Z28 -> 0 | K27: =+'SUMIN -HOJA3'!AA28 -> 0 | L27: =+'SUMIN -HOJA3'!AB28 -> 0 | M27: =+'SUMIN -HOJA3'!AC28 -> 0 | N27: =+'SUMIN -HOJA3'!AD28 -> 0 | O27: =+'SUMIN -HOJA3'!AE28 -> 0 | P27: =+J27+M27 -> 0 | Q27: =+K27+N27 -> 0 | R27: =+L27+O27 -> 0
A28: =+CONCATENATE(+'SUMIN -HOJA3'!A29,'SUMIN -HOJA3'!B29,"-",'SUMIN -HOJA3'!C29,"-",'SUMIN -HOJA3'!D29,"-",'SUMIN -HOJA3'!E29,"-",'SUMIN -HOJA3'!F29,) -> ---- | F28: =+'SUMIN -HOJA3'!G29 -> 0 | G28: =+'SUMIN -HOJA3'!H29 | H28: =+CONCATENATE('SUMIN -HOJA3'!A29,'SUMIN -HOJA3'!B29) | I28: =+CONCATENATE('SUMIN -HOJA3'!I29," (",'SUMIN -HOJA3'!K29,")") -> () | J28: =+'SUMIN -HOJA3'!Z29 -> 0 | K28: =+'SUMIN -HOJA3'!AA29 -> 0 | L28: =+'SUMIN -HOJA3'!AB29 -> 0 | M28: =+'SUMIN -HOJA3'!AC29 -> 0 | N28: =+'SUMIN -HOJA3'!AD29 -> 0 | O28: =+'SUMIN -HOJA3'!AE29 -> 0 | P28: =+J28+M28 -> 0 | Q28: =+K28+N28 -> 0 | R28: =+L28+O28 -> 0
A29: =+CONCATENATE(+'SUMIN -HOJA3'!A30,'SUMIN -HOJA3'!B30,"-",'SUMIN -HOJA3'!C30,"-",'SUMIN -HOJA3'!D30,"-",'SUMIN -HOJA3'!E30,"-",'SUMIN -HOJA3'!F30,) -> ---- | F29: =+'SUMIN -HOJA3'!G30 -> 0 | G29: =+'SUMIN -HOJA3'!H30 | H29: =+CONCATENATE('SUMIN -HOJA3'!A30,'SUMIN -HOJA3'!B30) | I29: =+CONCATENATE('SUMIN -HOJA3'!I30," (",'SUMIN -HOJA3'!K30,")") -> () | J29: =+'SUMIN -HOJA3'!Z30 -> 0 | K29: =+'SUMIN -HOJA3'!AA30 -> 0 | L29: =+'SUMIN -HOJA3'!AB30 -> 0 | M29: =+'SUMIN -HOJA3'!AC30 -> 0 | N29: =+'SUMIN -HOJA3'!AD30 -> 0 | O29: =+'SUMIN -HOJA3'!AE30 -> 0 | P29: =+J29+M29 -> 0 | Q29: =+K29+N29 -> 0 | R29: =+L29+O29 -> 0
A30: =+CONCATENATE(+'SUMIN -HOJA3'!A31,'SUMIN -HOJA3'!B31,"-",'SUMIN -HOJA3'!C31,"-",'SUMIN -HOJA3'!D31,"-",'SUMIN -HOJA3'!E31,"-",'SUMIN -HOJA3'!F31,) -> ---- | F30: =+'SUMIN -HOJA3'!G31 -> 0 | G30: =+'SUMIN -HOJA3'!H31 | H30: =+CONCATENATE('SUMIN -HOJA3'!A31,'SUMIN -HOJA3'!B31) | I30: =+CONCATENATE('SUMIN -HOJA3'!I31," (",'SUMIN -HOJA3'!K31,")") -> () | J30: =+'SUMIN -HOJA3'!Z31 -> 0 | K30: =+'SUMIN -HOJA3'!AA31 -> 0 | L30: =+'SUMIN -HOJA3'!AB31 -> 0 | M30: =+'SUMIN -HOJA3'!AC31 -> 0 | N30: =+'SUMIN -HOJA3'!AD31 -> 0 | O30: =+'SUMIN -HOJA3'!AE31 -> 0 | P30: =+J30+M30 -> 0 | Q30: =+K30+N30 -> 0 | R30: =+L30+O30 -> 0
A31: =+CONCATENATE(+'SUMIN -HOJA3'!A32,'SUMIN -HOJA3'!B32,"-",'SUMIN -HOJA3'!C32,"-",'SUMIN -HOJA3'!D32,"-",'SUMIN -HOJA3'!E32,"-",'SUMIN -HOJA3'!F32,) -> ---- | F31: =+'SUMIN -HOJA3'!G32 -> 0 | G31: =+'SUMIN -HOJA3'!H32 | H31: =+CONCATENATE('SUMIN -HOJA3'!A32,'SUMIN -HOJA3'!B32) | I31: =+CONCATENATE('SUMIN -HOJA3'!I32," (",'SUMIN -HOJA3'!K32,")") -> () | J31: =+'SUMIN -HOJA3'!Z32 -> 0 | K31: =+'SUMIN -HOJA3'!AA32 -> 0 | L31: =+'SUMIN -HOJA3'!AB32 -> 0 | M31: =+'SUMIN -HOJA3'!AC32 -> 0 | N31: =+'SUMIN -HOJA3'!AD32 -> 0 | O31: =+'SUMIN -HOJA3'!AE32 -> 0 | P31: =+J31+M31 -> 0 | Q31: =+K31+N31 -> 0 | R31: =+L31+O31 -> 0
A32: =+CONCATENATE(+'SUMIN -HOJA3'!A33,'SUMIN -HOJA3'!B33,"-",'SUMIN -HOJA3'!C33,"-",'SUMIN -HOJA3'!D33,"-",'SUMIN -HOJA3'!E33,"-",'SUMIN -HOJA3'!F33,) -> ---- | F32: =+'SUMIN -HOJA3'!G33 -> 0 | G32: =+'SUMIN -HOJA3'!H33 | H32: =+CONCATENATE('SUMIN -HOJA3'!A33,'SUMIN -HOJA3'!B33) | I32: =+CONCATENATE('SUMIN -HOJA3'!I33," (",'SUMIN -HOJA3'!K33,")") -> () | J32: =+'SUMIN -HOJA3'!Z33 -> 0 | K32: =+'SUMIN -HOJA3'!AA33 -> 0 | L32: =+'SUMIN -HOJA3'!AB33 -> 0 | M32: =+'SUMIN -HOJA3'!AC33 -> 0 | N32: =+'SUMIN -HOJA3'!AD33 -> 0 | O32: =+'SUMIN -HOJA3'!AE33 -> 0 | P32: =+J32+M32 -> 0 | Q32: =+K32+N32 -> 0 | R32: =+L32+O32 -> 0
A33: =+CONCATENATE(+'SUMIN -HOJA3'!A34,'SUMIN -HOJA3'!B34,"-",'SUMIN -HOJA3'!C34,"-",'SUMIN -HOJA3'!D34,"-",'SUMIN -HOJA3'!E34,"-",'SUMIN -HOJA3'!F34,) -> ---- | F33: =+'SUMIN -HOJA3'!G34 -> 0 | G33: =+'SUMIN -HOJA3'!H34 | H33: =+CONCATENATE('SUMIN -HOJA3'!A34,'SUMIN -HOJA3'!B34) | I33: =+CONCATENATE('SUMIN -HOJA3'!I34," (",'SUMIN -HOJA3'!K34,")") -> () | J33: =+'SUMIN -HOJA3'!Z34 -> 0 | K33: =+'SUMIN -HOJA3'!AA34 -> 0 | L33: =+'SUMIN -HOJA3'!AB34 -> 0 | M33: =+'SUMIN -HOJA3'!AC34 -> 0 | N33: =+'SUMIN -HOJA3'!AD34 -> 0 | O33: =+'SUMIN -HOJA3'!AE34 -> 0 | P33: =+J33+M33 -> 0 | Q33: =+K33+N33 -> 0 | R33: =+L33+O33 -> 0
... A131: =+CONCATENATE(+'SUMIN -HOJA3'!A132,'SUMIN -HOJA3'!B132,"-",'SUMIN -HOJA3'!C132,"-",'SUMIN -HOJA3'!D132,"-",'SUMIN -HOJA3'!E132,"-",'SUMIN -HOJA3'!F132,) -> ---- | F131: =+'SUMIN -HOJA3'!G132 -> 0 | G131: =+'SUMIN -HOJA3'!H132 | H131: =+CONCATENATE('SUMIN -HOJA3'!A132,'SUMIN -HOJA3'!B132) | I131: =+CONCATENATE('SUMIN -HOJA3'!I132," (",'SUMIN -HOJA3'!K132,")") -> () | J131: =+'SUMIN -HOJA3'!Z132 -> 0 | K131: =+'SUMIN -HOJA3'!AA132 -> 0 | L131: =+'SUMIN -HOJA3'!AB132 -> 0 | M131: =+'SUMIN -HOJA3'!AC132 -> 0 | N131: =+'SUMIN -HOJA3'!AD132 -> 0 | O131: =+'SUMIN -HOJA3'!AE132 -> 0 | P131: =+J131+M131 -> 0 | Q131: =+K131+N131 -> 0 | R131: =+L131+O131 -> 0
J132: =SUM(J22:J131) -> 0 | K132: =SUM(K22:K131) -> 0 | L132: =SUM(L22:L131) -> 0 | M132: =SUM(M22:M131) -> 0 | N132: =SUM(N22:N131) -> 0 | O132: =SUM(O22:O131) -> 0 | P132: =SUM(P22:P131) -> 0 | Q132: =SUM(Q22:Q131) -> 0 | R132: =SUM(R22:R131) -> 0
J135: Energia Facturada (kWh) | M135: Perdidas en la red (kWh) | P135: TOTAL COMPRA
J136: Pico | K136: Valle | L136: Resto | M136: Pico | N136: Valle | O136: Resto | P136: Pico | Q136: Valle | R136: Resto
F137: TIPO | G137: KWH | I137: USUARIOS
F138: =+'SUMIN -HOJA3'!R138 -> Residencial (UR1) | G138: =+'SUMIN -HOJA3'!X138 -> 0 | I138: =+'SUMIN -HOJA3'!Y138 -> 0 | J138: =+'SUMIN -HOJA3'!Z138 -> 0 | K138: =+'SUMIN -HOJA3'!AA138 -> 0 | L138: =+'SUMIN -HOJA3'!AB138 -> 0 | M138: =+'SUMIN -HOJA3'!AC138 -> 0 | N138: =+'SUMIN -HOJA3'!AD138 -> 0 | O138: =+'SUMIN -HOJA3'!AE138 -> 0 | P138: =+'SUMIN -HOJA3'!AF138 -> 0 | ... R138: =+'SUMIN -HOJA3'!AH138 -> 0
F139: =+'SUMIN -HOJA3'!R139 -> Residencial (UR2) | G139: =+'SUMIN -HOJA3'!X139 -> 0 | I139: =+'SUMIN -HOJA3'!Y139 -> 0 | J139: =+'SUMIN -HOJA3'!Z139 -> 0 | K139: =+'SUMIN -HOJA3'!AA139 -> 0 | L139: =+'SUMIN -HOJA3'!AB139 -> 0 | M139: =+'SUMIN -HOJA3'!AC139 -> 0 | N139: =+'SUMIN -HOJA3'!AD139 -> 0 | O139: =+'SUMIN -HOJA3'!AE139 -> 0 | P139: =+'SUMIN -HOJA3'!AF139 -> 0 | ... R139: =+'SUMIN -HOJA3'!AH139 -> 0
F140: =+'SUMIN -HOJA3'!R140 -> Residencial (UR3) | G140: =+'SUMIN -HOJA3'!X140 -> 0 | I140: =+'SUMIN -HOJA3'!Y140 -> 0 | J140: =+'SUMIN -HOJA3'!Z140 -> 0 | K140: =+'SUMIN -HOJA3'!AA140 -> 0 | L140: =+'SUMIN -HOJA3'!AB140 -> 0 | M140: =+'SUMIN -HOJA3'!AC140 -> 0 | N140: =+'SUMIN -HOJA3'!AD140 -> 0 | O140: =+'SUMIN -HOJA3'!AE140 -> 0 | P140: =+'SUMIN -HOJA3'!AF140 -> 0 | ... R140: =+'SUMIN -HOJA3'!AH140 -> 0
F141: =+'SUMIN -HOJA3'!R141 -> Residencial (UR4) | G141: =+'SUMIN -HOJA3'!X141 -> 0 | I141: =+'SUMIN -HOJA3'!Y141 -> 0 | J141: =+'SUMIN -HOJA3'!Z141 -> 0 | K141: =+'SUMIN -HOJA3'!AA141 -> 0 | L141: =+'SUMIN -HOJA3'!AB141 -> 0 | M141: =+'SUMIN -HOJA3'!AC141 -> 0 | N141: =+'SUMIN -HOJA3'!AD141 -> 0 | O141: =+'SUMIN -HOJA3'!AE141 -> 0 | P141: =+'SUMIN -HOJA3'!AF141 -> 0 | ... R141: =+'SUMIN -HOJA3'!AH141 -> 0
F142: =+'SUMIN -HOJA3'!R142 -> Residencial (UR5) | G142: =+'SUMIN -HOJA3'!X142 -> 0 | I142: =+'SUMIN -HOJA3'!Y142 -> 0 | J142: =+'SUMIN -HOJA3'!Z142 -> 0 | K142: =+'SUMIN -HOJA3'!AA142 -> 0 | L142: =+'SUMIN -HOJA3'!AB142 -> 0 | M142: =+'SUMIN -HOJA3'!AC142 -> 0 | N142: =+'SUMIN -HOJA3'!AD142 -> 0 | O142: =+'SUMIN -HOJA3'!AE142 -> 0 | P142: =+'SUMIN -HOJA3'!AF142 -> 0 | ... R142: =+'SUMIN -HOJA3'!AH142 -> 0
F143: =+'SUMIN -HOJA3'!R143 -> No Residencial (NR1) | G143: =+'SUMIN -HOJA3'!X143 -> 0 | I143: =+'SUMIN -HOJA3'!Y143 -> 0 | J143: =+'SUMIN -HOJA3'!Z143 -> 0 | K143: =+'SUMIN -HOJA3'!AA143 -> 0 | L143: =+'SUMIN -HOJA3'!AB143 -> 0 | M143: =+'SUMIN -HOJA3'!AC143 -> 0 | N143: =+'SUMIN -HOJA3'!AD143 -> 0 | O143: =+'SUMIN -HOJA3'!AE143 -> 0 | P143: =+'SUMIN -HOJA3'!AF143 -> 0 | ... R143: =+'SUMIN -HOJA3'!AH143 -> 0
F144: =+'SUMIN -HOJA3'!R144 -> No Residencial (NR2) | G144: =+'SUMIN -HOJA3'!X144 -> 0 | I144: =+'SUMIN -HOJA3'!Y144 -> 0 | J144: =+'SUMIN -HOJA3'!Z144 -> 0 | K144: =+'SUMIN -HOJA3'!AA144 -> 0 | L144: =+'SUMIN -HOJA3'!AB144 -> 0 | M144: =+'SUMIN -HOJA3'!AC144 -> 0 | N144: =+'SUMIN -HOJA3'!AD144 -> 0 | O144: =+'SUMIN -HOJA3'!AE144 -> 0 | P144: =+'SUMIN -HOJA3'!AF144 -> 0 | ... R144: =+'SUMIN -HOJA3'!AH144 -> 0
F145: =+'SUMIN -HOJA3'!R145 -> No Residencial (U30) | G145: =+'SUMIN -HOJA3'!X145 -> 0 | I145: =+'SUMIN -HOJA3'!Y145 -> 0 | J145: =+'SUMIN -HOJA3'!Z145 -> 0 | K145: =+'SUMIN -HOJA3'!AA145 -> 0 | L145: =+'SUMIN -HOJA3'!AB145 -> 0 | M145: =+'SUMIN -HOJA3'!AC145 -> 0 | N145: =+'SUMIN -HOJA3'!AD145 -> 0 | O145: =+'SUMIN -HOJA3'!AE145 -> 0 | P145: =+'SUMIN -HOJA3'!AF145 -> 0 | ... R145: =+'SUMIN -HOJA3'!AH145 -> 0
F146: =+'SUMIN -HOJA3'!R146 -> No Residencial (Gud) | G146: =+'SUMIN -HOJA3'!X146 -> 0 | I146: =+'SUMIN -HOJA3'!Y146 -> 0 | J146: =+'SUMIN -HOJA3'!Z146 -> 0 | K146: =+'SUMIN -HOJA3'!AA146 -> 0 | L146: =+'SUMIN -HOJA3'!AB146 -> 0 | M146: =+'SUMIN -HOJA3'!AC146 -> 0 | N146: =+'SUMIN -HOJA3'!AD146 -> 0 | O146: =+'SUMIN -HOJA3'!AE146 -> 0 | P146: =+'SUMIN -HOJA3'!AF146 -> 0 | ... R146: =+'SUMIN -HOJA3'!AH146 -> 0
F148: TOTAL | G148: =SUM(G138:G147) -> 0 | I148: =SUM(I138:I147) -> 0 | J148: =SUM(J138:J147) -> 0 | K148: =SUM(K138:K147) -> 0 | L148: =SUM(L138:L147) -> 0 | M148: =SUM(M138:M147) -> 0 | N148: =SUM(N138:N147) -> 0 | O148: =SUM(O138:O147) -> 0 | P148: =+J148+M148 -> 0 | Q148: =+K148+N148 -> 0 | R148: =+L148+O148 -> 0
J151: Energia Facturada (kWh) | M151: Perdidas en la red (kWh) | P151: TOTAL COMPRA
J152: Pico | K152: Valle | L152: Resto | M152: Pico | N152: Valle | O152: Resto | P152: Pico | Q152: Valle | R152: Resto
F153: TIPO | G153: KWH | I153: USUARIOS
F154: =+CONCATENATE('SUMIN -HOJA3'!Q155," (",'SUMIN -HOJA3'!W155,")",) -> Electrod.-B.Volunt.-Residencial (6000-UR1) | G154: =+'SUMIN -HOJA3'!X155 -> 0 | I154: =+'SUMIN -HOJA3'!V155 -> 0 | J154: =+'SUMIN -HOJA3'!Z155 -> 0 | K154: =+'SUMIN -HOJA3'!AA155 -> 0 | L154: =+'SUMIN -HOJA3'!AB155 -> 0 | M154: =+'SUMIN -HOJA3'!AC155 -> 0 | N154: =+'SUMIN -HOJA3'!AD155 -> 0 | O154: =+'SUMIN -HOJA3'!AE155 -> 0 | P154: =+'SUMIN -HOJA3'!AF155 -> 0 | Q154: =+'SUMIN -HOJA3'!AG155 -> 0 | R154: =+'SUMIN -HOJA3'!AH155 -> 0
F155: =+CONCATENATE('SUMIN -HOJA3'!Q156," (",'SUMIN -HOJA3'!W156,")",) -> Electrod.-B.Volunt.-Residencial (6000-UR2) | G155: =+'SUMIN -HOJA3'!X156 -> 0 | I155: =+'SUMIN -HOJA3'!V156 -> 0 | J155: =+'SUMIN -HOJA3'!Z156 -> 0 | K155: =+'SUMIN -HOJA3'!AA156 -> 0 | L155: =+'SUMIN -HOJA3'!AB156 -> 0 | M155: =+'SUMIN -HOJA3'!AC156 -> 0 | N155: =+'SUMIN -HOJA3'!AD156 -> 0 | O155: =+'SUMIN -HOJA3'!AE156 -> 0 | P155: =+'SUMIN -HOJA3'!AF156 -> 0 | Q155: =+'SUMIN -HOJA3'!AG156 -> 0 | R155: =+'SUMIN -HOJA3'!AH156 -> 0
F156: =+CONCATENATE('SUMIN -HOJA3'!Q157," (",'SUMIN -HOJA3'!W157,")",) -> Electrod.-B.Volunt.-Residencial (6000-UR3) | G156: =+'SUMIN -HOJA3'!X157 -> 0 | I156: =+'SUMIN -HOJA3'!V157 -> 0 | J156: =+'SUMIN -HOJA3'!Z157 -> 0 | K156: =+'SUMIN -HOJA3'!AA157 -> 0 | L156: =+'SUMIN -HOJA3'!AB157 -> 0 | M156: =+'SUMIN -HOJA3'!AC157 -> 0 | N156: =+'SUMIN -HOJA3'!AD157 -> 0 | O156: =+'SUMIN -HOJA3'!AE157 -> 0 | P156: =+'SUMIN -HOJA3'!AF157 -> 0 | Q156: =+'SUMIN -HOJA3'!AG157 -> 0 | R156: =+'SUMIN -HOJA3'!AH157 -> 0
F157: =+CONCATENATE('SUMIN -HOJA3'!Q158," (",'SUMIN -HOJA3'!W158,")",) -> Electrod.-B.Volunt.-Residencial (6000-UR4) | G157: =+'SUMIN -HOJA3'!X158 -> 0 | I157: =+'SUMIN -HOJA3'!V158 -> 0 | J157: =+'SUMIN -HOJA3'!Z158 -> 0 | K157: =+'SUMIN -HOJA3'!AA158 -> 0 | L157: =+'SUMIN -HOJA3'!AB158 -> 0 | M157: =+'SUMIN -HOJA3'!AC158 -> 0 | N157: =+'SUMIN -HOJA3'!AD158 -> 0 | O157: =+'SUMIN -HOJA3'!AE158 -> 0 | P157: =+'SUMIN -HOJA3'!AF158 -> 0 | Q157: =+'SUMIN -HOJA3'!AG158 -> 0 | R157: =+'SUMIN -HOJA3'!AH158 -> 0
F158: =+CONCATENATE('SUMIN -HOJA3'!Q159," (",'SUMIN -HOJA3'!W159,")",) -> Electrod.-B.Volunt.-Residencial (6000-UR5) | G158: =+'SUMIN -HOJA3'!X159 -> 0 | I158: =+'SUMIN -HOJA3'!V159 -> 0 | J158: =+'SUMIN -HOJA3'!Z159 -> 0 | K158: =+'SUMIN -HOJA3'!AA159 -> 0 | L158: =+'SUMIN -HOJA3'!AB159 -> 0 | M158: =+'SUMIN -HOJA3'!AC159 -> 0 | N158: =+'SUMIN -HOJA3'!AD159 -> 0 | O158: =+'SUMIN -HOJA3'!AE159 -> 0 | P158: =+'SUMIN -HOJA3'!AF159 -> 0 | Q158: =+'SUMIN -HOJA3'!AG159 -> 0 | R158: =+'SUMIN -HOJA3'!AH159 -> 0
F159: =+CONCATENATE('SUMIN -HOJA3'!Q160," (",'SUMIN -HOJA3'!W160,")",) -> Club-Ent. B. Pub.-Residencial (6500-UR1) | G159: =+'SUMIN -HOJA3'!X160 -> 0 | I159: =+'SUMIN -HOJA3'!V160 -> 0 | J159: =+'SUMIN -HOJA3'!Z160 -> 0 | K159: =+'SUMIN -HOJA3'!AA160 -> 0 | L159: =+'SUMIN -HOJA3'!AB160 -> 0 | M159: =+'SUMIN -HOJA3'!AC160 -> 0 | N159: =+'SUMIN -HOJA3'!AD160 -> 0 | O159: =+'SUMIN -HOJA3'!AE160 -> 0 | P159: =+'SUMIN -HOJA3'!AF160 -> 0 | Q159: =+'SUMIN -HOJA3'!AG160 -> 0 | R159: =+'SUMIN -HOJA3'!AH160 -> 0
F160: =+CONCATENATE('SUMIN -HOJA3'!Q161," (",'SUMIN -HOJA3'!W161,")",) -> Club-Ent. B. Pub.-Residencial (6500-UR2) | G160: =+'SUMIN -HOJA3'!X161 -> 0 | I160: =+'SUMIN -HOJA3'!V161 -> 0 | J160: =+'SUMIN -HOJA3'!Z161 -> 0 | K160: =+'SUMIN -HOJA3'!AA161 -> 0 | L160: =+'SUMIN -HOJA3'!AB161 -> 0 | M160: =+'SUMIN -HOJA3'!AC161 -> 0 | N160: =+'SUMIN -HOJA3'!AD161 -> 0 | O160: =+'SUMIN -HOJA3'!AE161 -> 0 | P160: =+'SUMIN -HOJA3'!AF161 -> 0 | Q160: =+'SUMIN -HOJA3'!AG161 -> 0 | R160: =+'SUMIN -HOJA3'!AH161 -> 0
F161: =+CONCATENATE('SUMIN -HOJA3'!Q162," (",'SUMIN -HOJA3'!W162,")",) -> Club-Ent. B. Pub.-Residencial (6500-UR3) | G161: =+'SUMIN -HOJA3'!X162 -> 0 | I161: =+'SUMIN -HOJA3'!V162 -> 0 | J161: =+'SUMIN -HOJA3'!Z162 -> 0 | K161: =+'SUMIN -HOJA3'!AA162 -> 0 | L161: =+'SUMIN -HOJA3'!AB162 -> 0 | M161: =+'SUMIN -HOJA3'!AC162 -> 0 | N161: =+'SUMIN -HOJA3'!AD162 -> 0 | O161: =+'SUMIN -HOJA3'!AE162 -> 0 | P161: =+'SUMIN -HOJA3'!AF162 -> 0 | Q161: =+'SUMIN -HOJA3'!AG162 -> 0 | R161: =+'SUMIN -HOJA3'!AH162 -> 0
F162: =+CONCATENATE('SUMIN -HOJA3'!Q163," (",'SUMIN -HOJA3'!W163,")",) -> Club-Ent. B. Pub.-Residencial (6500-UR4) | G162: =+'SUMIN -HOJA3'!X163 -> 0 | I162: =+'SUMIN -HOJA3'!V163 -> 0 | J162: =+'SUMIN -HOJA3'!Z163 -> 0 | K162: =+'SUMIN -HOJA3'!AA163 -> 0 | L162: =+'SUMIN -HOJA3'!AB163 -> 0 | M162: =+'SUMIN -HOJA3'!AC163 -> 0 | N162: =+'SUMIN -HOJA3'!AD163 -> 0 | O162: =+'SUMIN -HOJA3'!AE163 -> 0 | P162: =+'SUMIN -HOJA3'!AF163 -> 0 | Q162: =+'SUMIN -HOJA3'!AG163 -> 0 | R162: =+'SUMIN -HOJA3'!AH163 -> 0
F163: =+CONCATENATE('SUMIN -HOJA3'!Q164," (",'SUMIN -HOJA3'!W164,")",) -> Club-Ent. B. Pub.-Residencial (6500-UR5) | G163: =+'SUMIN -HOJA3'!X164 -> 0 | I163: =+'SUMIN -HOJA3'!V164 -> 0 | J163: =+'SUMIN -HOJA3'!Z164 -> 0 | K163: =+'SUMIN -HOJA3'!AA164 -> 0 | L163: =+'SUMIN -HOJA3'!AB164 -> 0 | M163: =+'SUMIN -HOJA3'!AC164 -> 0 | N163: =+'SUMIN -HOJA3'!AD164 -> 0 | O163: =+'SUMIN -HOJA3'!AE164 -> 0 | P163: =+'SUMIN -HOJA3'!AF164 -> 0 | Q163: =+'SUMIN -HOJA3'!AG164 -> 0 | R163: =+'SUMIN -HOJA3'!AH164 -> 0
F164: =+CONCATENATE('SUMIN -HOJA3'!Q165," (",'SUMIN -HOJA3'!W165,")",) -> Club-Ent. B. Pub.-No Residencial (6500-NR1) | G164: =+'SUMIN -HOJA3'!X165 -> 0 | I164: =+'SUMIN -HOJA3'!V165 -> 0 | J164: =+'SUMIN -HOJA3'!Z165 -> 0 | K164: =+'SUMIN -HOJA3'!AA165 -> 0 | L164: =+'SUMIN -HOJA3'!AB165 -> 0 | M164: =+'SUMIN -HOJA3'!AC165 -> 0 | N164: =+'SUMIN -HOJA3'!AD165 -> 0 | O164: =+'SUMIN -HOJA3'!AE165 -> 0 | P164: =+'SUMIN -HOJA3'!AF165 -> 0 | Q164: =+'SUMIN -HOJA3'!AG165 -> 0 | R164: =+'SUMIN -HOJA3'!AH165 -> 0
F165: =+CONCATENATE('SUMIN -HOJA3'!Q166," (",'SUMIN -HOJA3'!W166,")",) -> Club-Ent. B. Pub.-No Residencial (6500-NR2) | G165: =+'SUMIN -HOJA3'!X166 -> 0 | I165: =+'SUMIN -HOJA3'!V166 -> 0 | J165: =+'SUMIN -HOJA3'!Z166 -> 0 | K165: =+'SUMIN -HOJA3'!AA166 -> 0 | L165: =+'SUMIN -HOJA3'!AB166 -> 0 | M165: =+'SUMIN -HOJA3'!AC166 -> 0 | N165: =+'SUMIN -HOJA3'!AD166 -> 0 | O165: =+'SUMIN -HOJA3'!AE166 -> 0 | P165: =+'SUMIN -HOJA3'!AF166 -> 0 | Q165: =+'SUMIN -HOJA3'!AG166 -> 0 | R165: =+'SUMIN -HOJA3'!AH166 -> 0
... F167: =+CONCATENATE('SUMIN -HOJA3'!Q168," (",'SUMIN -HOJA3'!W168,")",) -> Club-Ent. B. Pub.-No Residencial (6500-Gud) | G167: =+'SUMIN -HOJA3'!X168 -> 0 | I167: =+'SUMIN -HOJA3'!V168 -> 0 | J167: =+'SUMIN -HOJA3'!Z168 -> 0 | K167: =+'SUMIN -HOJA3'!AA168 -> 0 | L167: =+'SUMIN -HOJA3'!AB168 -> 0 | M167: =+'SUMIN -HOJA3'!AC168 -> 0 | N167: =+'SUMIN -HOJA3'!AD168 -> 0 | O167: =+'SUMIN -HOJA3'!AE168 -> 0 | P167: =+'SUMIN -HOJA3'!AF168 -> 0 | Q167: =+'SUMIN -HOJA3'!AG168 -> 0 | R167: =+'SUMIN -HOJA3'!AH168 -> 0
F168: =+CONCATENATE('SUMIN -HOJA3'!Q170," (",'SUMIN -HOJA3'!W170,")",) -> Med. Comun.-Asent. Res-Residencial (N2-UR2) | G168: =+'SUMIN -HOJA3'!X170 -> 0 | I168: =+'SUMIN -HOJA3'!V170 -> 0 | J168: =+'SUMIN -HOJA3'!Z170 -> 0 | K168: =+'SUMIN -HOJA3'!AA170 -> 0 | L168: =+'SUMIN -HOJA3'!AB170 -> 0 | M168: =+'SUMIN -HOJA3'!AC170 -> 0 | N168: =+'SUMIN -HOJA3'!AD170 -> 0 | O168: =+'SUMIN -HOJA3'!AE170 -> 0 | P168: =+'SUMIN -HOJA3'!AF170 -> 0 | Q168: =+'SUMIN -HOJA3'!AG170 -> 0 | R168: =+'SUMIN -HOJA3'!AH170 -> 0
F169: =+CONCATENATE('SUMIN -HOJA3'!Q171," (",'SUMIN -HOJA3'!W171,")",) -> Med. Comun.-Asent. Res-Residencial (N2-UR3) | G169: =+'SUMIN -HOJA3'!X171 -> 0 | I169: =+'SUMIN -HOJA3'!V171 -> 0 | J169: =+'SUMIN -HOJA3'!Z171 -> 0 | K169: =+'SUMIN -HOJA3'!AA171 -> 0 | L169: =+'SUMIN -HOJA3'!AB171 -> 0 | M169: =+'SUMIN -HOJA3'!AC171 -> 0 | N169: =+'SUMIN -HOJA3'!AD171 -> 0 | O169: =+'SUMIN -HOJA3'!AE171 -> 0 | P169: =+'SUMIN -HOJA3'!AF171 -> 0 | Q169: =+'SUMIN -HOJA3'!AG171 -> 0 | R169: =+'SUMIN -HOJA3'!AH171 -> 0
F170: =+CONCATENATE('SUMIN -HOJA3'!Q172," (",'SUMIN -HOJA3'!W172,")",) -> Med. Comun.-Asent. Res-Residencial (N2-UR4) | G170: =+'SUMIN -HOJA3'!X172 -> 0 | I170: =+'SUMIN -HOJA3'!V172 -> 0 | J170: =+'SUMIN -HOJA3'!Z172 -> 0 | K170: =+'SUMIN -HOJA3'!AA172 -> 0 | L170: =+'SUMIN -HOJA3'!AB172 -> 0 | M170: =+'SUMIN -HOJA3'!AC172 -> 0 | N170: =+'SUMIN -HOJA3'!AD172 -> 0 | O170: =+'SUMIN -HOJA3'!AE172 -> 0 | P170: =+'SUMIN -HOJA3'!AF172 -> 0 | Q170: =+'SUMIN -HOJA3'!AG172 -> 0 | R170: =+'SUMIN -HOJA3'!AH172 -> 0
F171: =+CONCATENATE('SUMIN -HOJA3'!Q173," (",'SUMIN -HOJA3'!W173,")",) -> Med. Comun.-Asent. Res-Residencial (N2-UR5) | G171: =+'SUMIN -HOJA3'!X173 -> 0 | I171: =+'SUMIN -HOJA3'!V173 -> 0 | J171: =+'SUMIN -HOJA3'!Z173 -> 0 | K171: =+'SUMIN -HOJA3'!AA173 -> 0 | L171: =+'SUMIN -HOJA3'!AB173 -> 0 | M171: =+'SUMIN -HOJA3'!AC173 -> 0 | N171: =+'SUMIN -HOJA3'!AD173 -> 0 | O171: =+'SUMIN -HOJA3'!AE173 -> 0 | P171: =+'SUMIN -HOJA3'!AF173 -> 0 | Q171: =+'SUMIN -HOJA3'!AG173 -> 0 | R171: =+'SUMIN -HOJA3'!AH173 -> 0
F173: TOTAL | G173: =+'SUMIN -HOJA3'!X175 -> 0 | I173: =+'SUMIN -HOJA3'!V175 -> 0 | J173: =+'SUMIN -HOJA3'!Z175 -> 0 | K173: =+'SUMIN -HOJA3'!AA175 -> 0 | L173: =+'SUMIN -HOJA3'!AB175 -> 0 | M173: =+'SUMIN -HOJA3'!AC175 -> 0 | N173: =+'SUMIN -HOJA3'!AD175 -> 0 | O173: =+'SUMIN -HOJA3'!AE175 -> 0 | P173: =+'SUMIN -HOJA3'!AF175 -> 0 | Q173: =+'SUMIN -HOJA3'!AG175 -> 0 | R173: =+'SUMIN -HOJA3'!AH175 -> 0

Sheet Compra -HOJA 1-1-PARA SECCION I
A1: PLANILLA DE TRABAJO INTERNA DTO. NAC. 332-2022 SEGMENTACION DE TARIFAS RESIDENCIALES Y DTO PCIAL 43-2019 TARIFA SOCIAL -USO EXCLUSIVO ASOCIADAS FACE-FECESCOR HOJA Nº1- | AA1: SALDO ENERGIA COMPRADA (kWh)
B2: COOPERATIVA: | AG2: MT | AH2: 0.0148 | AI2: 0.0428 | BI2: A
B3: DIRECCION: | AG3: BT | AH3: 0.0678 | AI3: 0.0973 | BI3: B | BL3: MT | BM3: MT | BN3: 0.0148 | BO3: 0.0428
B4: DECLARACION JURADA CORRESPONDIENTE AL MES DE: | F4: =+'Compra -HOJA1'!F4 -> 45536 | Y4: 37987 | Z4: 31 | BI4: C | BL4: AT | BM4: BT | BN4: 0.0678 | BO4: 0.0973
Y5: 38018 | Z5: 29 | BI5: D
F6: TENSION DE COMPRA | I6: =+'Compra -HOJA1'!I6 -> MT | S6: COEFICIENTES COMPRA ENERGIA | Y6: 38047 | Z6: 31
S7: PICO | T7: RESTO | U7: VALLE | Y7: 38078 | Z7: 30
C8: LECTURA DEL MEDIDOR EN EL PUNTO DE COMPRA | F8: ENERGIA COMPRADA (kWh) | Y8: 38108 | Z8: 31
F9: TOTAL | G9: PICO | H9: RESTO | I9: VALLE | S9: FCP | T9: FCR | U9: FCV | Y9: 38139 | Z9: 30
B10: A | C10: ENERGIA COMPRADA POR LA COOPERATIVA | F10: =SUM(G10:I10) -> 0 | G10: =+'Compra -HOJA1'!G10 -> 0 | H10: =+'Compra -HOJA1'!H10 -> 0 | I10: =+'Compra -HOJA1'!I10 -> 0 | S10: =(G10/SUM(G10:I10)) -> #DIV/0! | T10: =H10/(SUM(G10:I10)) -> #DIV/0! | U10: =I10/(SUM(G10:I10)) -> #DIV/0! | Y10: 38169 | Z10: 31
Y11: 38200 | Z11: 31
C12: VENTA DE ENERGIA A OTRO DISTRIBUIDOR | G12: ENERGIA VENDIDA (kWh) | Y12: 38231 | Z12: 30 | AA12: PICO | AB12: RESTO | AC12: VALLE
G13: PICO | H13: RESTO | I13: VALLE | Y13: 38261 | Z13: 31 | AA13: =(G10-G14-G52-#REF!-G53-#REF!-G67-#REF!-G68-#REF!-#REF!) -> #REF! | AB13: =(H10-H14-H52-#REF!-H53-#REF!-H67-#REF!-H68-#REF!-#REF!) -> #REF! | AC13: =(I10-I14-I52-#REF!-I53-#REF!-I67-#REF!-I68-#REF!-#REF!) -> #REF!
B14: B | C14: ENERGIA VENDIDA POR LA COOPERATIVA A OTRO DISTRIBUIDOR | F14: =SUM(G14:I14) -> 0 | G14: =+'Compra -HOJA1'!G14 -> 0 | H14: =+'Compra -HOJA1'!H14 -> 0 | I14: =+'Compra -HOJA1'!I14 -> 0 | Y14: 38292 | Z14: 30 | AA14: COEFICIENTES DE SALDO ENERGIA
Y15: 38322 | Z15: 31 | AA15: PICO | AB15: RESTO | AC15: VALLE
B17: 1 | C17: CODIGO DE ACTIVIDAD SIN SUBSIDIO | E17: 642020 Servicios de comunicación por medio de teléfono, telégrafo y téfex f"J
B18: 2 | E18: 652130 Servicios de la banca minorista
B19: 3
B20: 4
B21: 5
B22: 6
B23: 7
B24: 8
B25: 9
B26: 10
F27: Luminarias
C28: NOTA 1825 A.PUBLICO | E28: Municipio | F28: Cantidad | G28: Potencia Total Instalada (kW) | H28: Porcentaje de Energía de AP con Medición | I28: Método de Recaudación
B29: 1
B30: 2
B31: 3
B32: 4
B33: 5
B34: 6
B35: 7
B36: 8
B37: 9
B38: 10
L39: PERDIDAS RECONOCIDAS
L40: MT | M40: =+IF(I$6="MT",AH2,AI2) -> 0.0148
L41: BT | M41: =+IF(I$6="MT",AH3,AI3) -> 0.0678
A42: GUMA QUE SE LE PRESTA LA FTT (PEAJE) | F42: TOTAL FACTURADO | G42: ENERGIA VENDIDA (kWh) | J42: SUMATORIA POT MAX REG. INDIVIDUAL KW | K42: CANTIDAD TOTAL DE USUARIOS | L42: PERDIDAS RECONOCIDAS | O42: ENERGIA TOTAL COMPRADA
G43: PICO | H43: RESTO | I43: VALLE | L43: PICO | M43: RESTO | N43: VALLE | O43: PICO | P43: RESTO | Q43: VALLE | R43: TOTAL
A44: PAFTT | B44: C | C44: LECTURA A USUARIOS UFTT EN MT | E44: PEAJE EN MEDIA TENSION | F44: =SUM(G44:I44) -> 0 | L44: =G44*$M$40 -> 0 | M44: =H44*$M$40 -> 0 | N44: =I44*$M$40 -> 0 | O44: =L44+G44 -> 0 | P44: =M44+H44 -> 0 | Q44: =N44+I44 -> 0 | R44: =SUM(O44:Q44) -> 0
B45: E | C45: LECTURA A USUARIOS UFTT EN BT | E45: PEAJE EN BAJA TENSION | F45: =SUM(G45:I45) -> 0 | L45: =G45*$M$41 -> 0 | M45: =H45*$M$41 -> 0 | N45: =I45*$M$41 -> 0 | O45: =L45+G45 -> 0 | P45: =M45+H45 -> 0 | Q45: =N45+I45 -> 0 | R45: =SUM(O45:Q45) -> 0
C46: TOTAL ENERGIA FACTURADA EN CONCEPTO DE PAFTT-PEAJE | F46: =SUM(F44:F45) -> 0 | G46: =SUM(G44:G45) -> 0 | H46: =SUM(H44:H45) -> 0 | I46: =SUM(I44:I45) -> 0 | J46: =SUM(J44:J45) -> 0 | K46: =SUM(K44:K45) -> 0 | L46: =SUM(L44:L45) -> 0 | M46: =SUM(M44:M45) -> 0 | ... R46: =SUM(R44:R45) -> 0
L47: PERDIDAS RECONOCIDAS
A48: USUARIOS >= 300 kW DE DEMANDA | L48: MT | M48: =+M40 -> 0.0148
L49: BT | M49: =+M41 -> 0.0678
C50: USUARIOS DE MAS DE 300 kW DE DEMANDA | G50: ENERGIA VENDIDA (kWh) | J50: SUMATORIA POT MAX REG. INDIVIDUAL KW | K50: CANTIDAD TOTAL DE USUARIOS | L50: PERDIDAS RECONOCIDAS | O50: ENERGIA TOTAL COMPRADA
G51: PICO | H51: RESTO | I51: VALLE | L51: PICO | M51: RESTO | N51: VALLE | O51: PICO | P51: RESTO | Q51: VALLE | R51: TOTAL
A52: Guc | B52: C | C52: LECTURA A USUARIOS EN MT | F52: =SUM(G52:I52) -> 0 | G52: =H715 -> 0 | H52: =I715 -> 0 | I52: =J715 -> 0 | J52: =G715 -> 0 | K52: =G717 -> 0 | L52: =G52*$M$48 -> 0 | M52: =H52*$M$48 -> 0 | N52: =I52*$M$48 -> 0 | O52: =L52+G52 -> 0 | P52: =M52+H52 -> 0 | Q52: =N52+I52 -> 0 | R52: =SUM(O52:Q52) -> 0
B53: C1 | C53: LECTURA A USUARIOS EN MT SIN SUBISIDIO | E53: =E$17 -> 642020 Servicios de comunicación por medio de teléfono, telégrafo y téfex f"J | F53: =SUM(G53:I53) -> 0 | G53: =F745 -> 0 | H53: =G745 -> 0 | I53: =H745 -> 0 | J53: =E745 -> 0 | K53: =D745 -> 0 | L53: =G53*$M$48 -> 0 | M53: =H53*$M$48 -> 0 | N53: =I53*$M$48 -> 0 | O53: =L53+G53 -> 0 | P53: =M53+H53 -> 0 | Q53: =N53+I53 -> 0 | R53: =SUM(O53:Q53) -> 0
B54: C1 | E54: =E$18 -> 652130 Servicios de la banca minorista | F54: =SUM(G54:I54) -> 0 | G54: =F746 -> 0 | H54: =G746 -> 0 | I54: =H746 -> 0 | J54: =E746 -> 0 | K54: =D746 -> 0 | L54: =G54*$M$48 -> 0 | M54: =H54*$M$48 -> 0 | N54: =I54*$M$48 -> 0 | O54: =L54+G54 -> 0 | P54: =M54+H54 -> 0 | Q54: =N54+I54 -> 0 | R54: =SUM(O54:Q54) -> 0
B55: C1 | E55: =E$19 -> 0 | F55: =SUM(G55:I55) -> 0 | G55: =F747 -> 0 | H55: =G747 -> 0 | I55: =H747 -> 0 | J55: =E747 -> 0 | K55: =D747 -> 0 | L55: =G55*$M$48 -> 0 | M55: =H55*$M$48 -> 0 | N55: =I55*$M$48 -> 0 | O55: =L55+G55 -> 0 | P55: =M55+H55 -> 0 | Q55: =N55+I55 -> 0 | R55: =SUM(O55:Q55) -> 0
B56: C1 | E56: =E$20 -> 0 | F56: =SUM(G56:I56) -> 0 | G56: =F748 -> 0 | H56: =G748 -> 0 | I56: =H748 -> 0 | J56: =E748 -> 0 | K56: =D748 -> 0 | L56: =G56*$M$48 -> 0 | M56: =H56*$M$48 -> 0 | N56: =I56*$M$48 -> 0 | O56: =L56+G56 -> 0 | P56: =M56+H56 -> 0 | Q56: =N56+I56 -> 0 | R56: =SUM(O56:Q56) -> 0
B57: C1 | E57: =E$21 -> 0 | F57: =SUM(G57:I57) -> 0 | G57: =F749 -> 0 | H57: =G749 -> 0 | I57: =H749 -> 0 | J57: =E749 -> 0 | K57: =D749 -> 0 | L57: =G57*$M$48 -> 0 | M57: =H57*$M$48 -> 0 | N57: =I57*$M$48 -> 0 | O57: =L57+G57 -> 0 | P57: =M57+H57 -> 0 | Q57: =N57+I57 -> 0 | R57: =SUM(O57:Q57) -> 0
B58: C1 | E58: =E$22 -> 0 | F58: =SUM(G58:I58) -> 0 | G58: =F750 -> 0 | H58: =G750 -> 0 | I58: =H750 -> 0 | J58: =E750 -> 0 | K58: =D750 -> 0 | L58: =G58*$M$48 -> 0 | M58: =H58*$M$48 -> 0 | N58: =I58*$M$48 -> 0 | O58: =L58+G58 -> 0 | P58: =M58+H58 -> 0 | Q58: =N58+I58 -> 0 | R58: =SUM(O58:Q58) -> 0
B59: C1 | E59: =E$23 -> 0 | F59: =SUM(G59:I59) -> 0 | G59: =F751 -> 0 | H59: =G751 -> 0 | I59: =H751 -> 0 | J59: =E751 -> 0 | K59: =D751 -> 0 | L59: =G59*$M$48 -> 0 | M59: =H59*$M$48 -> 0 | N59: =I59*$M$48 -> 0 | O59: =L59+G59 -> 0 | P59: =M59+H59 -> 0 | Q59: =N59+I59 -> 0 | R59: =SUM(O59:Q59) -> 0
B60: C1 | E60: =E$24 -> 0 | F60: =SUM(G60:I60) -> 0 | G60: =F752 -> 0 | H60: =G752 -> 0 | I60: =H752 -> 0 | J60: =E752 -> 0 | K60: =D752 -> 0 | L60: =G60*$M$48 -> 0 | M60: =H60*$M$48 -> 0 | N60: =I60*$M$48 -> 0 | O60: =L60+G60 -> 0 | P60: =M60+H60 -> 0 | Q60: =N60+I60 -> 0 | R60: =SUM(O60:Q60) -> 0
B61: C1 | E61: =E$25 -> 0 | F61: =SUM(G61:I61) -> 0 | G61: =F753 -> 0 | H61: =G753 -> 0 | I61: =H753 -> 0 | J61: =E753 -> 0 | K61: =D753 -> 0 | L61: =G61*$M$48 -> 0 | M61: =H61*$M$48 -> 0 | N61: =I61*$M$48 -> 0 | O61: =L61+G61 -> 0 | P61: =M61+H61 -> 0 | Q61: =N61+I61 -> 0 | R61: =SUM(O61:Q61) -> 0
B62: C1 | E62: =E$26 -> 0 | F62: =SUM(G62:I62) -> 0 | G62: =F750 -> 0 | H62: =G750 -> 0 | I62: =H750 -> 0 | J62: =E754 -> 0 | K62: =D754 -> 0 | L62: =G62*$M$48 -> 0 | M62: =H62*$M$48 -> 0 | N62: =I62*$M$48 -> 0 | O62: =L62+G62 -> 0 | P62: =M62+H62 -> 0 | Q62: =N62+I62 -> 0 | R62: =SUM(O62:Q62) -> 0
E63: TOTAL FACTURADO MT | F63: =SUM(F52:F62) -> 0 | G63: =G52 -> 0 | H63: =H52 -> 0 | I63: =I52 -> 0 | J63: =J52 -> 0 | K63: =K52 -> 0 | L63: =L52 -> 0 | M63: =M52 -> 0 | N63: =N52 -> 0 | ... Q63: =Q52 -> 0 | R63: =SUM(O63:Q63) -> 0
E64: TOTAL FACTURADO SIN SUBSIDIO MT | F64: =SUM(F54:F61) -> 0 | G64: =SUM(G53:G62) -> 0 | H64: =SUM(H53:H62) -> 0 | I64: =SUM(I53:I62) -> 0 | J64: =SUM(J53:J62) -> 0 | K64: =SUM(K53:K62) -> 0 | L64: =SUM(L53:L62) -> 0 | M64: =SUM(M53:M62) -> 0 | N64: =SUM(N53:N62) -> 0 | ... R64: =SUM(R53:R62) -> 0
E65: TOTAL FACTURADO MT | F65: =F64+F63 -> 0 | G65: =G64+G63 -> 0 | H65: =H64+H63 -> 0 | I65: =I64+I63 -> 0 | J65: =J64+J63 -> 0 | K65: =K64+K63 -> 0 | L65: =L64+L63 -> 0 | M65: =M64+M63 -> 0 | ... R65: =R64+R63 -> 0
B67: E | C67: LECTURA A USUARIOS EN BT | F67: =SUM(G67:I67) -> 0 | G67: =H716 -> 0 | H67: =I716 -> 0 | I67: =J716 -> 0 | J67: =G716 -> 0 | K67: =G718 -> 0 | L67: =G67*$M$49 -> 0 | M67: =H67*$M$49 -> 0 | N67: =I67*$M$49 -> 0 | O67: =L67+G67 -> 0 | P67: =M67+H67 -> 0 | Q67: =N67+I67 -> 0 | R67: =SUM(O67:Q67) -> 0
B68: E1 | C68: LECTURA A USUARIOS EN BT SIN SUBSIDIO | E68: =E$17 -> 642020 Servicios de comunicación por medio de teléfono, telégrafo y téfex f"J | F68: =SUM(G68:I68) -> 0 | G68: =F779 -> 0 | H68: =I738 -> 0 | I68: =J738 -> 0 | J68: =E779 -> 0 | K68: =D779 -> 0 | L68: =G68*$M$49 -> 0 | M68: =H68*$M$49 -> 0 | N68: =I68*$M$49 -> 0 | O68: =L68+G68 -> 0 | P68: =M68+H68 -> 0 | Q68: =N68+I68 -> 0 | R68: =SUM(O68:Q68) -> 0
B69: E1 | E69: =E$18 -> 652130 Servicios de la banca minorista | F69: =SUM(G69:I69) -> 0 | G69: =F780 -> 0 | H69: =G780 -> 0 | I69: =H780 -> 0 | J69: =E780 -> 0 | K69: =D780 -> 0 | L69: =G69*$M$49 -> 0 | M69: =H69*$M$49 -> 0 | N69: =I69*$M$49 -> 0 | O69: =L69+G69 -> 0 | P69: =M69+H69 -> 0 | Q69: =N69+I69 -> 0 | R69: =SUM(O69:Q69) -> 0
B70: E1 | E70: =E$19 -> 0 | F70: =SUM(G70:I70) -> 0 | G70: =F781 -> 0 | H70: =G781 -> 0 | I70: =H781 -> 0 | J70: =E781 -> 0 | K70: =D781 -> 0 | L70: =G70*$M$49 -> 0 | M70: =H70*$M$49 -> 0 | N70: =I70*$M$49 -> 0 | O70: =L70+G70 -> 0 | P70: =M70+H70 -> 0 | Q70: =N70+I70 -> 0 | R70: =SUM(O70:Q70) -> 0
B71: E1 | E71: =E$20 -> 0 | F71: =SUM(G71:I71) -> 0 | G71: =F782 -> 0 | H71: =G782 -> 0 | I71: =H782 -> 0 | J71: =E782 -> 0 | K71: =D782 -> 0 | L71: =G71*$M$49 -> 0 | M71: =H71*$M$49 -> 0 | N71: =I71*$M$49 -> 0 | O71: =L71+G71 -> 0 | P71: =M71+H71 -> 0 | Q71: =N71+I71 -> 0 | R71: =SUM(O71:Q71) -> 0
B72: E1 | E72: =E$21 -> 0 | F72: =SUM(G72:I72) -> 0 | G72: =F783 -> 0 | H72: =G783 -> 0 | I72: =H783 -> 0 | J72: =E783 -> 0 | K72: =D783 -> 0 | L72: =G72*$M$49 -> 0 | M72: =H72*$M$49 -> 0 | N72: =I72*$M$49 -> 0 | O72: =L72+G72 -> 0 | P72: =M72+H72 -> 0 | Q72: =N72+I72 -> 0 | R72: =SUM(O72:Q72) -> 0
B73: E1 | E73: =E$22 -> 0 | F73: =SUM(G73:I73) -> 0 | G73: =F784 -> 0 | H73: =G784 -> 0 | I73: =H784 -> 0 | J73: =E784 -> 0 | K73: =D784 -> 0 | L73: =G73*$M$49 -> 0 | M73: =H73*$M$49 -> 0 | N73: =I73*$M$49 -> 0 | O73: =L73+G73 -> 0 | P73: =M73+H73 -> 0 | Q73: =N73+I73 -> 0 | R73: =SUM(O73:Q73) -> 0
B74: E1 | E74: =E$23 -> 0 | F74: =SUM(G74:I74) -> 0 | G74: =F785 -> 0 | H74: =G785 -> 0 | I74: =H785 -> 0 | J74: =E785 -> 0 | K74: =D785 -> 0 | L74: =G74*$M$49 -> 0 | M74: =H74*$M$49 -> 0 | N74: =I74*$M$49 -> 0 | O74: =L74+G74 -> 0 | P74: =M74+H74 -> 0 | Q74: =N74+I74 -> 0 | R74: =SUM(O74:Q74) -> 0
B75: E1 | E75: =E$24 -> 0 | F75: =SUM(G75:I75) -> 0 | G75: =F786 -> 0 | H75: =G786 -> 0 | I75: =H786 -> 0 | J75: =E786 -> 0 | K75: =D786 -> 0 | L75: =G75*$M$49 -> 0 | M75: =H75*$M$49 -> 0 | N75: =I75*$M$49 -> 0 | O75: =L75+G75 -> 0 | P75: =M75+H75 -> 0 | Q75: =N75+I75 -> 0 | R75: =SUM(O75:Q75) -> 0
B76: E1 | E76: =E$25 -> 0 | F76: =SUM(G76:I76) -> 0 | G76: =F787 -> 0 | H76: =G787 -> 0 | I76: =H787 -> 0 | J76: =E787 -> 0 | K76: =D787 -> 0 | L76: =G76*$M$49 -> 0 | M76: =H76*$M$49 -> 0 | N76: =I76*$M$49 -> 0 | O76: =L76+G76 -> 0 | P76: =M76+H76 -> 0 | Q76: =N76+I76 -> 0 | R76: =SUM(O76:Q76) -> 0
B77: E1 | E77: =E$26 -> 0 | F77: =SUM(G77:I77) -> 0 | G77: =F788 -> 0 | H77: =G788 -> 0 | I77: =H788 -> 0 | J77: =E788 -> 0 | K77: =D788 -> 0 | L77: =G77*$M$49 -> 0 | M77: =H77*$M$49 -> 0 | N77: =I77*$M$49 -> 0 | O77: =L77+G77 -> 0 | P77: =M77+H77 -> 0 | Q77: =N77+I77 -> 0 | R77: =SUM(O77:Q77) -> 0
E78: TOTAL FACTURADO BT | F78: =SUM(G78:I78) -> 0 | G78: =G67 -> 0 | H78: =H67 -> 0 | I78: =I67 -> 0 | J78: =J67 -> 0 | K78: =K67 -> 0 | L78: =L67 -> 0 | M78: =M67 -> 0 | N78: =N67 -> 0 | ... R78: =R67 -> 0
E79: TOTAL FACTURADO SIN SUBSIDIO MT | F79: =SUM(G79:I79) -> 0 | G79: =SUM(G68:G77) -> 0 | H79: =SUM(H68:H77) -> 0 | I79: =SUM(I68:I77) -> 0 | J79: =SUM(J68:J77) -> 0 | K79: =SUM(K68:K77) -> 0 | L79: =SUM(L68:L77) -> 0 | M79: =SUM(M68:M77) -> 0 | N79: =SUM(N68:N77) -> 0 | ... R79: =SUM(R68:R77) -> 0
E80: TOTAL FACTURADO EN BT | F80: =SUM(G80:I80) -> 0 | G80: =G79+G78 -> 0 | H80: =H79+H78 -> 0 | I80: =I79+I78 -> 0 | J80: =J79+J78 -> 0 | K80: =K79+K78 -> 0 | L80: =L79+L78 -> 0 | M80: =M79+M78 -> 0 | N80: =N79+N78 -> 0 | ... R80: =R79+R78 -> 0
B81: G | C81: TOTAL DE ENERGIA FACTURADA | F81: =SUM(G81:I81) -> 0 | G81: =G78+G63 -> 0 | H81: =H78+H63 -> 0 | I81: =I78+I63 -> 0 | J81: =J78+J63 -> 0 | K81: =K78+K63 -> 0 | L81: =L78+L63 -> 0 | M81: =M78+M63 -> 0 | N81: =N78+N63 -> 0 | ... R81: =R78+R63 -> 0
B82: G1 | C82: TOTAL ENERGIA SIN SUBSIDIO | F82: =SUM(G82:I82) -> 0 | G82: =G64+G79 -> 0 | H82: =H64+H79 -> 0 | I82: =I64+I79 -> 0 | J82: =J64+J79 -> 0 | K82: =K64+K79 -> 0 | L82: =L64+L79 -> 0 | M82: =M64+M79 -> 0 | N82: =N64+N79 -> 0 | ... R82: =R64+R79 -> 0
C83: TOTAL FACTURADO Guc | F83: =SUM(F81:F82) -> 0 | G83: =G82+G81 -> 0 | H83: =H82+H81 -> 0 | I83: =I82+I81 -> 0 | J83: =J82+J81 -> 0 | K83: =K82+K81 -> 0 | L83: =L82+L81 -> 0 | M83: =M82+M81 -> 0 | N83: =N82+N81 -> 0 | ... R83: =R82+R81 -> 0
A86: USUARIOS CON DEMANDA MAYOR DE 10 Kw Y MENOR QUE 300 kW
C88: USUARIOS CON DEMANDA MAYOR DE 10 kW Y MENOR QUE 300 kW | G88: ENERGIA VENDIDA (kWh) | J88: SUMATORIA POT MAX REG. INDIVIDUAL KW | K88: CANTIDAD TOTAL DE USUARIOS | L88: PERDIDAS RECONOCIDAS | O88: ENERGIA TOTAL COMPRADA
G89: PICO | H89: RESTO | I89: VALLE | L89: PICO | M89: RESTO | N89: VALLE | O89: PICO | P89: RESTO | Q89: VALLE | R89: TOTAL
A90: Gud (>= 30 y <300 Kw) | B90: H | C90: USUARIOS CON MEDICION DE DEMANDA | D90: LECTURA A USUARIOS EN MT | F90: =SUM(G90:I90) -> 0 | G90: =+'Compra -HOJA1'!G36 -> 0 | H90: =+'Compra -HOJA1'!H36 -> 0 | I90: =+'Compra -HOJA1'!I36 -> 0 | J90: =+'Compra -HOJA1'!J36 -> 0 | K90: =+'Compra -HOJA1'!K36 -> 0 | L90: =G90*$M$48 -> 0 | M90: =H90*$M$48 -> 0 | N90: =I90*$M$48 -> 0 | O90: =L90+G90 -> 0 | P90: =M90+H90 -> 0 | Q90: =N90+I90 -> 0 | R90: =SUM(O90:Q90) -> 0
B91: H1 | D91: LECTURA A USUARIOS EN MT SIN SUBISIDIO | E91: =E$17 -> 642020 Servicios de comunicación por medio de teléfono, telégrafo y téfex f"J | F91: =SUM(G91:I91) -> 0 | L91: =G91*$M$48 -> 0 | M91: =H91*$M$48 -> 0 | N91: =I91*$M$48 -> 0 | O91: =L91+G91 -> 0 | P91: =M91+H91 -> 0 | Q91: =N91+I91 -> 0 | R91: =SUM(O91:Q91) -> 0
E92: =E$18 -> 652130 Servicios de la banca minorista | F92: =SUM(G92:I92) -> 0 | L92: =G92*$M$48 -> 0 | M92: =H92*$M$48 -> 0 | N92: =I92*$M$48 -> 0 | O92: =L92+G92 -> 0 | P92: =M92+H92 -> 0 | Q92: =N92+I92 -> 0 | R92: =SUM(O92:Q92) -> 0
E93: =E$19 -> 0 | F93: =SUM(G93:I93) -> 0 | L93: =G93*$M$48 -> 0 | M93: =H93*$M$48 -> 0 | N93: =I93*$M$48 -> 0 | O93: =L93+G93 -> 0 | P93: =M93+H93 -> 0 | Q93: =N93+I93 -> 0 | R93: =SUM(O93:Q93) -> 0
E94: =E$20 -> 0 | F94: =SUM(G94:I94) -> 0 | L94: =G94*$M$48 -> 0 | M94: =H94*$M$48 -> 0 | N94: =I94*$M$48 -> 0 | O94: =L94+G94 -> 0 | P94: =M94+H94 -> 0 | Q94: =N94+I94 -> 0 | R94: =SUM(O94:Q94) -> 0
E95: =E$21 -> 0 | F95: =SUM(G95:I95) -> 0 | L95: =G95*$M$48 -> 0 | M95: =H95*$M$48 -> 0 | N95: =I95*$M$48 -> 0 | O95: =L95+G95 -> 0 | P95: =M95+H95 -> 0 | Q95: =N95+I95 -> 0 | R95: =SUM(O95:Q95) -> 0
E96: =E$22 -> 0 | F96: =SUM(G96:I96) -> 0 | L96: =G96*$M$48 -> 0 | M96: =H96*$M$48 -> 0 | N96: =I96*$M$48 -> 0 | O96: =L96+G96 -> 0 | P96: =M96+H96 -> 0 | Q96: =N96+I96 -> 0 | R96: =SUM(O96:Q96) -> 0
E97: =E$23 -> 0 | F97: =SUM(G97:I97) -> 0 | L97: =G97*$M$48 -> 0 | M97: =H97*$M$48 -> 0 | N97: =I97*$M$48 -> 0 | O97: =L97+G97 -> 0 | P97: =M97+H97 -> 0 | Q97: =N97+I97 -> 0 | R97: =SUM(O97:Q97) -> 0
E98: =E$24 -> 0 | F98: =SUM(G98:I98) -> 0 | L98: =G98*$M$48 -> 0 | M98: =H98*$M$48 -> 0 | N98: =I98*$M$48 -> 0 | O98: =L98+G98 -> 0 | P98: =M98+H98 -> 0 | Q98: =N98+I98 -> 0 | R98: =SUM(O98:Q98) -> 0
E99: =E$25 -> 0 | F99: =SUM(G99:I99) -> 0 | L99: =G99*$M$48 -> 0 | M99: =H99*$M$48 -> 0 | N99: =I99*$M$48 -> 0 | O99: =L99+G99 -> 0 | P99: =M99+H99 -> 0 | Q99: =N99+I99 -> 0 | R99: =SUM(O99:Q99) -> 0
E100: =E$26 -> 0 | F100: =SUM(G100:I100) -> 0 | L100: =G100*$M$48 -> 0 | M100: =H100*$M$48 -> 0 | N100: =I100*$M$48 -> 0 | O100: =L100+G100 -> 0 | P100: =M100+H100 -> 0 | Q100: =N100+I100 -> 0 | R100: =SUM(O100:Q100) -> 0
B101: J | D101: LECTURA A USUARIOS EN BT | F101: =SUM(G101:I101) -> 0 | G101: =+'Compra -HOJA1'!G37 -> 0 | H101: =+'Compra -HOJA1'!H37 -> 0 | I101: =+'Compra -HOJA1'!I37 -> 0 | J101: =+'Compra -HOJA1'!J37 -> 0 | K101: =+'Compra -HOJA1'!K37 -> 0 | L101: =G101*$M$41 -> 0 | M101: =H101*$M$41 -> 0 | N101: =I101*$M$41 -> 0 | O101: =L101+G101 -> 0 | P101: =M101+H101 -> 0 | Q101: =N101+I101 -> 0 | R101: =SUM(O101:Q101) -> 0
B102: J1 | D102: LECTURA A USUARIOS EN BT SIN SUBSIDIO | E102: =E$17 -> 642020 Servicios de comunicación por medio de teléfono, telégrafo y téfex f"J | F102: =SUM(G102:I102) -> 0 | L102: =G102*$M$41 -> 0 | M102: =H102*$M$41 -> 0 | N102: =I102*$M$41 -> 0 | O102: =L102+G102 -> 0 | P102: =M102+H102 -> 0 | Q102: =N102+I102 -> 0 | R102: =SUM(O102:Q102) -> 0 | S102: =L102+L117+L128+L139+L150 -> 0 | T102: =N102+N117+N128+N139+N150 -> 0 | U102: =M102+M117+M128+M139+M150 -> 0 | W102: =K102+K117+K128+K139+K150 -> 0 | X102: =Y102/W102 -> #DIV/0! | Y102: =J102+J117+J128+J139+J150 -> 0
E103: =E$18 -> 652130 Servicios de la banca minorista | F103: =SUM(G103:I103) -> 0 | L103: =G103*$M$41 -> 0 | M103: =H103*$M$41 -> 0 | N103: =I103*$M$41 -> 0 | O103: =L103+G103 -> 0 | P103: =M103+H103 -> 0 | Q103: =N103+I103 -> 0 | R103: =SUM(O103:Q103) -> 0 | S103: =L104+L119+L130+L141+L152 -> 0 | T103: =N104+N119+N130+N141+N152 -> 0 | U103: =M104+M119+M130+M141+M152 -> 0 | W103: =K104+K119+K130+K141+K152 -> 0 | X103: =Y103/W103 -> #DIV/0! | Y103: =J104+J119+J130+J141+J152 -> 0
E104: =E$19 -> 0 | F104: =SUM(G104:I104) -> 0 | L104: =G104*$M$41 -> 0 | M104: =H104*$M$41 -> 0 | N104: =I104*$M$41 -> 0 | O104: =L104+G104 -> 0 | P104: =M104+H104 -> 0 | Q104: =N104+I104 -> 0 | R104: =SUM(O104:Q104) -> 0 | S104: =L106+L121+L132+L143+L154 -> 0 | T104: =N106+N121+N132+N143+N154 -> 0 | U104: =M106+M121+M132+M143+M154 -> 0 | W104: =K106+K121+K132+K143+K154 -> 0 | X104: =Y104/W104 -> #DIV/0! | Y104: =J106+J121+J132+J143+J154 -> 0
E105: =E$20 -> 0 | F105: =SUM(G105:I105) -> 0 | L105: =G105*$M$41 -> 0 | M105: =H105*$M$41 -> 0 | N105: =I105*$M$41 -> 0 | O105: =L105+G105 -> 0 | P105: =M105+H105 -> 0 | Q105: =N105+I105 -> 0 | R105: =SUM(O105:Q105) -> 0
...

Sheet SECCION TSP
A1: PLANILLA DE TRABAJO INTERNA -DICIEMBRE DE 2023 -USO EXCLUSIVO ASOCIADAS FACE-FECESCOR HOJA Nº1- | AA1: SALDO ENERGIA COMPRADA (kWh)
B2: COOPERATIVA: | D2: =+'[1]DATOS DE ENTRADA'!C11 -> COOP CLEMIC | AG2: MT | AH2: 0.0148 | AI2: 0.0428 | BI2: A
B3: DIRECCION: | AG3: BT | AH3: 0.0678 | AI3: 0.0973 | BI3: B | BL3: MT | BM3: MT | BN3: 0.0148 | BO3: 0.0428
B4: DECLARACION JURADA CORRESPONDIENTE AL MES DE: | F4: =+'[1]DATOS DE ENTRADA'!F2 -> 45261 | Y4: 37987 | Z4: 31 | BI4: C | BL4: AT | BM4: BT | BN4: 0.0678 | BO4: 0.0973
A6: USUARIOS CON DEMANDA HASTA 10 kW (NO INCLUYE AºPº)
A8: USUARIOS CON DEMANDA HASTA 10 kW (NO INCLUYE AºPº) | F8: KWH FACTURADO | G8: CANTIDAD TOTAL DE USUARIOS | H8: N2 BASE | I8: N2 EXCEDENTE
B10: UR1 | C10: Tarifa Social Provincial Decreto 43-2019 | D10: HOGARES POBRES O CARENCIADOS- Consumo <= 120 kWh/mes | F10: =+'Compra -HOJA1'!F87 -> 0 | G10: =+'Compra -HOJA1'!G87 -> 0 | H10: =+IF(G10=0,0,IF((F10/G10)<=350,(F10/G10)*G10,350*G10)) -> 0 | I10: =+IF(F10=0,0,IF((F10/G10)<=350,0,IF((F10/G10)>350,F10-(350*G10)))) -> 0 | J10: =SUM(H10:H13) -> 0 | K10: =+I10+I11+I12+I13 -> 0
D11: HOGARES POBRES O CARENCIADOS > 120 kWh/mes y <= 150 kWh/mes | F11: =+'Compra -HOJA1'!F88 -> 0 | G11: =+'Compra -HOJA1'!G88 -> 0 | H11: =+IF(G11=0,0,IF((F11/G11)<=350,(F11/G11)*G11,350*G11)) -> 0 | I11: =+IF(F11=0,0,IF((F11/G11)<=350,0,IF((F11/G11)>350,F11-(350*G11)))) -> 0
D12: HOGARES INDIGENTES: <=120 kWh/mes | F12: =+'Compra -HOJA1'!F89 -> 0 | G12: =+'Compra -HOJA1'!G89 -> 0 | H12: =+IF(G12=0,0,IF((F12/G12)<=350,(F12/G12)*G12,350*G12)) -> 0 | I12: =+IF(F12=0,0,IF((F12/G12)<=350,0,IF((F12/G12)>350,F12-(350*G12)))) -> 0
D13: HOGARES INDIGENTES:- Consumo > 120 kWh/mes y <= 150 kWh/mes | F13: =+'Compra -HOJA1'!F90 -> 0 | G13: =+'Compra -HOJA1'!G90 -> 0 | H13: =+IF(G13=0,0,IF((F13/G13)<=350,(F13/G13)*G13,350*G13)) -> 0 | I13: =+IF(F13=0,0,IF((F13/G13)<=350,0,IF((F13/G13)>350,F13-(350*G13)))) -> 0
B14: UR2 | C14: Tarifa Social Provincial Decreto 43-2019 | D14: HOGARES POBRES O CARENCIADOS -- Consumo > 150 y < =300 kWh/mes | F14: =+'Compra -HOJA1'!F106 -> 0 | G14: =+'Compra -HOJA1'!G106 -> 0 | H14: =+IF(G14=0,0,IF((F14/G14)<=350,(F14/G14)*G14,350*G14)) -> 0 | I14: =+IF(F14=0,0,IF((F14/G14)<=350,0,IF((F14/G14)>350,F14-(350*G14)))) -> 0 | J14: =SUM(H14:H19) -> 0 | K14: =+I14+I15+I16+I17+I18+I19 -> 0
D15: HOGARES POBRES O CARENCIADOS - -Consumo >300 y < =350 kWh/mes | F15: =+'Compra -HOJA1'!F107 -> 0 | G15: =+'Compra -HOJA1'!G107 -> 0 | H15: =+IF(G15=0,0,IF((F15/G15)<=350,(F15/G15)*G15,350*G15)) -> 0 | I15: =+IF(F15=0,0,IF((F15/G15)<=350,0,IF((F15/G15)>350,F15-(350*G15)))) -> 0
D16: HOGARES POBRES O CARENCIADOS - -Consumo >350 y < =500 kWh/mes | F16: =+'Compra -HOJA1'!F108 -> 0 | G16: =+'Compra -HOJA1'!G108 -> 0 | H16: =+IF(G16=0,0,IF((F16/G16)<=350,(F16/G16)*G16,350*G16)) -> 0 | I16: =+IF(F16=0,0,IF((F16/G16)<=350,0,IF((F16/G16)>350,F16-(350*G16)))) -> 0
D17: HOGARES INDIGENTES: - Consumo >150 y <= 300 kWh/mes | F17: =+'Compra -HOJA1'!F110 -> 0 | G17: =+'Compra -HOJA1'!G110 -> 0 | H17: =+IF(G17=0,0,IF((F17/G17)<=350,(F17/G17)*G17,350*G17)) -> 0 | I17: =+IF(F17=0,0,IF((F17/G17)<=350,0,IF((F17/G17)>350,F17-(350*G17)))) -> 0
D18: HOGARES INDIGENTES:- Consumo >300 y <= 350 kWh/mes | F18: =+'Compra -HOJA1'!F111 -> 0 | G18: =+'Compra -HOJA1'!G111 -> 0 | H18: =+IF(G18=0,0,IF((F18/G18)<=350,(F18/G18)*G18,350*G18)) -> 0 | I18: =+IF(F18=0,0,IF((F18/G18)<=350,0,IF((F18/G18)>350,F18-(350*G18)))) -> 0
D19: HOGARES INDIGENTES:- Consumo >350 y <= 500 kWh/mes | F19: =+'Compra -HOJA1'!F112 -> 0 | G19: =+'Compra -HOJA1'!G112 -> 0 | H19: =+IF(G19=0,0,IF((F19/G19)<=350,(F19/G19)*G19,350*G19)) -> 0 | I19: =+IF(F19=0,0,IF((F19/G19)<=350,0,IF((F19/G19)>350,F19-(350*G19)))) -> 0
B20: UR3 | C20: Tarifa Social | D20: HOGARES POBRES O CARENCIADOS - Consumo > 500 y <=700 kWh/mes | F20: =+'Compra -HOJA1'!F133 -> 0 | G20: =+'Compra -HOJA1'!G133 -> 0 | H20: =+IF(G20=0,0,IF((F20/G20)<=350,(F20/G20)*G20,350*G20)) -> 0 | I20: =+IF(F20=0,0,IF((F20/G20)<=350,0,IF((F20/G20)>350,F20-(350*G20)))) -> 0 | J20: =SUM(H20:H21) -> 0 | K20: =SUM(I20:I21) -> 0
D21: HOGARES INDIGENTES - Consumo > 500 y <= 700 kWh/mes | F21: =+'Compra -HOJA1'!F135 -> 0 | G21: =+'Compra -HOJA1'!G135 -> 0 | H21: =+IF(G21=0,0,IF((F21/G21)<=350,(F21/G21)*G21,350*G21)) -> 0 | I21: =+IF(F21=0,0,IF((F21/G21)<=350,0,IF((F21/G21)>350,F21-(350*G21)))) -> 0
B22: UR4 | C22: Tarifa Social | D22: HOGARES POBRES O CARENCIADOS - Consumo > 700 y <= 1400 kWh/mes | F22: =+'Compra -HOJA1'!F148 -> 0 | G22: =+'Compra -HOJA1'!G148 -> 0 | H22: =+IF(G22=0,0,IF((F22/G22)<=350,(F22/G22)*G22,350*G22)) -> 0 | I22: =+IF(F22=0,0,IF((F22/G22)<=350,0,IF((F22/G22)>350,F22-(350*G22)))) -> 0 | J22: =SUM(H22:H23) -> 0 | K22: =SUM(I22:I23) -> 0
D23: HOGARES INDIGENTES- Consumo > 700 y <= 1400 kWh/mes | F23: =+'Compra -HOJA1'!F150 -> 0 | G23: =+'Compra -HOJA1'!G150 -> 0 | H23: =+IF(G23=0,0,IF((F23/G23)<=350,(F23/G23)*G23,350*G23)) -> 0 | I23: =+IF(F23=0,0,IF((F23/G23)<=350,0,IF((F23/G23)>350,F23-(350*G23)))) -> 0
B24: UR5 | C24: Tarifa Social | D24: HOGARES POBRES O CARENCIADOS- Consumo > 1400 kWh/mes | F24: =+'Compra -HOJA1'!F163 -> 0 | G24: =+'Compra -HOJA1'!G163 -> 0 | H24: =+IF(G24=0,0,IF((F24/G24)<=350,(F24/G24)*G24,350*G24)) -> 0 | I24: =+IF(F24=0,0,IF((F24/G24)<=350,0,IF((F24/G24)>350,F24-(350*G24)))) -> 0 | J24: =SUM(H24:H25) -> 0 | K24: =SUM(I24:I25) -> 0
D25: HOGARES INDIGENTES- - Consumo > 1400 kWh/mes | F25: =+'Compra -HOJA1'!F165 -> 0 | G25: =+'Compra -HOJA1'!G165 -> 0 | H25: =+IF(G25=0,0,IF((F25/G25)<=350,(F25/G25)*G25,350*G25)) -> 0 | I25: =+IF(F25=0,0,IF((F25/G25)<=350,0,IF((F25/G25)>350,F25-(350*G25)))) -> 0
A26: TOTAL UR1+UR2+UR3+U4+UR5+NR1+NR2 | F26: =SUM(F10:F25) -> 0 | G26: =SUM(G10:G25) -> 0 | J26: =SUM(J10:J25) -> 0 | K26: =SUM(K10:K25) -> 0 | L26: =+K26+J26 -> 0
I29: ENERGIA FACTURADA (kWh) | L29: PERDIDAS (kWh) | O29: TOTAL ENERGIA COMPRADA
I30: PICO | J30: RESTO | K30: VALLE | L30: PICO | M30: RESTO | N30: VALLE | O30: PICO | P30: RESTO | Q30: VALLE | R30: TOTAL
B31: UR1 | C31: 5040 | D31: Nivel 2 Base- Ingresos bajos | F31: =+J10 -> 0 | G31: =+SUM(G10:G13) -> 0 | I31: =IF(F31=0,0,ROUND($F31*COEF!$J$27,0)) -> 0 | J31: =IF(F31=0,0,ROUND($F31*COEF!$K$27,0)) -> 0 | K31: =IF(F31=0,0,ROUND($F31*COEF!$L$27,0)) -> 0 | L31: =+ROUND(I31*'Compra -HOJA1'!I$395,0) -> 0 | M31: =+ROUND(J31*'Compra -HOJA1'!J$395,0) -> 0 | N31: =+ROUND(K31*'Compra -HOJA1'!K$395,0) -> 0 | O31: =I31+L31 -> 0 | P31: =J31+M31 -> 0 | Q31: =K31+N31 -> 0 | R31: =SUM(O31:Q31) -> 0
B32: UR2 | C32: 5040 | D32: Nivel 2 Base- Ingresos bajos | F32: =+J14 -> 0 | G32: =+G14+G15+G17+G18 -> 0 | I32: =IF(F32=0,0,ROUND($F32*COEF!$J$27,0)) -> 0 | J32: =IF(F32=0,0,ROUND($F32*COEF!$K$27,0)) -> 0 | K32: =IF(F32=0,0,ROUND($F32*COEF!$L$27,0)) -> 0 | L32: =+ROUND(I32*'Compra -HOJA1'!I$395,0) -> 0 | M32: =+ROUND(J32*'Compra -HOJA1'!J$395,0) -> 0 | N32: =+ROUND(K32*'Compra -HOJA1'!K$395,0) -> 0 | O32: =I32+L32 -> 0 | P32: =J32+M32 -> 0 | Q32: =K32+N32 -> 0 | R32: =SUM(O32:Q32) -> 0
C33: 5045 | D33: Nivel 2 - Ingresos bajos-Excedente | F33: =+K14 -> 0 | G33: =+G16+G19 -> 0 | I33: =IF(F33=0,0,ROUND($F33*COEF!$J$27,0)) -> 0 | J33: =IF(F33=0,0,ROUND($F33*COEF!$K$27,0)) -> 0 | K33: =IF(F33=0,0,ROUND($F33*COEF!$L$27,0)) -> 0 | L33: =+ROUND(I33*'Compra -HOJA1'!I$395,0) -> 0 | M33: =+ROUND(J33*'Compra -HOJA1'!J$395,0) -> 0 | N33: =+ROUND(K33*'Compra -HOJA1'!K$395,0) -> 0 | O33: =I33+L33 -> 0 | P33: =J33+M33 -> 0 | Q33: =K33+N33 -> 0 | R33: =SUM(O33:Q33) -> 0
B34: UR3 | C34: 5040 | D34: Nivel 2 Base- Ingresos bajos | F34: =+J20 -> 0 | G34: =+G20+G21 -> 0 | I34: =IF(F34=0,0,ROUND($F34*COEF!$J$27,0)) -> 0 | J34: =IF(F34=0,0,ROUND($F34*COEF!$K$27,0)) -> 0 | K34: =IF(F34=0,0,ROUND($F34*COEF!$L$27,0)) -> 0 | L34: =+ROUND(I34*'Compra -HOJA1'!I$395,0) -> 0 | M34: =+ROUND(J34*'Compra -HOJA1'!J$395,0) -> 0 | N34: =+ROUND(K34*'Compra -HOJA1'!K$395,0) -> 0 | O34: =I34+L34 -> 0 | P34: =J34+M34 -> 0 | Q34: =K34+N34 -> 0 | R34: =SUM(O34:Q34) -> 0
C35: 5045 | D35: Nivel 2 - Ingresos bajos-Excedente | F35: =+K20 -> 0 | G35: =+G34 -> 0 | I35: =IF(F35=0,0,ROUND($F35*COEF!$J$27,0)) -> 0 | J35: =IF(F35=0,0,ROUND($F35*COEF!$K$27,0)) -> 0 | K35: =IF(F35=0,0,ROUND($F35*COEF!$L$27,0)) -> 0 | L35: =+ROUND(I35*'Compra -HOJA1'!I$395,0) -> 0 | M35: =+ROUND(J35*'Compra -HOJA1'!J$395,0) -> 0 | N35: =+ROUND(K35*'Compra -HOJA1'!K$395,0) -> 0 | O35: =I35+L35 -> 0 | P35: =J35+M35 -> 0 | Q35: =K35+N35 -> 0 | R35: =SUM(O35:Q35) -> 0
B36: UR4 | C36: 5040 | D36: Nivel 2 Base- Ingresos bajos | F36: =+J22 -> 0 | G36: =+G20+G21 -> 0 | I36: =IF(F36=0,0,ROUND($F36*COEF!$J$27,0)) -> 0 | J36: =IF(F36=0,0,ROUND($F36*COEF!$K$27,0)) -> 0 | K36: =IF(F36=0,0,ROUND($F36*COEF!$L$27,0)) -> 0 | L36: =+ROUND(I36*'Compra -HOJA1'!I$395,0) -> 0 | M36: =+ROUND(J36*'Compra -HOJA1'!J$395,0) -> 0 | N36: =+ROUND(K36*'Compra -HOJA1'!K$395,0) -> 0 | O36: =I36+L36 -> 0 | P36: =J36+M36 -> 0 | Q36: =K36+N36 -> 0 | R36: =SUM(O36:Q36) -> 0
C37: 5045 | D37: Nivel 2 - Ingresos bajos-Excedente | F37: =+K22 -> 0 | G37: =+G36 -> 0 | I37: =IF(F37=0,0,ROUND($F37*COEF!$J$27,0)) -> 0 | J37: =IF(F37=0,0,ROUND($F37*COEF!$K$27,0)) -> 0 | K37: =IF(F37=0,0,ROUND($F37*COEF!$L$27,0)) -> 0 | L37: =+ROUND(I37*'Compra -HOJA1'!I$395,0) -> 0 | M37: =+ROUND(J37*'Compra -HOJA1'!J$395,0) -> 0 | N37: =+ROUND(K37*'Compra -HOJA1'!K$395,0) -> 0 | O37: =I37+L37 -> 0 | P37: =J37+M37 -> 0 | Q37: =K37+N37 -> 0 | R37: =SUM(O37:Q37) -> 0
B38: UR5 | C38: 5040 | D38: Nivel 2 Base- Ingresos bajos | F38: =+J24 -> 0 | G38: =+G24+G25 -> 0 | I38: =IF(F38=0,0,ROUND($F38*COEF!$J$27,0)) -> 0 | J38: =IF(F38=0,0,ROUND($F38*COEF!$K$27,0)) -> 0 | K38: =IF(F38=0,0,ROUND($F38*COEF!$L$27,0)) -> 0 | L38: =+ROUND(I38*'Compra -HOJA1'!I$395,0) -> 0 | M38: =+ROUND(J38*'Compra -HOJA1'!J$395,0) -> 0 | N38: =+ROUND(K38*'Compra -HOJA1'!K$395,0) -> 0 | O38: =I38+L38 -> 0 | P38: =J38+M38 -> 0 | Q38: =K38+N38 -> 0 | R38: =SUM(O38:Q38) -> 0
C39: 5045 | D39: Nivel 2 - Ingresos bajos-Excedente | F39: =+K24 -> 0 | G39: =+G38 -> 0 | I39: =IF(F39=0,0,ROUND($F39*COEF!$J$27,0)) -> 0 | J39: =IF(F39=0,0,ROUND($F39*COEF!$K$27,0)) -> 0 | K39: =IF(F39=0,0,ROUND($F39*COEF!$L$27,0)) -> 0 | L39: =+ROUND(I39*'Compra -HOJA1'!I$395,0) -> 0 | M39: =+ROUND(J39*'Compra -HOJA1'!J$395,0) -> 0 | N39: =+ROUND(K39*'Compra -HOJA1'!K$395,0) -> 0 | O39: =I39+L39 -> 0 | P39: =J39+M39 -> 0 | Q39: =K39+N39 -> 0 | R39: =SUM(O39:Q39) -> 0
F40: =SUM(F31:F39) -> 0 | G40: =SUM(G31:G39) -> 0 | H40: =+I40+J40+K40 -> 0 | I40: =SUM(I31:I39) -> 0 | J40: =SUM(J31:J39) -> 0 | K40: =SUM(K31:K39) -> 0 | L40: =SUM(L31:L39) -> 0 | M40: =SUM(M31:M39) -> 0 | N40: =SUM(N31:N39) -> 0 | O40: =SUM(O31:O39) -> 0 | P40: =SUM(P31:P39) -> 0 | ... R40: =SUM(R31:R39) -> 0
A44: USUARIOS CON DEMANDA HASTA 10 kW (NO INCLUYE AºPº)
A46: USUARIOS CON DEMANDA HASTA 10 kW (NO INCLUYE AºPº) | F46: KWH FACTURADO | G46: CANTIDAD TOTAL DE USUARIOS | H46: VERIFICADOR (KWH/USUARIO) | I46: VERIFICADOR DATOS
B48: UR1 | C48: Tarifa Social Provincial Decreto 43-2019 (N2) | D48: HOGARES POBRES O CARENCIADOS- Consumo <= 120 kWh/mes | F48: =+'Compra -HOJA1'!F87 -> 0 | G48: =+'Compra -HOJA1'!G87 -> 0 | H48: =+IF(G48=0,"S.D.",IF((F48/G48)<=120,"O.K.","VERIFICAR")) -> S.D. | I48: =+IF(AND(F48>0,G48=0),"FALTA CANT USUARIOS",IF(AND(G48>0,F48=0),"FALTAN KWH FACT"," "))
D49: HOGARES POBRES O CARENCIADOS > 120 kWh/mes y <= 150 kWh/mes | F49: =+'Compra -HOJA1'!F88 -> 0 | G49: =+'Compra -HOJA1'!G88 -> 0 | H49: =+IF(G49=0,"S.D.",IF(AND((F49/G49)>120,(F49/G49)<=150),"O.K.","VERIFICAR")) -> S.D. | I49: =+IF(AND(F49>0,G49=0),"FALTA CANT USUARIOS",IF(AND(G49>0,F49=0),"FALTAN KWH FACT"," "))
D50: HOGARES INDIGENTES: <=120 kWh/mes | F50: =+'Compra -HOJA1'!F89 -> 0 | G50: =+'Compra -HOJA1'!G89 -> 0 | H50: =+IF(G50=0,"S.D.",IF((F50/G50)<=120,"O.K.","VERIFICAR")) -> S.D.
D51: HOGARES INDIGENTES:- Consumo > 120 kWh/mes y <= 150 kWh/mes | F51: =+'Compra -HOJA1'!F90 -> 0 | G51: =+'Compra -HOJA1'!G90 -> 0 | H51: =+IF(G51=0,"S.D.",IF(AND((F51/G51)>120,(F51/G51)<=150),"O.K.","VERIFICAR")) -> S.D. | K51: =SUM(F48:F51) -> 0
C52: Tarifa Social Provincial Decreto 43-2019 (N1) | D52: HOGARES POBRES O CARENCIADOS- Consumo <= 120 kWh/mes | F52: =+'Compra -HOJA1'!F91 -> 0 | G52: =+'Compra -HOJA1'!G91 -> 0 | H52: =+IF(G52=0,"S.D.",IF((F52/G52)<=120,"O.K.","VERIFICAR")) -> S.D. | I52: =+IF(AND(F52>0,G52=0),"FALTA CANT USUARIOS",IF(AND(G52>0,F52=0),"FALTAN KWH FACT"," "))
D53: HOGARES POBRES O CARENCIADOS > 120 kWh/mes y <= 150 kWh/mes | F53: =+'Compra -HOJA1'!F92 -> 0 | G53: =+'Compra -HOJA1'!G92 -> 0 | H53: =+IF(G53=0,"S.D.",IF(AND((F53/G53)>120,(F53/G53)<=150),"O.K.","VERIFICAR")) -> S.D. | I53: =+IF(AND(F53>0,G53=0),"FALTA CANT USUARIOS",IF(AND(G53>0,F53=0),"FALTAN KWH FACT"," "))
D54: HOGARES INDIGENTES: <=120 kWh/mes | F54: =+'Compra -HOJA1'!F93 -> 0 | G54: =+'Compra -HOJA1'!G93 -> 0 | H54: =+IF(G54=0,"S.D.",IF((F54/G54)<=120,"O.K.","VERIFICAR")) -> S.D.
D55: HOGARES INDIGENTES:- Consumo > 120 kWh/mes y <= 150 kWh/mes | F55: =+'Compra -HOJA1'!F94 -> 0 | G55: =+'Compra -HOJA1'!G94 -> 0 | H55: =+IF(G55=0,"S.D.",IF(AND((F55/G55)>120,(F55/G55)<=150),"O.K.","VERIFICAR")) -> S.D.
C56: Tarifa Social Provincial Decreto 43-2019 (N3) | D56: HOGARES POBRES O CARENCIADOS- Consumo <= 120 kWh/mes | F56: =+'Compra -HOJA1'!F95 -> 0 | G56: =+'Compra -HOJA1'!G95 -> 0 | H56: =+IF(G56=0,"S.D.",IF((F56/G56)<=120,"O.K.","VERIFICAR")) -> S.D. | I56: =+IF(AND(F56>0,G56=0),"FALTA CANT USUARIOS",IF(AND(G56>0,F56=0),"FALTAN KWH FACT"," "))
D57: HOGARES POBRES O CARENCIADOS > 120 kWh/mes y <= 150 kWh/mes | F57: =+'Compra -HOJA1'!F96 -> 0 | G57: =+'Compra -HOJA1'!G96 -> 0 | H57: =+IF(G57=0,"S.D.",IF(AND((F57/G57)>120,(F57/G57)<=150),"O.K.","VERIFICAR")) -> S.D. | I57: =+IF(AND(F57>0,G57=0),"FALTA CANT USUARIOS",IF(AND(G57>0,F57=0),"FALTAN KWH FACT"," "))
D58: HOGARES INDIGENTES: <=120 kWh/mes | F58: =+'Compra -HOJA1'!F97 -> 0 | G58: =+'Compra -HOJA1'!G97 -> 0 | H58: =+IF(G58=0,"S.D.",IF((F58/G58)<=120,"O.K.","VERIFICAR")) -> S.D.
D59: HOGARES INDIGENTES:- Consumo > 120 kWh/mes y <= 150 kWh/mes | F59: =+'Compra -HOJA1'!F98 -> 0 | G59: =+'Compra -HOJA1'!G98 -> 0 | H59: =+IF(G59=0,"S.D.",IF(AND((F59/G59)>120,(F59/G59)<=150),"O.K.","VERIFICAR")) -> S.D.
